Workbook

Sheet Salarios OBRA
B2: SALARIOS
B3: PROYECTO: | C3: =+PRESUPUESTO!B4 -> ENSAMBLE, MONTAJE E INSTALACIÓN DE ALUMBRADO NAVIDEÑO (ORNAMENTAL Y DECORATIVO) EN LAS INSTALACIONES DEL PARQUE NATURAL EL GALLINERAL DEL MUNICIPIO DE SAN GIL, SANTANDER
B4: ENTIDAD: | C4: =+PRESUPUESTO!B3 -> INSTITUTO DE CULTURA Y TURISMO SAN GIL
B5: LICALIZACIÓN | C5: SAN GIL, SANTANDER | H5: 45962
B7: DESGLOCE CUADRILLAS
B9: Salario 2026 | C9: 1750905
B10: Aux. Transp. 2026 | C10: 249095
B12: PORCENTAJE PRESTACIONES SOCIALES OBREROS | E12: PORCENTAJE PRESTACIONES SOCIALES PROFESIONALES
B13: Salud | C13: 0.125 | E13: Salud | I13: 0.125
B14: Pensión | C14: 0.16 | E14: Pensión | I14: 0.16
B15: ARL (Riesgo 5) | C15: 0.0696 | E15: ARL (Riesgo 5) | I15: 0.0696
B16: Vacaciones | C16: 0.0417 | E16: Vacaciones | I16: 0.0417
B17: Prima de servicio | C17: 0.0833 | E17: Prima de servicio | I17: 0.0833
B18: Cesantías | C18: 0.0833 | E18: Cesantías | I18: 0.0833
B19: Intereses de cesantías | C19: 0.01 | E19: Intereses de cesantías | I19: 0.01
B20: Sena | C20: 0.02 | E20: Sena | I20: 0.02
B21: ICBF | C21: 0.03 | E21: ICBF | I21: 0.03
B22: Caja de compensación familiar | C22: 0.04 | E22: Caja de compensación familiar | I22: 0.04
B23: Dotacion y EPP (Camisa, pantalon, gafas, tapabocas N95 y botas de seguridad) | C23: 0.1 | E23: Dotacion y EPP (Camisa, pantalon, gafas, tapabocas N95 y botas de seguridad)
B24: Otros (horas extras,auxilios, ect.) | C24: 0.0371 | E24: Otros (horas extras,auxilios, ect.)
B25: TOTAL | C25: =SUM(C13:C24) -> 0.8 | E25: TOTAL | I25: =SUM(I13:I24) -> 0.6629
B27: DESCRIPCION | C27: UND/FACT | D27: CANT. | E27: JORNAL | F27: AUXILIO DE TRANSPORTE | G27: INCREMENTO DIARIO POR DESPLAZAMIENTO | H27: Pres. (80%) | I27: JORNAL TOTAL O VR. UNIT.
B28: M.O. ALBAÑILERIA | C28: FM | F28: =+SUM(F29:F30) -> 16606.333 | G28: =+SUM(G29:G30) -> 0 | H28: =+SUM(H29:H30) -> 149285 | I28: =+SUM(G28:H28) -> 149285
B29: OFICIAL DE OBRA | C29: 1.45 | D29: 1 | E29: =ROUND((((($C$9+$C$10)/30)*C29)*D29),0) -> 96667 | F29: =$C$10/30 -> 8303.1667 | G29: 0 | H29: =ROUND((E29+F29)*$C$25,0) -> 83976 | I29: =+SUM(E29:H29)-F29 -> 180643
B30: AYUDANTE DE OBRA | C30: 1.1 | D30: 1 | E30: =ROUND((((($C$9+$C$10)/30)*C30)*D30),0) -> 73333 | F30: =$C$10/30 -> 8303.1667 | G30: =$G$29 -> 0 | H30: =ROUND((E30+F30)*$C$25,0) -> 65309 | I30: =+SUM(E30:H30)-F30 -> 138642
B32: M.O. PINTURA | C32: FM | F32: =+SUM(F33:F34) -> 16606.333 | G32: =+SUM(G33:G34) -> 0 | H32: =+SUM(H33:H34) -> 162619 | I32: =+SUM(G32:H32) -> 162619
B33: Oficial PINTURA | C33: 1.6 | D33: 1 | E33: =ROUND((((($C$9+$C$10)/30)*C33)*D33),0) -> 106667 | F33: =$C$10/30 -> 8303.1667 | G33: =$G$29 -> 0 | H33: =ROUND((E33+F33)*$C$25,0) -> 91976 | I33: =+SUM(E33:H33)-F33 -> 198643
B34: Ayudante PINTURA | C34: 1.2 | D34: 1 | E34: =ROUND((((($C$9+$C$10)/30)*C34)*D34),0) -> 80000 | F34: =$C$10/30 -> 8303.1667 | G34: =$G$30 -> 0 | H34: =ROUND((E34+F34)*$C$25,0) -> 70643 | I34: =+SUM(E34:H34)-F34 -> 150643
B36: M.O. ELECTRICIDAD | C36: FM | F36: =+SUM(F37:F38) -> 16606.333 | G36: =+SUM(G37:G38) -> 0 | H36: =+SUM(H37:H38) -> 178619 | I36: =+SUM(G36:H36) -> 178619
B37: OFICIAL ELECTRICISTA | C37: 1.75 | D37: 1 | E37: =ROUND((((($C$9+$C$10)/30)*C37)*D37),0) -> 116667 | F37: =$C$10/30 -> 8303.1667 | G37: =$G$29 -> 0 | H37: =ROUND((E37+F37)*$C$25,0) -> 99976 | I37: =+SUM(E37:H37)-F37 -> 216643
B38: AYUDANTE ELECTRICIDAD | C38: 1.35 | D38: 1 | E38: =ROUND((((($C$9+$C$10)/30)*C38)*D38),0) -> 90000 | F38: =$C$10/30 -> 8303.1667 | G38: =$G$29 -> 0 | H38: =ROUND((E38+F38)*$C$25,0) -> 78643 | I38: =+SUM(E38:H38)-F38 -> 168643
B41: DESCRIPCION | D41: SUELDO BASICO | E41: PREST. | F41: V. PREST. | G41: V. APAGAR
B42: Director de Obra | D42: 1600000 | E42: =$I$25 -> 0.6629 | F42: =D42*E42 -> 1060640 | G42: =D42+F42 -> 2660640
B43: Residente de Obra (Ingeniero Civil) | D43: 1750905 | E43: =$I$25 -> 0.6629 | F43: =D43*E43 -> 1160674.9 | G43: =D43+F43 -> 2911579.9
B44: Auxiliar de ingenieria | D44: 2700000 | E44: =$I$25 -> 0.6629 | F44: =D44*E44 -> 1789830 | G44: =D44+F44 -> 4489830
B45: Ingeniero ambiental | D45: 2000000 | E45: =$I$25 -> 0.6629 | F45: =D45*E45 -> 1325800 | G45: =D45+F45 -> 3325800
B46: Ingeniero de apoyo(Especialista en hidraulica) | D46: 3500000 | E46: =$I$25 -> 0.6629 | F46: =D46*E46 -> 2320150 | G46: =D46+F46 -> 5820150
B47: Ingenireo de apoyo(Especialista en estructura) | D47: 3500000 | E47: =$I$25 -> 0.6629 | F47: =D47*E47 -> 2320150 | G47: =D47+F47 -> 5820150
B48: Ingenireo de apoyo(Especialista electrico) | D48: 3000000 | E48: =$I$25 -> 0.6629 | F48: =D48*E48 -> 1988700 | G48: =D48+F48 -> 4988700
B49: Apoyo ingeniería, gestión de calidad y SISO | D49: 1423500 | E49: =$I$25 -> 0.6629 | F49: =D49*E49 -> 943638.15 | G49: =D49+F49 -> 2367138.2
B50: Secretaria | D50: 1100000 | E50: =$I$25 -> 0.6629 | F50: =D50*E50 -> 729190 | G50: =D50+F50 -> 1829190
B51: Contadora | D51: 1500000 | E51: =$I$25 -> 0.6629 | F51: =D51*E51 -> 994350 | G51: =D51+F51 -> 2494350
B52: Vigilancia de materiales y equipos | D52: 1000000 | E52: =$I$25 -> 0.6629 | F52: =D52*E52 -> 662900 | G52: =D52+F52 -> 1662900
B53: Almacenista | D53: =C9+C10 -> 2000000 | E53: =$I$25 -> 0.6629 | F53: =D53*E53 -> 1325800 | G53: =D53+F53 -> 3325800
B54: Conductor vehiculo | D54: 1300000 | E54: =$I$25 -> 0.6629 | F54: =D54*E54 -> 861770 | G54: =D54+F54 -> 2161770
B55: Director de Obra | D55: 1600000 | E55: =$I$25 -> 0.6629 | F55: =D55*E55 -> 1060640 | G55: =D55+F55 -> 2660640
B56: Profesional en Seguridad y Salud en el Trabajo | D56: 1750905 | E56: =$I$25 -> 0.6629 | F56: =D56*E56 -> 1160674.9 | G56: =D56+F56 -> 2911579.9
B57: Maestro de obra | D57: 1750905 | E57: =$I$25 -> 0.6629 | F57: =D57*E57 -> 1160674.9 | G57: =D57+F57 -> 2911579.9
B60: Se asumen factores multiplicadores por cada una de las diferentes actividades de las cuadrilas, según el nivel de dificultad de la labor desarrollada y tomando en cuenta el conocimiento para la ejecucion de cada actividad.

Sheet PRESUPUESTO
A2: SAN GIL SANTANDER
A3: ENTIDAD | B3: INSTITUTO DE CULTURA Y TURISMO SAN GIL
A4: PROYECTO: | B4: ENSAMBLE, MONTAJE E INSTALACIÓN DE ALUMBRADO NAVIDEÑO (ORNAMENTAL Y DECORATIVO) EN LAS INSTALACIONES DEL PARQUE NATURAL EL GALLINERAL DEL MUNICIPIO DE SAN GIL, SANTANDER
A6: ITEM | B6: DESCRIPCION | C6: UNID | D6: CANT | E6: Vr. UNITARIO | F6: Vr. PARCIAL
A7: ENTRADA | F7: =F9+F8 -> 1261759
A8: 1.1 | B8: Servicio de instalacion de Arcos metalicos de 2,5 mts de alto | C8: UND | D8: 8 | E8: ='1.1'!M42 -> 143751 | F8: =D8*E8 -> 1150008
A9: 1.2 | B9: Ubicación y conexión electrica de tarjeta navideña del municipio. | C9: UND | D9: 1 | E9: ='1.2'!M42 -> 111751 | F9: =D9*E9 -> 111751
A10: PUENTE ENTRADA | F10: =F11+F12+F13 -> 2241584
A11: 2.1 | B11: Suministro e instalacion de la Decoracion de cuatro (4) ramas de arbol central del puente, con luces tipo lluvia color calida. Voltaje 110 v, color cable cristal.Extension de 10 mts | C11: UND | D11: 4 | E11: =+'2.1'!M42 -> 223996 | F11: =D11*E11 -> 895984
A12: 2.2 | B12: Instalacion de Estructura metalica en forma de regalo, forrado con tela bombril, colores dorado y rojo. Voltaje de 110 voltios. Incrustada en matera existente. | C12: UND | D12: 4 | E12: ='2.3'!M42 -> 168200 | F12: =D12*E12 -> 672800
A13: 2.3 | B13: Suministro e instalacion de extension tipo lluvia, en el perimetro lineal derecho e izquierdo del puente. Extension de 10 mts. Perimetro total a cubrir 40 mts. | C13: UND | D13: 4 | E13: ='2.3'!M42 -> 168200 | F13: =D13*E13 -> 672800
A14: ROTONDA | F14: =F15+F16+F17+F18+F19+F20+F21+F22 -> 27369942
A15: 3.1 | B15: Suministro e instalacion de Estructura metalica en varilla de 7 mm; en forma de Reno y forrado en tela bombril dorada; con iluminacion de luz led calida, voltaje 110 v. medida Altura maxima 1,20 mts. | C15: UND | D15: 2 | E15: ='3.1'!M42 -> 575357 | F15: =D15*E15 -> 1150714
A16: 3.2 | B16: Suministro e instalacion de Estructura metalica en varilla de 7 mm; en forma de regalo, medidas 70 cms, forrado con tela bombril, colores dorado y rojo e iluminado con luz le calida. 110 voltios, color cable cristal. | C16: UND | D16: 10 | E16: ='3.2'!M42 -> 291218 | F16: =D16*E16 -> 2912180
A17: 3.3 | B17: Suministro e instalacion de Estructura metalica en varilla de 7 mm; en forma de estrella , medidas 60 cms, forrado con tela bombril, colores dorado e iluminado con luz le calida. 110 voltios, color cable cristal. | C17: UND | D17: 24 | E17: ='3.3.'!M42 -> 441933 | F17: =D17*E17 -> 10606392
A18: 3.4 | B18: Suministro e instalacion de Estructura metalica en varilla de 7 mm; en forma de estrella , medidas 90 cms, forrado con tela bombril, colores dorado e iluminado con luz le calida. 110 voltios, color cable cristal. | C18: UND | D18: 15 | E18: ='3.4'!M42 -> 400628 | F18: =D18*E18 -> 6009420
A19: 3.5 | B19: Suministro e instalacion de Farol metalico de piso, tubo altura 2,20 mts. Incluye bombillo led luz calida.Incluye bombillo decorativo le, luz calida. Voltaje 4 v.color negro | C19: UND | D19: 7 | E19: ='3.5'!M42 -> 354128 | F19: =E19*D19 -> 2478896
A20: 3.6 | B20: Suministro de Planta navideña floreada con matera negra plastica | C20: UND | D20: 20 | E20: ='3.6'!M42 -> 26373 | F20: =D20*E20 -> 527460
A21: 3.7 | B21: Iluminacion de arbol con luz lineal calida. Suministro e Instalacion de extension lineal de 100 mts. Voltaje 110 v. cable color cristal. Altura a iluminar 6 (seis) mts de altur | C21: UND | D21: 7 | E21: ='3.7'!M42 -> 305128 | F21: =D21*E21 -> 2135896
A22: 3.8 | B22: Adecuacion que incluye Pintura de estructura metalica, tapizado de las sillas,suministro e instalacion de dos faroles con sus bombillos. Decoracion con follaje y flores navideñas en la cubierta y Suministro e instalacion de Letrereo en Madera y pintura para exterior con Mensaje "NAVIDAD EN EL GALLINERAL" | C22: UND | D22: 1 | E22: ='3.8'!M44 -> 1548984 | F22: =D22*E22 -> 1548984
A23: TUNEL DEL AMOR | F23: =F24 -> 1724400
A24: 4 | B24: Suministro e intalacion de Luz lineal calida, instalada en forma de arco, 6 (seis) metros cada uno. voltaje 110 . | C24: UND | D24: 48 | E24: ='4.1'!M42 -> 35925 | F24: =D24*E24 -> 1724400
A25: PARQUE FUENTES | F25: =F26+F27+F28+F29+F30+F31 -> 2884641
A26: 5.1 | B26: Suministro e Instalacion de faroles metalicos color negro en cada fuente. Incluye bombillo decorativo luz led calida. Voltaje 4 v. | C26: UND | D26: 5 | E26: ='5.1'!M43 -> 115032 | F26: =D26*E26 -> 575160
A27: 5.2 | B27: Suministro e instalacion de luz lineal calida para las plantas de las fuentes. Extension de 6 mts color cable verde. 110 voltios v. | C27: UND | D27: 5 | E27: ='5.2'!M43 -> 49521 | F27: =D27*E27 -> 247605
A28: 5.3 | B28: Pintura del techo y las lamina de las fuentes en colores navideños.(incluido en el Item de Mano de Obra) | C28: UND | D28: 5 | E28: ='5.3'!M43 -> 177140 | F28: =D28*E28 -> 885700
A29: 5.4 | B29: Suministro e instalacion de lampara de Luces indirectas para jardin. Luz calida. Voltaje 5 v. | C29: UND | D29: 2 | E29: ='5.4'!M43 -> 81094 | F29: =D29*E29 -> 162188
A30: 5.5 | B30: Suministro de planta Ponsetias enmatera negra plastica; para darle volumen y color navideño arreglo central | C30: UND | D30: 3 | E30: ='5.5'!M43 -> 26636 | F30: =D30*E30 -> 79908
A31: 5.6 | B31: Suministro e instalacion de Farol metalico de piso, tubo altura 2,20 mts. Incluye bombillo led luz calida.Incluye bombillo decorativo le, luz calida. Voltaje 4 v.color negro. | C31: UND | D31: 4 | E31: ='8.1'!M45 -> 233520 | F31: =D31*E31 -> 934080
A32: ILUMINACION IGUANA | F32: =F33+F34 -> 1245504
A33: 6.1 | B33: Suministro e instalacion de Reflectores de colores alrededor de la iguana.RGB 50 w. Voltaje 110 v | C33: UND | D33: 2 | E33: ='6.1'!M42 -> 103867 | F33: =D33*E33 -> 207734
A34: 6.2 | B34: Orillo de la Isla de la iguana iluminado con el Suministro e instalacion de cinta led calida. Area total 100 mts. | C34: UND | D34: 1 | E34: ='6.2'!M42 -> 1037770 | F34: =D34*E34 -> 1037770
A35: MATRIMONIO FELIZ | F35: =F36+F37+F38+F39 -> 839592
A36: 7.1 | B36: Suministro e instalacion de Reflectores RGB de 50 w. 110 v. | C36: UND | D36: 3 | E36: ='7.1'!M42 -> 102887 | F36: =E36*D36 -> 308661
A37: 7.2 | B37: Sumnistro de Planta ponsetias en matera plastica negra, ubicadas Alrededor de la banca . | C37: UND | D37: 10 | E37: ='5.5'!M43 -> 26636 | F37: =D37*E37 -> 266360
A38: 7.3 | B38: Instalacion de reflectores | C38: UND | D38: 2 | E38: ='7.3'!M42 -> 76410 | F38: =D38*E38 -> 152820
A39: 7.4 | B39: Ubicación y conexión de tarjeta navideña del municipio. | C39: UND | D39: 1 | E39: ='1.2'!M42 -> 111751 | F39: =D39*E39 -> 111751
A40: SENDERO A LA PLAYA | F40: =F41+F42 -> 4782151
A41: 8.1 | B41: Suministro e instalacion de faroles metalicos colgantes color negro, descolgados por la mitad del sendero. Area total 200 mts | C41: UND | D41: 20 | E41: ='8.1'!M45 -> 233520 | F41: =D41*E41 -> 4670400
A42: 8.2 | B42: Ubicación y conexión electrica de tarjeta navideña del municipio. | C42: UND | D42: 1 | E42: ='1.2'!M42 -> 111751 | F42: =D42*E42 -> 111751
A43: AREA DE LA PLAYA | F43: =F44+F45+F46+F47+F48+F49+F50 -> 2549700
A44: 9.1 | B44: Iluminacion de dos arboles al ingresar a la playa, con Luz lluvia led calida. Incluye el suministro e instalacion de 4 extensiones de 10 mts; tipo lluvia caida de 60 cms. | C44: UND | D44: 1 | E44: ='9.1'!M44 -> 1021256 | F44: =D44*E44 -> 1021256
A45: 9.2 | B45: Iluminacion con extension de luz led lineal calida. Incluye Suministro e instalacion de extension lineal de 100 mts | C45: UND | D45: 1 | E45: ='9.2'!M44 -> 488934 | F45: =D45*E45 -> 488934
A46: 9.3 | B46: Suministro e instalacion de reflector RGB de 50 vatios | C46: UND | D46: 2 | E46: ='9.3'!M44 -> 103570 | F46: =D46*E46 -> 207140
A47: 9.4 | B47: Adecuacion e instalacion electrica de iguanas en el area de la playa. | C47: UND | D47: 2 | E47: ='9.4'!M44 -> 132986 | F47: =D47*E47 -> 265972
A48: 9.5 | B48: Iluminacion luz lluvia led calida, que descuelgue sobre la vegetacion del tronco.Incluye Suministro e instalacion de extension lluvia de 10 mts, con caida de 60 cms. | C48: UND | D48: 1 | E48: ='2.1'!M42 -> 223996 | F48: =D48*E48 -> 223996
A49: 9.6 | B49: Adecuacion, vestida con tela bombril e instalacion electrica sobre el tronco tumbado. | C49: UND | D49: 1 | E49: ='9.6'!M44 -> 230651 | F49: =D49*E49 -> 230651
A50: 9.7 | B50: Ubicación y conexión electrica de tarjeta navideña del municipio. | C50: UND | D50: 1 | E50: ='1.2'!M42 -> 111751 | F50: =D50*E50 -> 111751
A51: PLAZOLETA DE LA PLAYA | F51: =F52+F53 -> 278647
A52: 10.1 | B52: Punto de conexión a red electrica a 110 voltios, para montajes de decoraciones institucionales. En cable numero 6 aluminio aislado. | C52: UND | D52: 2 | E52: ='10.1'!M42 -> 83448 | F52: =D52*E52 -> 166896
A53: 10.2 | B53: Ubicación y conexión electrica de tarjeta navideña del municipio. | C53: UND | D53: 1 | E53: ='1.2'!M42 -> 111751 | F53: =D53*E53 -> 111751
A54: MEDIA TORTA | F54: =F55 -> 5555560
A55: 11.1 | B55: Armar estructura aerea para descolgar, hacer las conexiones electricas e instalar cuarenta (40) medusas existentes del parque. | C55: UND | D55: 40 | E55: ='11.1'!M46 -> 138889 | F55: =D55*E55 -> 5555560
A56: SENDERO REGRESO | F56: =F59+F58+F57 -> 5088031
A57: 12.1 | B57: Sendero iluminado con el suministro e instalacion de faroles colgantes por la mitad. | C57: UND | D57: 15 | E57: ='12.1'!M43 -> 238002 | F57: =D57*E57 -> 3570030
A58: 12.2 | B58: Ubicación e instalacion de figuras de hongos del Municipio. | C58: UND | D58: 10 | E58: ='12.2'!M43 -> 140625 | F58: =D58*E58 -> 1406250
A59: 12.3 | B59: Ubicación y conexión electrica de tarjeta navideña del municipio. | C59: UND | D59: 1 | E59: ='1.2'!M42 -> 111751 | F59: =D59*E59 -> 111751
A60: PLAZOLETA COLIBRI | F60: =F62+F61 -> 1304564
A61: 13.1 | B61: Instalar y conexión electrica de flores del Municipio en el contorno de la rotonda. | C61: UND | D61: 10 | E61: ='13.1'!M43 -> 110124 | F61: =D61*E61 -> 1101240
A62: 13.2 | B62: Sumnistrar e instalar cinta neo flex luz de color en las alas y la cola del colibri y en el centro de la flor. | C62: UND | D62: 1 | E62: ='13.2'!M43 -> 203324 | F62: =D62*E62 -> 203324
A63: TIENDA DE SOUVENIRS | F63: =F64+F65 -> 584422
A64: 14.1 | B64: Suministro e instalacion de extension lluvia de 10 mts de Luz led calida en el contorno total del techo.. | C64: UND | D64: 3 | E64: ='14.1'!M43 -> 157557 | F64: =D64*E64 -> 472671
A65: 14.2 | B65: Ubicación y conexión de tarjeta navideña del municipio. | C65: UND | D65: 1 | E65: ='1.2'!M42 -> 111751 | F65: =D65*E65 -> 111751
A66: CAMINO A LA PISCINA | F66: =F67+F68 -> 692615
A67: 15.1 | B67: Instalacion y conexiones electricas de reflector en arbol del lateral de la piscina de niños. | C67: UND | D67: 1 | E67: ='15.1'!M43 -> 143114 | F67: =D67*E67 -> 143114
A68: 15.2 | B68: Instalacion y conexión electricas para cascabeles del municipio, en el area trasera de la tienda de souvenirs. | C68: UND | D68: 3 | E68: ='15.2'!M43 -> 183167 | F68: =D68*E68 -> 549501
A69: PISCINA | F69: =F70 -> 143114
A70: 16.1 | B70: Instalacion y conexión electrica de reflector paara iluminar jardin en el area interior de la piscina | C70: UND | D70: 1 | E70: ='15.1'!M43 -> 143114 | F70: =D70*E70 -> 143114
A71: PUENTE | F71: =F74+F73+F72 -> 3191674
A72: 17.1 | B72: Suministro e instalacion electrica de extension de 10 mts Luz led lluvia calida en el contorno total del techo. Caida de 60 cms. | C72: UND | D72: 6 | E72: ='14.1'!M43 -> 157557 | F72: =E72*D72 -> 945342
A73: 17.2 | B73: Suministro e inatalacion electrica de Reflectores RGB dirigidos a los tres cauces que pasan por debajo del puente | C73: UND | D73: 3 | E73: ='17.2'!M43 -> 237136 | F73: =D73*E73 -> 711408
A74: 17.3 | B74: Suministro e instalacion de cinta LED de 2 mts luz calida y arreglos con moño rojo de 23 cms x 26 cms de largo y follaje verde y pin navideño. Incluye dos arreglos navidelos por cada par de columnas | C74: UND | D74: 4 | E74: ='17.3'!M43 -> 383731 | F74: =D74*E74 -> 1534924
A75: PLAZOLETA DE LOS PUENTES | F75: =F80+F79+F78+F77+F76 -> 2209958
A76: 18.1 | B76: Suministro e instalacion electrica de mini spot led exterior luz calida 5 vatios. | C76: UND | D76: 8 | E76: ='18.1'!M43 -> 101313 | F76: =D76*E76 -> 810504
A77: 18.2 | B77: suministro de bombillo y conexión de faroles colgantes. | C77: UND | D77: 12 | E77: ='18.2'!M43 -> 49797 | F77: =D77*E77 -> 597564
A78: 18.3 | B78: Suministro e instalacion de reflectores de luces RGB de 10 vatios para el jardin posterior a cada fachada | C78: UND | D78: 6 | E78: ='18.3'!M43 -> 64711 | F78: =D78*E78 -> 388266
A79: 18.4 | B79: Suministro de plantas ponsetias | C79: UND | D79: 4 | E79: ='18.4'!M43 -> 25265 | F79: =D79*E79 -> 101060
A80: 18.5 | B80: Suministro e instalacion de lampara de indirecta para jardin luz calida de 5 w | C80: UND | D80: 3 | E80: ='18.5'!M43 -> 104188 | F80: =D80*E80 -> 312564
A81: SEGUNDO PUENTE | F81: =F82+F83+F84 -> 778595
A82: 19.1 | B82: suministro e instalacion de extension de 10 mts Luz led lluvia calida en el contorno total del techo. Caida 60 cms. | C82: UND | D82: 3 | E82: ='14.1'!M43 -> 157557 | F82: =D82*E82 -> 472671
A83: 19.2 | B83: Suministro e instalacion de reflector de 10 vatios de luz calida | C83: UND | D83: 2 | E83: ='19.2'!M43 -> 52047 | F83: =D83*E83 -> 104094
A84: 19.3 | B84: Suministro e instalacion de cinta led calida en la viga superior Medida 2 mts | C84: UND | D84: 5 | E84: ='19.3'!M43 -> 40366 | F84: =D84*E84 -> 201830
A85: TODAS LAS AREAS | F85: =F86+F87 -> 2472470
A86: 20.1 | B86: Suministro e instalacion de reflector de 10 vatios de luz calidaPara uso en diversas areas que requierean iluminacion | C86: UND | D86: 10 | E86: ='19.2'!M43 -> 52047 | F86: =D86*E86 -> 520470
A87: 20.2 | B87: cable DRO | C87: UND | D87: 8 | E87: ='20.2'!M43 -> 244000 | F87: =D87*E87 -> 1952000
A88: TOTAL COSTOS DIRECTOS | F88: =F7+F10+F14+F23+F25+F32+F35+F40+F43+F51+F54+F56+F60+F63+F66+F69+F71+F75+F81+F85 -> 67198923
B89: ADMINISTRACION | E89: 0.29 | F89: =$F$88*E89 -> 19487688
B90: IMPREVISTOS | E90: 0.01 | F90: =$F$88*E90 -> 671989.23
B91: UTILIDAD | E91: 0.05 | F91: =$F$88*E91 -> 3359946.2
B92: TOTAL A.I.U | E92: =SUM(E89:E91) -> 0.35 | F92: =F88*E92 -> 23519623
B93: COSTO TOTAL DE LA OBRA | F93: =+F92+F88 -> 90718546

Sheet 1.1
A2: ANALISIS DE PRECIOS UNITARIOS
A3: ENTIDAD | D3: =+PRESUPUESTO!B3 -> INSTITUTO DE CULTURA Y TURISMO SAN GIL
A4: PROYECTO: | D4: =+PRESUPUESTO!B4 -> ENSAMBLE, MONTAJE E INSTALACIÓN DE ALUMBRADO NAVIDEÑO (ORNAMENTAL Y DECORATIVO) EN LAS INSTALACIONES DEL PARQUE NATURAL EL GALLINERAL DEL MUNICIPIO DE SAN GIL, SANTANDER
A5: =+[1]AIU!$B$6 -> PROCESO
A6: LOCALIZACION: | D6: =[2]INFORMACION!$A$6 -> SAN GIL, SANTANDER | H6: FECHA: | I6: 46296
A8: ITEM | B8: DESCRIPCIÓN | K8: UNIDAD | M8: CANTIDAD
A9: =+PRESUPUESTO!A8 -> 1.1 | B9: =+PRESUPUESTO!B8 -> Servicio de instalacion de Arcos metalicos de 2,5 mts de alto | K9: =+PRESUPUESTO!C8 -> UND | M9: =+PRESUPUESTO!D8 -> 8
A10: I. EQUIPO
A13: DESCRIPCIÓN | F13: MARCA | H13: TIPO | J13: TARIFA/HORA | K13: RENDIMIENTO | M13: Vr. UNITARIO
A14: HERRAMIENTA MENOR | J14: 65800 | K14: 0.1 | M14: =J14*K14 -> 6580
A15: =+PRECIOS!C14 -> TALADRO (electrico) | J15: =+PRECIOS!J14 -> 50000 | K15: 8 | M15: =+J15/K15 -> 6250
A17: SUBTOTAL $ | M17: =SUM(M14:M16) -> 12830
A18: II. MATERIALES
A21: DESCRIPCIÓN | I21: UNIDAD | J21: CANTIDAD | K21: PRECIO UNIT. | M21: Vr. UNITARIO
M22: =J22*K22 -> 0
A24: SUBTOTAL $ | M24: =SUM(M22:M23) -> 0
A25: III. TRANSPORTES
A28: MATERIAL | H28: VOL. o PESO | I28: DISTANCIA/RENDIMIENTO | J28: M3 o Ton/Km | K28: TARIFA | M28: Vr. UNITARIO
A29: =+PRECIOS!C21 -> TRANSPORTE TIPO ACARREO | H29: 1 | I29: 0.5 | K29: =+PRECIOS!J21 -> 80000 | M29: =+K29*I29*H29 -> 40000
A31: SUBTOTAL $ | M31: =SUM(M29:M30) -> 40000
A32: IV. MANO DE OBRA
A35: TRABAJADOR | G35: CANT. | H35: JORNAL | I35: PRESTACIONES | J35: JORNAL TOTAL | K35: RENDIMIENTO | M35: Vr. UNITARIO
A36: =+PRECIOS!C30 -> OFICIAL ELECTRICISTA | G36: 1 | H36: =VLOOKUP(A36,'Salarios OBRA'!$B$7:$I$58,4,FALSE) -> 116667 | I36: =VLOOKUP(A36,'Salarios OBRA'!$B$7:$I$58,7,FALSE) -> 99976 | J36: =+I36+H36 -> 216643 | K36: 5 | M36: =J36/K36 -> 43328.6
A37: =+PRECIOS!C31 -> AYUDANTE ELECTRICIDAD | G37: 1 | H37: =VLOOKUP(A37,'Salarios OBRA'!$B$7:$I$58,4,FALSE) -> 90000 | I37: =VLOOKUP(A37,'Salarios OBRA'!$B$7:$I$58,7,FALSE) -> 78643 | J37: =+I37+H37 -> 168643 | K37: 5 | M37: =J37/K37 -> 33728.6
A38: =+PRECIOS!C27 -> AYUDANTE DE OBRA | G38: 1 | H38: =VLOOKUP(A38,'Salarios OBRA'!$B$7:$I$58,4,FALSE) -> 73333 | I38: =VLOOKUP(A38,'Salarios OBRA'!$B$7:$I$58,7,FALSE) -> 65309 | J38: =+I38+H38 -> 138642 | K38: 10 | M38: =J38/K38 -> 13864.2
A40: SUBTOTAL $ | M40: =SUM(M36:M39) -> 90921.4
A42: TOTAL COSTO | M42: =ROUND(M40+M31+M24+M17,0) -> 143751

Sheet 1.2
A2: ANALISIS DE PRECIOS UNITARIOS
A3: ENTIDAD | D3: =+PRESUPUESTO!B3 -> INSTITUTO DE CULTURA Y TURISMO SAN GIL
A4: PROYECTO: | D4: =+PRESUPUESTO!B4 -> ENSAMBLE, MONTAJE E INSTALACIÓN DE ALUMBRADO NAVIDEÑO (ORNAMENTAL Y DECORATIVO) EN LAS INSTALACIONES DEL PARQUE NATURAL EL GALLINERAL DEL MUNICIPIO DE SAN GIL, SANTANDER
A5: =+[1]AIU!$B$6 -> PROCESO
A6: LOCALIZACION: | D6: =[2]INFORMACION!$A$6 -> SAN GIL, SANTANDER | H6: FECHA: | I6: 46296
A8: ITEM | B8: DESCRIPCIÓN | K8: UNIDAD | M8: CANTIDAD
A9: =+PRESUPUESTO!A8 -> 1.1 | B9: =PRESUPUESTO!B9 -> Ubicación y conexión electrica de tarjeta navideña del municipio. | K9: =+PRESUPUESTO!C8 -> UND | M9: =+PRESUPUESTO!D8 -> 8
A10: I. EQUIPO
A13: DESCRIPCIÓN | F13: MARCA | H13: TIPO | J13: TARIFA/HORA | K13: RENDIMIENTO | M13: Vr. UNITARIO
A14: HERRAMIENTA MENOR | J14: 65800 | K14: 0.1 | M14: =J14*K14 -> 6580
A15: =+PRECIOS!C14 -> TALADRO (electrico) | J15: =+PRECIOS!J14 -> 50000 | K15: 8 | M15: =+J15/K15 -> 6250
A17: SUBTOTAL $ | M17: =SUM(M14:M16) -> 12830
A18: II. MATERIALES
A21: DESCRIPCIÓN | I21: UNIDAD | J21: CANTIDAD | K21: PRECIO UNIT. | M21: Vr. UNITARIO
M22: =J22*K22 -> 0
A24: SUBTOTAL $ | M24: =SUM(M22:M23) -> 0
A25: III. TRANSPORTES
A28: MATERIAL | H28: VOL. o PESO | I28: DISTANCIA/RENDIMIENTO | J28: M3 o Ton/Km | K28: TARIFA | M28: Vr. UNITARIO
A29: =+PRECIOS!C21 -> TRANSPORTE TIPO ACARREO | H29: 1 | I29: 0.1 | K29: =+PRECIOS!J21 -> 80000 | M29: =+K29*I29*H29 -> 8000
A31: SUBTOTAL $ | M31: =SUM(M29:M30) -> 8000
A32: IV. MANO DE OBRA
A35: TRABAJADOR | G35: CANT. | H35: JORNAL | I35: PRESTACIONES | J35: JORNAL TOTAL | K35: RENDIMIENTO | M35: Vr. UNITARIO
A36: =+PRECIOS!C30 -> OFICIAL ELECTRICISTA | G36: 1 | H36: =VLOOKUP(A36,'Salarios OBRA'!$B$7:$I$58,4,FALSE) -> 116667 | I36: =VLOOKUP(A36,'Salarios OBRA'!$B$7:$I$58,7,FALSE) -> 99976 | J36: =+I36+H36 -> 216643 | K36: 5 | M36: =J36/K36 -> 43328.6
A37: =+PRECIOS!C31 -> AYUDANTE ELECTRICIDAD | G37: 1 | H37: =VLOOKUP(A37,'Salarios OBRA'!$B$7:$I$58,4,FALSE) -> 90000 | I37: =VLOOKUP(A37,'Salarios OBRA'!$B$7:$I$58,7,FALSE) -> 78643 | J37: =+I37+H37 -> 168643 | K37: 5 | M37: =J37/K37 -> 33728.6
A38: =+PRECIOS!C27 -> AYUDANTE DE OBRA | G38: 1 | H38: =VLOOKUP(A38,'Salarios OBRA'!$B$7:$I$58,4,FALSE) -> 73333 | I38: =VLOOKUP(A38,'Salarios OBRA'!$B$7:$I$58,7,FALSE) -> 65309 | J38: =+I38+H38 -> 138642 | K38: 10 | M38: =J38/K38 -> 13864.2
A40: SUBTOTAL $ | M40: =SUM(M36:M39) -> 90921.4
A42: TOTAL COSTO | M42: =ROUND(M40+M31+M24+M17,0) -> 111751

Sheet 2.1
A2: ANALISIS DE PRECIOS UNITARIOS
A3: ENTIDAD | D3: =+PRESUPUESTO!B3 -> INSTITUTO DE CULTURA Y TURISMO SAN GIL
A4: PROYECTO: | D4: =+PRESUPUESTO!B4 -> ENSAMBLE, MONTAJE E INSTALACIÓN DE ALUMBRADO NAVIDEÑO (ORNAMENTAL Y DECORATIVO) EN LAS INSTALACIONES DEL PARQUE NATURAL EL GALLINERAL DEL MUNICIPIO DE SAN GIL, SANTANDER
A5: =+[1]AIU!$B$6 -> PROCESO
A6: LOCALIZACION: | D6: =[2]INFORMACION!$A$6 -> SAN GIL, SANTANDER | H6: FECHA: | I6: 46296
A8: ITEM | B8: DESCRIPCIÓN | K8: UNIDAD | M8: CANTIDAD
A9: 2 | B9: =PRESUPUESTO!B11 -> Suministro e instalacion de la Decoracion de cuatro (4) ramas de arbol central del puente, con luces tipo lluvia color calida. Voltaje 110 v, color cable cristal.Extension de 10 mts | K9: =PRESUPUESTO!C11 -> UND | M9: =PRESUPUESTO!D11 -> 4
A10: I. EQUIPO
A13: DESCRIPCIÓN | F13: MARCA | H13: TIPO | J13: TARIFA/HORA | K13: RENDIMIENTO | M13: Vr. UNITARIO
A14: HERRAMIENTA MENOR | J14: =M40 -> 81678.6 | K14: 0.05 | M14: =J14*K14 -> 4083.93
A15: =+PRECIOS!C14 -> TALADRO (electrico) | J15: =+PRECIOS!J15 -> 50000 | K15: 6 | M15: =+J15/K15 -> 8333.3333
A17: SUBTOTAL $ | M17: =SUM(M14:M16) -> 12417.263
A18: II. MATERIALES
A21: DESCRIPCIÓN | I21: UNIDAD | J21: CANTIDAD | K21: PRECIO UNIT. | M21: Vr. UNITARIO
A22: luces tipo lluvia LED de 110 V, luz cálida y cable transparente | I22: M | J22: 10 | K22: 8990 | M22: =J22*K22 -> 89900
A24: SUBTOTAL $ | M24: =SUM(M22:M23) -> 89900
A25: III. TRANSPORTES
A28: MATERIAL | H28: VOL. o PESO | I28: DISTANCIA/RENDIMIENTO | J28: M3 o Ton/Km | K28: TARIFA | M28: Vr. UNITARIO
A29: =+PRECIOS!C21 -> TRANSPORTE TIPO ACARREO | H29: 1 | I29: 0.5 | K29: =+PRECIOS!J21 -> 80000 | M29: =+K29*I29*H29 -> 40000
A31: SUBTOTAL $ | M31: =SUM(M29:M30) -> 40000 | Q31: 2.1
A32: IV. MANO DE OBRA
A35: TRABAJADOR | G35: CANT. | H35: JORNAL | I35: PRESTACIONES | J35: JORNAL TOTAL | K35: RENDIMIENTO | M35: Vr. UNITARIO
A36: =+PRECIOS!C30 -> OFICIAL ELECTRICISTA | G36: 1 | H36: =VLOOKUP(A36,'Salarios OBRA'!$B$7:$I$58,4,FALSE) -> 116667 | I36: =VLOOKUP(A36,'Salarios OBRA'!$B$7:$I$58,7,FALSE) -> 99976 | J36: =+I36+H36 -> 216643 | K36: 5 | M36: =J36/K36 -> 43328.6
A37: =+PRECIOS!C31 -> AYUDANTE ELECTRICIDAD | G37: 1 | H37: =VLOOKUP(A37,'Salarios OBRA'!$B$7:$I$58,4,FALSE) -> 90000 | I37: =VLOOKUP(A37,'Salarios OBRA'!$B$7:$I$58,7,FALSE) -> 78643 | J37: =+I37+H37 -> 168643 | K37: 5 | M37: =J37/K37 -> 33728.6
A38: =+PRECIOS!C27 -> AYUDANTE DE OBRA | G38: 1 | H38: =VLOOKUP(A38,'Salarios OBRA'!$B$7:$I$58,4,FALSE) -> 73333 | I38: =VLOOKUP(A38,'Salarios OBRA'!$B$7:$I$58,7,FALSE) -> 65309 | J38: =+I38+H38 -> 138642 | K38: 30 | M38: =J38/K38 -> 4621.4
A40: SUBTOTAL $ | M40: =SUM(M36:M39) -> 81678.6
A42: TOTAL COSTO | M42: =ROUND(M40+M31+M24+M17,0) -> 223996

Sheet 2.2
A2: ANALISIS DE PRECIOS UNITARIOS
A3: ENTIDAD | D3: =+PRESUPUESTO!B3 -> INSTITUTO DE CULTURA Y TURISMO SAN GIL
A4: PROYECTO: | D4: =+PRESUPUESTO!B4 -> ENSAMBLE, MONTAJE E INSTALACIÓN DE ALUMBRADO NAVIDEÑO (ORNAMENTAL Y DECORATIVO) EN LAS INSTALACIONES DEL PARQUE NATURAL EL GALLINERAL DEL MUNICIPIO DE SAN GIL, SANTANDER
A5: =+[1]AIU!$B$6 -> PROCESO
A6: LOCALIZACION: | D6: =[2]INFORMACION!$A$6 -> SAN GIL, SANTANDER | H6: FECHA: | I6: 46296
A8: ITEM | B8: DESCRIPCIÓN | K8: UNIDAD | M8: CANTIDAD
A9: 2.2 | K9: =+VLOOKUP(A9,PRESUPUESTO!$A$6:$F$93,3,FALSE) -> UND | M9: =+VLOOKUP(A9,PRESUPUESTO!$A$6:$F$93,4,FALSE) -> 4
A10: I. EQUIPO
A13: DESCRIPCIÓN | F13: MARCA | H13: TIPO | J13: TARIFA/HORA | K13: RENDIMIENTO | M13: Vr. UNITARIO
A14: HERRAMIENTA MENOR | J14: =M40 -> 81389.762 | K14: 0.05 | M14: =J14*K14 -> 4069.4881
A15: =+PRECIOS!C14 -> TALADRO (electrico) | J15: =+PRECIOS!J15 -> 50000 | K15: 6 | M15: =+J15/K15 -> 8333.3333
A17: SUBTOTAL $ | M17: =SUM(M14:M16) -> 12402.821
A18: II. MATERIALES
A21: DESCRIPCIÓN | I21: UNIDAD | J21: CANTIDAD | K21: PRECIO UNIT. | M21: Vr. UNITARIO
A24: SUBTOTAL $ | M24: =SUM(M22:M23) -> 0
A25: III. TRANSPORTES
A28: MATERIAL | H28: VOL. o PESO | I28: DISTANCIA/RENDIMIENTO | J28: M3 o Ton/Km | K28: TARIFA | M28: Vr. UNITARIO
A29: =+PRECIOS!C21 -> TRANSPORTE TIPO ACARREO | H29: 1 | I29: 0.22 | K29: =+PRECIOS!J21 -> 80000 | M29: =+K29*I29*H29 -> 17600
A31: SUBTOTAL $ | M31: =SUM(M29:M30) -> 17600
A32: IV. MANO DE OBRA
A35: TRABAJADOR | G35: CANT. | H35: JORNAL | I35: PRESTACIONES | J35: JORNAL TOTAL | K35: RENDIMIENTO | M35: Vr. UNITARIO
A36: =+PRECIOS!C30 -> OFICIAL ELECTRICISTA | G36: 1 | H36: =VLOOKUP(A36,'Salarios OBRA'!$B$7:$I$58,4,FALSE) -> 116667 | I36: =VLOOKUP(A36,'Salarios OBRA'!$B$7:$I$58,7,FALSE) -> 99976 | J36: =+I36+H36 -> 216643 | K36: 5 | M36: =J36/K36 -> 43328.6
A37: =+PRECIOS!C31 -> AYUDANTE ELECTRICIDAD | G37: 1 | H37: =VLOOKUP(A37,'Salarios OBRA'!$B$7:$I$58,4,FALSE) -> 90000 | I37: =VLOOKUP(A37,'Salarios OBRA'!$B$7:$I$58,7,FALSE) -> 78643 | J37: =+I37+H37 -> 168643 | K37: 5 | M37: =J37/K37 -> 33728.6
A38: =+PRECIOS!C27 -> AYUDANTE DE OBRA | G38: 1 | H38: =VLOOKUP(A38,'Salarios OBRA'!$B$7:$I$58,4,FALSE) -> 73333 | I38: =VLOOKUP(A38,'Salarios OBRA'!$B$7:$I$58,7,FALSE) -> 65309 | J38: =+I38+H38 -> 138642 | K38: 32 | M38: =J38/K38 -> 4332.5625
A40: SUBTOTAL $ | M40: =SUM(M36:M39) -> 81389.762
A42: TOTAL COSTO | M42: =ROUND(M40+M31+M24+M17,0) -> 111393

Sheet 2.3
A2: ANALISIS DE PRECIOS UNITARIOS
A3: ENTIDAD | D3: =+PRESUPUESTO!B3 -> INSTITUTO DE CULTURA Y TURISMO SAN GIL
A4: PROYECTO: | D4: =+PRESUPUESTO!B4 -> ENSAMBLE, MONTAJE E INSTALACIÓN DE ALUMBRADO NAVIDEÑO (ORNAMENTAL Y DECORATIVO) EN LAS INSTALACIONES DEL PARQUE NATURAL EL GALLINERAL DEL MUNICIPIO DE SAN GIL, SANTANDER
A5: =+[1]AIU!$B$6 -> PROCESO
A6: LOCALIZACION: | D6: =[2]INFORMACION!$A$6 -> SAN GIL, SANTANDER | H6: FECHA: | I6: 46296
A8: ITEM | B8: DESCRIPCIÓN | K8: UNIDAD | M8: CANTIDAD
A9: 2.3 | B9: =PRESUPUESTO!B13 -> Suministro e instalacion de extension tipo lluvia, en el perimetro lineal derecho e izquierdo del puente. Extension de 10 mts. Perimetro total a cubrir 40 mts. | K9: =+VLOOKUP(A9,PRESUPUESTO!$A$6:$F$93,3,FALSE) -> UND | M9: =+VLOOKUP(A9,PRESUPUESTO!$A$6:$F$93,4,FALSE) -> 4
A10: I. EQUIPO
A13: DESCRIPCIÓN | F13: MARCA | H13: TIPO | J13: TARIFA/HORA | K13: RENDIMIENTO | M13: Vr. UNITARIO
A14: HERRAMIENTA MENOR | J14: =M40 -> 22730.35 | K14: 0.05 | M14: =J14*K14 -> 1136.5175
A15: =+PRECIOS!C14 -> TALADRO (electrico) | J15: =+PRECIOS!J15 -> 50000 | K15: 6 | M15: =+J15/K15 -> 8333.3333
A17: SUBTOTAL $ | M17: =SUM(M14:M16) -> 9469.8508
A18: II. MATERIALES
A21: DESCRIPCIÓN | I21: UNIDAD | J21: CANTIDAD | K21: PRECIO UNIT. | M21: Vr. UNITARIO
A22: Extension Tipo Lluvia | I22: M | J22: 40 | K22: 3100 | M22: =J22*K22 -> 124000
A24: SUBTOTAL $ | M24: =SUM(M22:M23) -> 124000
A25: III. TRANSPORTES
A28: MATERIAL | H28: VOL. o PESO | I28: DISTANCIA/RENDIMIENTO | J28: M3 o Ton/Km | K28: TARIFA | M28: Vr. UNITARIO
A29: =+PRECIOS!C21 -> TRANSPORTE TIPO ACARREO | H29: 1 | I29: 0.15 | K29: =+PRECIOS!J21 -> 80000 | M29: =+K29*I29*H29 -> 12000
A31: SUBTOTAL $ | M31: =SUM(M29:M30) -> 12000
A32: IV. MANO DE OBRA
A35: TRABAJADOR | G35: CANT. | H35: JORNAL | I35: PRESTACIONES | J35: JORNAL TOTAL | K35: RENDIMIENTO | M35: Vr. UNITARIO
A36: =+PRECIOS!C30 -> OFICIAL ELECTRICISTA | G36: 1 | H36: =VLOOKUP(A36,'Salarios OBRA'!$B$7:$I$58,4,FALSE) -> 116667 | I36: =VLOOKUP(A36,'Salarios OBRA'!$B$7:$I$58,7,FALSE) -> 99976 | J36: =+I36+H36 -> 216643 | K36: 20 | M36: =J36/K36 -> 10832.15
A37: =+PRECIOS!C31 -> AYUDANTE ELECTRICIDAD | G37: 1 | H37: =VLOOKUP(A37,'Salarios OBRA'!$B$7:$I$58,4,FALSE) -> 90000 | I37: =VLOOKUP(A37,'Salarios OBRA'!$B$7:$I$58,7,FALSE) -> 78643 | J37: =+I37+H37 -> 168643 | K37: 20 | M37: =J37/K37 -> 8432.15
A38: =+PRECIOS!C27 -> AYUDANTE DE OBRA | G38: 1 | H38: =VLOOKUP(A38,'Salarios OBRA'!$B$7:$I$58,4,FALSE) -> 73333 | I38: =VLOOKUP(A38,'Salarios OBRA'!$B$7:$I$58,7,FALSE) -> 65309 | J38: =+I38+H38 -> 138642 | K38: 40 | M38: =J38/K38 -> 3466.05
A40: SUBTOTAL $ | M40: =SUM(M36:M39) -> 22730.35
A42: TOTAL COSTO | M42: =ROUND(M40+M31+M24+M17,0) -> 168200

Sheet 3.1
A2: ANALISIS DE PRECIOS UNITARIOS
A3: ENTIDAD | D3: =+PRESUPUESTO!B3 -> INSTITUTO DE CULTURA Y TURISMO SAN GIL
A4: PROYECTO: | D4: =+PRESUPUESTO!B4 -> ENSAMBLE, MONTAJE E INSTALACIÓN DE ALUMBRADO NAVIDEÑO (ORNAMENTAL Y DECORATIVO) EN LAS INSTALACIONES DEL PARQUE NATURAL EL GALLINERAL DEL MUNICIPIO DE SAN GIL, SANTANDER
A5: =+[1]AIU!$B$6 -> PROCESO
A6: LOCALIZACION: | D6: =[2]INFORMACION!$A$6 -> SAN GIL, SANTANDER | H6: FECHA: | I6: 46296
A8: ITEM | B8: DESCRIPCIÓN | K8: UNIDAD | M8: CANTIDAD
A9: 3.1 | B9: =+VLOOKUP(A9,PRESUPUESTO!$A$6:$F$93,2,FALSE) -> Suministro e instalacion de Estructura metalica en varilla de 7 mm; en forma de Reno y forrado en tela bombril dorada; con iluminacion de luz led calida, voltaje 110 v. medida Altura maxima 1,20 mts. | K9: =+VLOOKUP(A9,PRESUPUESTO!$A$6:$F$93,3,FALSE) -> UND | M9: =+VLOOKUP(A9,PRESUPUESTO!$A$6:$F$93,4,FALSE) -> 2
A10: I. EQUIPO
A13: DESCRIPCIÓN | F13: MARCA | H13: TIPO | J13: TARIFA/HORA | K13: RENDIMIENTO | M13: Vr. UNITARIO
A14: HERRAMIENTA MENOR | J14: =M40 -> 86300 | K14: 0.3 | M14: =J14*K14 -> 25890
A15: =+PRECIOS!C14 -> TALADRO (electrico) | J15: =+PRECIOS!J15 -> 50000 | K15: 12 | M15: =+J15/K15 -> 4166.6667
A17: SUBTOTAL $ | M17: =SUM(M14:M16) -> 30056.667
A18: II. MATERIALES
A21: DESCRIPCIÓN | I21: UNIDAD | J21: CANTIDAD | K21: PRECIO UNIT. | M21: Vr. UNITARIO
A22: Estructura metalica en varilla de 7 mm; en forma de Reno y forrado en tela bombril dorada; | I22: UNIDAD | J22: 1 | K22: 310000 | M22: =J22*K22 -> 310000
A23: iluminacion de luz led calida | I23: m | J23: 20 | K23: 4850 | M23: =J23*K23 -> 97000
A24: SUBTOTAL $ | M24: =SUM(M22:M23) -> 407000
A25: III. TRANSPORTES
A28: MATERIAL | H28: VOL. o PESO | I28: DISTANCIA/RENDIMIENTO | J28: M3 o Ton/Km | K28: TARIFA | M28: Vr. UNITARIO
A29: =+PRECIOS!C21 -> TRANSPORTE TIPO ACARREO | H29: 1 | I29: 0.65 | K29: =+PRECIOS!J21 -> 80000 | M29: =+K29*I29*H29 -> 52000
A31: SUBTOTAL $ | M31: =SUM(M29:M30) -> 52000
A32: IV. MANO DE OBRA
A35: TRABAJADOR | G35: CANT. | H35: JORNAL | I35: PRESTACIONES | J35: JORNAL TOTAL | K35: RENDIMIENTO | M35: Vr. UNITARIO
A36: =+PRECIOS!C30 -> OFICIAL ELECTRICISTA | G36: 1 | H36: =VLOOKUP(A36,'Salarios OBRA'!$B$7:$I$58,4,FALSE) -> 116667 | I36: =VLOOKUP(A36,'Salarios OBRA'!$B$7:$I$58,7,FALSE) -> 99976 | J36: =+I36+H36 -> 216643 | K36: 5 | M36: =J36/K36 -> 43328.6
A37: =+PRECIOS!C31 -> AYUDANTE ELECTRICIDAD | G37: 1 | H37: =VLOOKUP(A37,'Salarios OBRA'!$B$7:$I$58,4,FALSE) -> 90000 | I37: =VLOOKUP(A37,'Salarios OBRA'!$B$7:$I$58,7,FALSE) -> 78643 | J37: =+I37+H37 -> 168643 | K37: 5 | M37: =J37/K37 -> 33728.6
A38: =+PRECIOS!C27 -> AYUDANTE DE OBRA | G38: 1 | H38: =VLOOKUP(A38,'Salarios OBRA'!$B$7:$I$58,4,FALSE) -> 73333 | I38: =VLOOKUP(A38,'Salarios OBRA'!$B$7:$I$58,7,FALSE) -> 65309 | J38: =+I38+H38 -> 138642 | K38: 15 | M38: =J38/K38 -> 9242.8
A40: SUBTOTAL $ | M40: =SUM(M36:M39) -> 86300
A42: TOTAL COSTO | M42: =ROUND(M40+M31+M24+M17,0) -> 575357

Sheet 3.2
A2: ANALISIS DE PRECIOS UNITARIOS
A3: ENTIDAD | D3: =+PRESUPUESTO!B3 -> INSTITUTO DE CULTURA Y TURISMO SAN GIL
A4: PROYECTO: | D4: =+PRESUPUESTO!B4 -> ENSAMBLE, MONTAJE E INSTALACIÓN DE ALUMBRADO NAVIDEÑO (ORNAMENTAL Y DECORATIVO) EN LAS INSTALACIONES DEL PARQUE NATURAL EL GALLINERAL DEL MUNICIPIO DE SAN GIL, SANTANDER
A5: =+[1]AIU!$B$6 -> PROCESO
A6: LOCALIZACION: | D6: =[2]INFORMACION!$A$6 -> SAN GIL, SANTANDER | H6: FECHA: | I6: 46296
A8: ITEM | B8: DESCRIPCIÓN | K8: UNIDAD | M8: CANTIDAD
A9: 3.2 | B9: =+VLOOKUP(A9,PRESUPUESTO!$A$6:$F$93,2,FALSE) -> Suministro e instalacion de Estructura metalica en varilla de 7 mm; en forma de regalo, medidas 70 cms, forrado con tela bombril, colores dorado y rojo e iluminado con luz le calida. 110 voltios, color cable cristal. | K9: =+VLOOKUP(A9,PRESUPUESTO!$A$6:$F$93,3,FALSE) -> UND | M9: =+VLOOKUP(A9,PRESUPUESTO!$A$6:$F$93,4,FALSE) -> 10
A10: I. EQUIPO
A13: DESCRIPCIÓN | F13: MARCA | H13: TIPO | J13: TARIFA/HORA | K13: RENDIMIENTO | M13: Vr. UNITARIO
A14: HERRAMIENTA MENOR | J14: =M40 -> 23885.7 | K14: 0.3 | M14: =J14*K14 -> 7165.71
A15: =+PRECIOS!C14 -> TALADRO (electrico) | J15: =+PRECIOS!J15 -> 50000 | K15: 12 | M15: =+J15/K15 -> 4166.6667
A17: SUBTOTAL $ | M17: =SUM(M14:M16) -> 11332.377
A18: II. MATERIALES
A21: DESCRIPCIÓN | I21: UNIDAD | J21: CANTIDAD | K21: PRECIO UNIT. | M21: Vr. UNITARIO
A22: Estructura metalica en varilla de 7 mm; forrado en tela bombril dorada; | I22: UNIDAD | J22: 10 | K22: 15000 | M22: =J22*K22 -> 150000
A23: iluminacion de luz led calida | I23: m | J23: 20 | K23: 4500 | M23: =J23*K23 -> 90000
A24: SUBTOTAL $ | M24: =SUM(M22:M23) -> 240000
A25: III. TRANSPORTES
A28: MATERIAL | H28: VOL. o PESO | I28: DISTANCIA/RENDIMIENTO | J28: M3 o Ton/Km | K28: TARIFA | M28: Vr. UNITARIO
A29: =+PRECIOS!C21 -> TRANSPORTE TIPO ACARREO | H29: 1 | I29: 0.2 | K29: =+PRECIOS!J21 -> 80000 | M29: =+K29*I29*H29 -> 16000
A31: SUBTOTAL $ | M31: =SUM(M29:M30) -> 16000
A32: IV. MANO DE OBRA
A35: TRABAJADOR | G35: CANT. | H35: JORNAL | I35: PRESTACIONES | J35: JORNAL TOTAL | K35: RENDIMIENTO | M35: Vr. UNITARIO
A36: =+PRECIOS!C30 -> OFICIAL ELECTRICISTA | G36: 1 | H36: =VLOOKUP(A36,'Salarios OBRA'!$B$7:$I$58,4,FALSE) -> 116667 | I36: =VLOOKUP(A36,'Salarios OBRA'!$B$7:$I$58,7,FALSE) -> 99976 | J36: =+I36+H36 -> 216643 | K36: 20 | M36: =J36/K36 -> 10832.15
A37: =+PRECIOS!C31 -> AYUDANTE ELECTRICIDAD | G37: 1 | H37: =VLOOKUP(A37,'Salarios OBRA'!$B$7:$I$58,4,FALSE) -> 90000 | I37: =VLOOKUP(A37,'Salarios OBRA'!$B$7:$I$58,7,FALSE) -> 78643 | J37: =+I37+H37 -> 168643 | K37: 20 | M37: =J37/K37 -> 8432.15
A38: =+PRECIOS!C27 -> AYUDANTE DE OBRA | G38: 1 | H38: =VLOOKUP(A38,'Salarios OBRA'!$B$7:$I$58,4,FALSE) -> 73333 | I38: =VLOOKUP(A38,'Salarios OBRA'!$B$7:$I$58,7,FALSE) -> 65309 | J38: =+I38+H38 -> 138642 | K38: 30 | M38: =J38/K38 -> 4621.4
A40: SUBTOTAL $ | M40: =SUM(M36:M39) -> 23885.7
A42: TOTAL COSTO | M42: =ROUND(M40+M31+M24+M17,0) -> 291218

Sheet 3.3.
A2: ANALISIS DE PRECIOS UNITARIOS
A3: ENTIDAD | D3: =+PRESUPUESTO!B3 -> INSTITUTO DE CULTURA Y TURISMO SAN GIL
A4: PROYECTO: | D4: =+PRESUPUESTO!B4 -> ENSAMBLE, MONTAJE E INSTALACIÓN DE ALUMBRADO NAVIDEÑO (ORNAMENTAL Y DECORATIVO) EN LAS INSTALACIONES DEL PARQUE NATURAL EL GALLINERAL DEL MUNICIPIO DE SAN GIL, SANTANDER
A5: =+[1]AIU!$B$6 -> PROCESO
A6: LOCALIZACION: | D6: =[2]INFORMACION!$A$6 -> SAN GIL, SANTANDER | H6: FECHA: | I6: 46296
A8: ITEM | B8: DESCRIPCIÓN | K8: UNIDAD | M8: CANTIDAD
A9: 3.3 | B9: =+VLOOKUP(A9,PRESUPUESTO!$A$6:$F$93,2,FALSE) -> Suministro e instalacion de Estructura metalica en varilla de 7 mm; en forma de estrella , medidas 60 cms, forrado con tela bombril, colores dorado e iluminado con luz le calida. 110 voltios, color cable cristal. | K9: =+VLOOKUP(A9,PRESUPUESTO!$A$6:$F$93,3,FALSE) -> UND | M9: =+VLOOKUP(A9,PRESUPUESTO!$A$6:$F$93,4,FALSE) -> 24
A10: I. EQUIPO
A13: DESCRIPCIÓN | F13: MARCA | H13: TIPO | J13: TARIFA/HORA | K13: RENDIMIENTO | M13: Vr. UNITARIO
A14: HERRAMIENTA MENOR | J14: =M40 -> 80523.25 | K14: 0.21 | M14: =J14*K14 -> 16909.882
A15: =+PRECIOS!C14 -> TALADRO (electrico)
A17: SUBTOTAL $ | M17: =SUM(M14:M16) -> 16909.882
A18: II. MATERIALES
A21: DESCRIPCIÓN | I21: UNIDAD | J21: CANTIDAD | K21: PRECIO UNIT. | M21: Vr. UNITARIO
A22: Estructura metalica en varilla de 7 mm; forrado en tela bombril dorada; | I22: UNIDAD | J22: 15 | K22: 17500 | M22: =J22*K22 -> 262500
A23: iluminacion de luz led calida | I23: m | J23: 15 | K23: 4400 | M23: =J23*K23 -> 66000
A24: SUBTOTAL $ | M24: =SUM(M22:M23) -> 328500
A25: III. TRANSPORTES
A28: MATERIAL | H28: VOL. o PESO | I28: DISTANCIA/RENDIMIENTO | J28: M3 o Ton/Km | K28: TARIFA | M28: Vr. UNITARIO
A29: =+PRECIOS!C21 -> TRANSPORTE TIPO ACARREO | H29: 1 | I29: 0.2 | K29: =+PRECIOS!J21 -> 80000 | M29: =+K29*I29*H29 -> 16000
A31: SUBTOTAL $ | M31: =SUM(M29:M30) -> 16000
A32: IV. MANO DE OBRA
A35: TRABAJADOR | G35: CANT. | H35: JORNAL | I35: PRESTACIONES | J35: JORNAL TOTAL | K35: RENDIMIENTO | M35: Vr. UNITARIO
A36: =+PRECIOS!C30 -> OFICIAL ELECTRICISTA | G36: 1 | H36: =VLOOKUP(A36,'Salarios OBRA'!$B$7:$I$58,4,FALSE) -> 116667 | I36: =VLOOKUP(A36,'Salarios OBRA'!$B$7:$I$58,7,FALSE) -> 99976 | J36: =+I36+H36 -> 216643 | K36: 5 | M36: =J36/K36 -> 43328.6
A37: =+PRECIOS!C31 -> AYUDANTE ELECTRICIDAD | G37: 1 | H37: =VLOOKUP(A37,'Salarios OBRA'!$B$7:$I$58,4,FALSE) -> 90000 | I37: =VLOOKUP(A37,'Salarios OBRA'!$B$7:$I$58,7,FALSE) -> 78643 | J37: =+I37+H37 -> 168643 | K37: 5 | M37: =J37/K37 -> 33728.6
A38: =+PRECIOS!C27 -> AYUDANTE DE OBRA | G38: 1 | H38: =VLOOKUP(A38,'Salarios OBRA'!$B$7:$I$58,4,FALSE) -> 73333 | I38: =VLOOKUP(A38,'Salarios OBRA'!$B$7:$I$58,7,FALSE) -> 65309 | J38: =+I38+H38 -> 138642 | K38: 40 | M38: =J38/K38 -> 3466.05
A40: SUBTOTAL $ | M40: =SUM(M36:M39) -> 80523.25
A42: TOTAL COSTO | M42: =ROUND(M40+M31+M24+M17,0) -> 441933

Sheet 3.4
A2: ANALISIS DE PRECIOS UNITARIOS
A3: ENTIDAD | D3: =+PRESUPUESTO!B3 -> INSTITUTO DE CULTURA Y TURISMO SAN GIL
A4: PROYECTO: | D4: =+PRESUPUESTO!B4 -> ENSAMBLE, MONTAJE E INSTALACIÓN DE ALUMBRADO NAVIDEÑO (ORNAMENTAL Y DECORATIVO) EN LAS INSTALACIONES DEL PARQUE NATURAL EL GALLINERAL DEL MUNICIPIO DE SAN GIL, SANTANDER
A5: =+[1]AIU!$B$6 -> PROCESO
A6: LOCALIZACION: | D6: =[2]INFORMACION!$A$6 -> SAN GIL, SANTANDER | H6: FECHA: | I6: 46296
A8: ITEM | B8: DESCRIPCIÓN | K8: UNIDAD | M8: CANTIDAD
A9: 3.3 | B9: =+VLOOKUP(A9,PRESUPUESTO!$A$6:$F$93,2,FALSE) -> Suministro e instalacion de Estructura metalica en varilla de 7 mm; en forma de estrella , medidas 60 cms, forrado con tela bombril, colores dorado e iluminado con luz le calida. 110 voltios, color cable cristal. | K9: =+VLOOKUP(A9,PRESUPUESTO!$A$6:$F$93,3,FALSE) -> UND | M9: =+VLOOKUP(A9,PRESUPUESTO!$A$6:$F$93,4,FALSE) -> 24
A10: I. EQUIPO
A13: DESCRIPCIÓN | F13: MARCA | H13: TIPO | J13: TARIFA/HORA | K13: RENDIMIENTO | M13: Vr. UNITARIO
A14: HERRAMIENTA MENOR | J14: =M40 -> 80523.25 | K14: 0.2 | M14: =J14*K14 -> 16104.65
A15: =+PRECIOS!C14 -> TALADRO (electrico)
A17: SUBTOTAL $ | M17: =SUM(M14:M16) -> 16104.65
A18: II. MATERIALES
A21: DESCRIPCIÓN | I21: UNIDAD | J21: CANTIDAD | K21: PRECIO UNIT. | M21: Vr. UNITARIO
A22: Estructura metalica en varilla de 7 mm; forrado en tela bombril dorada; | I22: UNIDAD | J22: 24 | K22: 10500 | M22: =J22*K22 -> 252000
A23: iluminacion de luz led calida | I23: m | J23: 8 | K23: 4500 | M23: =J23*K23 -> 36000
A24: SUBTOTAL $ | M24: =SUM(M22:M23) -> 288000
A25: III. TRANSPORTES
A28: MATERIAL | H28: VOL. o PESO | I28: DISTANCIA/RENDIMIENTO | J28: M3 o Ton/Km | K28: TARIFA | M28: Vr. UNITARIO
A29: =+PRECIOS!C21 -> TRANSPORTE TIPO ACARREO | H29: 1 | I29: 0.2 | K29: =+PRECIOS!J21 -> 80000 | M29: =+K29*I29*H29 -> 16000
A31: SUBTOTAL $ | M31: =SUM(M29:M30) -> 16000
A32: IV. MANO DE OBRA
A35: TRABAJADOR | G35: CANT. | H35: JORNAL | I35: PRESTACIONES | J35: JORNAL TOTAL | K35: RENDIMIENTO | M35: Vr. UNITARIO
A36: =+PRECIOS!C30 -> OFICIAL ELECTRICISTA | G36: 1 | H36: =VLOOKUP(A36,'Salarios OBRA'!$B$7:$I$58,4,FALSE) -> 116667 | I36: =VLOOKUP(A36,'Salarios OBRA'!$B$7:$I$58,7,FALSE) -> 99976 | J36: =+I36+H36 -> 216643 | K36: 5 | M36: =J36/K36 -> 43328.6
A37: =+PRECIOS!C31 -> AYUDANTE ELECTRICIDAD | G37: 1 | H37: =VLOOKUP(A37,'Salarios OBRA'!$B$7:$I$58,4,FALSE) -> 90000 | I37: =VLOOKUP(A37,'Salarios OBRA'!$B$7:$I$58,7,FALSE) -> 78643 | J37: =+I37+H37 -> 168643 | K37: 5 | M37: =J37/K37 -> 33728.6
A38: =+PRECIOS!C27 -> AYUDANTE DE OBRA | G38: 1 | H38: =VLOOKUP(A38,'Salarios OBRA'!$B$7:$I$58,4,FALSE) -> 73333 | I38: =VLOOKUP(A38,'Salarios OBRA'!$B$7:$I$58,7,FALSE) -> 65309 | J38: =+I38+H38 -> 138642 | K38: 40 | M38: =J38/K38 -> 3466.05
A40: SUBTOTAL $ | M40: =SUM(M36:M39) -> 80523.25
A42: TOTAL COSTO | M42: =ROUND(M40+M31+M24+M17,0) -> 400628

Sheet 3.5
A2: ANALISIS DE PRECIOS UNITARIOS
A3: ENTIDAD | D3: =+PRESUPUESTO!B3 -> INSTITUTO DE CULTURA Y TURISMO SAN GIL
A4: PROYECTO: | D4: =+PRESUPUESTO!B4 -> ENSAMBLE, MONTAJE E INSTALACIÓN DE ALUMBRADO NAVIDEÑO (ORNAMENTAL Y DECORATIVO) EN LAS INSTALACIONES DEL PARQUE NATURAL EL GALLINERAL DEL MUNICIPIO DE SAN GIL, SANTANDER
A5: =+[1]AIU!$B$6 -> PROCESO
A6: LOCALIZACION: | D6: =[2]INFORMACION!$A$6 -> SAN GIL, SANTANDER | H6: FECHA: | I6: 46296
A8: ITEM | B8: DESCRIPCIÓN | K8: UNIDAD | M8: CANTIDAD
A9: 3.5 | B9: =+VLOOKUP(A9,PRESUPUESTO!$A$6:$F$93,2,FALSE) -> Suministro e instalacion de Farol metalico de piso, tubo altura 2,20 mts. Incluye bombillo led luz calida.Incluye bombillo decorativo le, luz calida. Voltaje 4 v.color negro | K9: =+VLOOKUP(A9,PRESUPUESTO!$A$6:$F$93,3,FALSE) -> UND | M9: =+VLOOKUP(A9,PRESUPUESTO!$A$6:$F$93,4,FALSE) -> 7
A10: I. EQUIPO
A13: DESCRIPCIÓN | F13: MARCA | H13: TIPO | J13: TARIFA/HORA | K13: RENDIMIENTO | M13: Vr. UNITARIO
A14: HERRAMIENTA MENOR | J14: =M40 -> 80523.25 | K14: 0.2 | M14: =J14*K14 -> 16104.65
A15: =+PRECIOS!C14 -> TALADRO (electrico)
A17: SUBTOTAL $ | M17: =SUM(M14:M16) -> 16104.65
A18: II. MATERIALES
A21: DESCRIPCIÓN | I21: UNIDAD | J21: CANTIDAD | K21: PRECIO UNIT. | M21: Vr. UNITARIO
A22: Tubo | I22: UNIDAD | J22: 7 | K22: 22000 | M22: =J22*K22 -> 154000
A23: Bombillo | I23: m | J23: 7 | K23: 12500 | M23: =J23*K23 -> 87500
A24: SUBTOTAL $ | M24: =SUM(M22:M23) -> 241500
A25: III. TRANSPORTES
A28: MATERIAL | H28: VOL. o PESO | I28: DISTANCIA/RENDIMIENTO | J28: M3 o Ton/Km | K28: TARIFA | M28: Vr. UNITARIO
A29: =+PRECIOS!C21 -> TRANSPORTE TIPO ACARREO | H29: 1 | I29: 0.2 | K29: =+PRECIOS!J21 -> 80000 | M29: =+K29*I29*H29 -> 16000
A31: SUBTOTAL $ | M31: =SUM(M29:M30) -> 16000
A32: IV. MANO DE OBRA
A35: TRABAJADOR | G35: CANT. | H35: JORNAL | I35: PRESTACIONES | J35: JORNAL TOTAL | K35: RENDIMIENTO | M35: Vr. UNITARIO
A36: =+PRECIOS!C30 -> OFICIAL ELECTRICISTA | G36: 1 | H36: =VLOOKUP(A36,'Salarios OBRA'!$B$7:$I$58,4,FALSE) -> 116667 | I36: =VLOOKUP(A36,'Salarios OBRA'!$B$7:$I$58,7,FALSE) -> 99976 | J36: =+I36+H36 -> 216643 | K36: 5 | M36: =J36/K36 -> 43328.6
A37: =+PRECIOS!C31 -> AYUDANTE ELECTRICIDAD | G37: 1 | H37: =VLOOKUP(A37,'Salarios OBRA'!$B$7:$I$58,4,FALSE) -> 90000 | I37: =VLOOKUP(A37,'Salarios OBRA'!$B$7:$I$58,7,FALSE) -> 78643 | J37: =+I37+H37 -> 168643 | K37: 5 | M37: =J37/K37 -> 33728.6
A38: =+PRECIOS!C27 -> AYUDANTE DE OBRA | G38: 1 | H38: =VLOOKUP(A38,'Salarios OBRA'!$B$7:$I$58,4,FALSE) -> 73333 | I38: =VLOOKUP(A38,'Salarios OBRA'!$B$7:$I$58,7,FALSE) -> 65309 | J38: =+I38+H38 -> 138642 | K38: 40 | M38: =J38/K38 -> 3466.05
A40: SUBTOTAL $ | M40: =SUM(M36:M39) -> 80523.25
A42: TOTAL COSTO | M42: =ROUND(M40+M31+M24+M17,0) -> 354128

Sheet 3.6
A2: ANALISIS DE PRECIOS UNITARIOS
A3: ENTIDAD | D3: =+PRESUPUESTO!B3 -> INSTITUTO DE CULTURA Y TURISMO SAN GIL
A4: PROYECTO: | D4: =+PRESUPUESTO!B4 -> ENSAMBLE, MONTAJE E INSTALACIÓN DE ALUMBRADO NAVIDEÑO (ORNAMENTAL Y DECORATIVO) EN LAS INSTALACIONES DEL PARQUE NATURAL EL GALLINERAL DEL MUNICIPIO DE SAN GIL, SANTANDER
A5: =+[1]AIU!$B$6 -> PROCESO
A6: LOCALIZACION: | D6: =[2]INFORMACION!$A$6 -> SAN GIL, SANTANDER | H6: FECHA: | I6: 46296
A8: ITEM | B8: DESCRIPCIÓN | K8: UNIDAD | M8: CANTIDAD
A9: 3.6 | B9: =+VLOOKUP(A9,PRESUPUESTO!$A$6:$F$93,2,FALSE) -> Suministro de Planta navideña floreada con matera negra plastica | K9: =+VLOOKUP(A9,PRESUPUESTO!$A$6:$F$93,3,FALSE) -> UND | M9: =+VLOOKUP(A9,PRESUPUESTO!$A$6:$F$93,4,FALSE) -> 20
A10: I. EQUIPO
A13: DESCRIPCIÓN | F13: MARCA | H13: TIPO | J13: TARIFA/HORA | K13: RENDIMIENTO | M13: Vr. UNITARIO
M14: =J14*K14 -> 0
A17: SUBTOTAL $ | M17: =SUM(M14:M16) -> 0
A18: II. MATERIALES
A21: DESCRIPCIÓN | I21: UNIDAD | J21: CANTIDAD | K21: PRECIO UNIT. | M21: Vr. UNITARIO
A22: Planta y matera | I22: UNIDAD | J22: 7 | K22: 2800 | M22: =J22*K22 -> 19600
M23: =J23*K23 -> 0
A24: SUBTOTAL $ | M24: =SUM(M22:M23) -> 19600
A25: III. TRANSPORTES
A28: MATERIAL | H28: VOL. o PESO | I28: DISTANCIA/RENDIMIENTO | J28: M3 o Ton/Km | K28: TARIFA | M28: Vr. UNITARIO
A29: =+PRECIOS!C21 -> TRANSPORTE TIPO ACARREO | H29: 1 | I29: 0.05 | K29: =+PRECIOS!J21 -> 80000 | M29: =+K29*I29*H29 -> 4000
A31: SUBTOTAL $ | M31: =SUM(M29:M30) -> 4000
A32: IV. MANO DE OBRA
A35: TRABAJADOR | G35: CANT. | H35: JORNAL | I35: PRESTACIONES | J35: JORNAL TOTAL | K35: RENDIMIENTO | M35: Vr. UNITARIO
A36: =+PRECIOS!C30 -> OFICIAL ELECTRICISTA | G36: 1
A37: =+PRECIOS!C31 -> AYUDANTE ELECTRICIDAD | G37: 1
A38: =+PRECIOS!C27 -> AYUDANTE DE OBRA | G38: 1 | H38: =VLOOKUP(A38,'Salarios OBRA'!$B$7:$I$58,4,FALSE) -> 73333 | I38: =VLOOKUP(A38,'Salarios OBRA'!$B$7:$I$58,7,FALSE) -> 65309 | J38: =+I38+H38 -> 138642 | K38: 50 | M38: =J38/K38 -> 2772.84
A40: SUBTOTAL $ | M40: =SUM(M36:M39) -> 2772.84
A42: TOTAL COSTO | M42: =ROUND(M40+M31+M24+M17,0) -> 26373

Sheet 3.7
A2: ANALISIS DE PRECIOS UNITARIOS
A3: ENTIDAD | D3: =+PRESUPUESTO!B3 -> INSTITUTO DE CULTURA Y TURISMO SAN GIL
A4: PROYECTO: | D4: =+PRESUPUESTO!B4 -> ENSAMBLE, MONTAJE E INSTALACIÓN DE ALUMBRADO NAVIDEÑO (ORNAMENTAL Y DECORATIVO) EN LAS INSTALACIONES DEL PARQUE NATURAL EL GALLINERAL DEL MUNICIPIO DE SAN GIL, SANTANDER
A5: =+[1]AIU!$B$6 -> PROCESO
A6: LOCALIZACION: | D6: =[2]INFORMACION!$A$6 -> SAN GIL, SANTANDER | H6: FECHA: | I6: 46296
A8: ITEM | B8: DESCRIPCIÓN | K8: UNIDAD | M8: CANTIDAD
A9: 3.7 | B9: =+VLOOKUP(A9,PRESUPUESTO!$A$6:$F$93,2,FALSE) -> Iluminacion de arbol con luz lineal calida. Suministro e Instalacion de extension lineal de 100 mts. Voltaje 110 v. cable color cristal. Altura a iluminar 6 (seis) mts de altur | K9: =+VLOOKUP(A9,PRESUPUESTO!$A$6:$F$93,3,FALSE) -> UND | M9: =+VLOOKUP(A9,PRESUPUESTO!$A$6:$F$93,4,FALSE) -> 7
A10: I. EQUIPO
A13: DESCRIPCIÓN | F13: MARCA | H13: TIPO | J13: TARIFA/HORA | K13: RENDIMIENTO | M13: Vr. UNITARIO
A14: HERRAMIENTA MENOR | J14: =M40 -> 80523.25 | K14: 0.2 | M14: =J14*K14 -> 16104.65
A15: =+PRECIOS!C14 -> TALADRO (electrico)
A17: SUBTOTAL $ | M17: =SUM(M14:M16) -> 16104.65
A18: II. MATERIALES
A21: DESCRIPCIÓN | I21: UNIDAD | J21: CANTIDAD | K21: PRECIO UNIT. | M21: Vr. UNITARIO
A22: Extension | I22: M | J22: 7 | K22: 27500 | M22: =J22*K22 -> 192500
K23: 12500 | M23: =J23*K23 -> 0
A24: SUBTOTAL $ | M24: =SUM(M22:M23) -> 192500
A25: III. TRANSPORTES
A28: MATERIAL | H28: VOL. o PESO | I28: DISTANCIA/RENDIMIENTO | J28: M3 o Ton/Km | K28: TARIFA | M28: Vr. UNITARIO
A29: =+PRECIOS!C21 -> TRANSPORTE TIPO ACARREO | H29: 1 | I29: 0.2 | K29: =+PRECIOS!J21 -> 80000 | M29: =+K29*I29*H29 -> 16000
A31: SUBTOTAL $ | M31: =SUM(M29:M30) -> 16000
A32: IV. MANO DE OBRA
A35: TRABAJADOR | G35: CANT. | H35: JORNAL | I35: PRESTACIONES | J35: JORNAL TOTAL | K35: RENDIMIENTO | M35: Vr. UNITARIO
A36: =+PRECIOS!C30 -> OFICIAL ELECTRICISTA | G36: 1 | H36: =VLOOKUP(A36,'Salarios OBRA'!$B$7:$I$58,4,FALSE) -> 116667 | I36: =VLOOKUP(A36,'Salarios OBRA'!$B$7:$I$58,7,FALSE) -> 99976 | J36: =+I36+H36 -> 216643 | K36: 5 | M36: =J36/K36 -> 43328.6
A37: =+PRECIOS!C31 -> AYUDANTE ELECTRICIDAD | G37: 1 | H37: =VLOOKUP(A37,'Salarios OBRA'!$B$7:$I$58,4,FALSE) -> 90000 | I37: =VLOOKUP(A37,'Salarios OBRA'!$B$7:$I$58,7,FALSE) -> 78643 | J37: =+I37+H37 -> 168643 | K37: 5 | M37: =J37/K37 -> 33728.6
A38: =+PRECIOS!C27 -> AYUDANTE DE OBRA | G38: 1 | H38: =VLOOKUP(A38,'Salarios OBRA'!$B$7:$I$58,4,FALSE) -> 73333 | I38: =VLOOKUP(A38,'Salarios OBRA'!$B$7:$I$58,7,FALSE) -> 65309 | J38: =+I38+H38 -> 138642 | K38: 40 | M38: =J38/K38 -> 3466.05
A40: SUBTOTAL $ | M40: =SUM(M36:M39) -> 80523.25
A42: TOTAL COSTO | M42: =ROUND(M40+M31+M24+M17,0) -> 305128

Sheet 3.8
A2: ANALISIS DE PRECIOS UNITARIOS
A3: ENTIDAD | D3: =+PRESUPUESTO!B3 -> INSTITUTO DE CULTURA Y TURISMO SAN GIL
A4: PROYECTO: | D4: =+PRESUPUESTO!B4 -> ENSAMBLE, MONTAJE E INSTALACIÓN DE ALUMBRADO NAVIDEÑO (ORNAMENTAL Y DECORATIVO) EN LAS INSTALACIONES DEL PARQUE NATURAL EL GALLINERAL DEL MUNICIPIO DE SAN GIL, SANTANDER
A5: =+[1]AIU!$B$6 -> PROCESO
A6: LOCALIZACION: | D6: =[2]INFORMACION!$A$6 -> SAN GIL, SANTANDER | H6: FECHA: | I6: 46296
A8: ITEM | B8: DESCRIPCIÓN | K8: UNIDAD | M8: CANTIDAD
A9: 3.8 | B9: =+VLOOKUP(A9,PRESUPUESTO!$A$6:$F$93,2,FALSE) -> Adecuacion que incluye Pintura de estructura metalica, tapizado de las sillas,suministro e instalacion de dos faroles con sus bombillos. Decoracion con follaje y flores navideñas en la cubierta y Suministro e instalacion de Letrereo en Madera y pintura para exterior con Mensaje "NAVIDAD EN EL GALLINERAL" | K9: =+VLOOKUP(A9,PRESUPUESTO!$A$6:$F$93,3,FALSE) -> UND | M9: =+VLOOKUP(A9,PRESUPUESTO!$A$6:$F$93,4,FALSE) -> 1
A10: I. EQUIPO
A13: DESCRIPCIÓN | F13: MARCA | H13: TIPO | J13: TARIFA/HORA | K13: RENDIMIENTO | M13: Vr. UNITARIO
A14: HERRAMIENTA MENOR | J14: =M42 -> 123271.2 | K14: 0.6 | M14: =J14*K14 -> 73962.72
A15: =+PRECIOS!C14 -> TALADRO (electrico)
A16: =PRECIOS!C11 -> ANDAMIO + TABLÓN | J16: =PRECIOS!H11 -> 2500 | K16: 0.5 | M16: =J16*K16 -> 1250
A17: EQUIPO DE TRABAJO EN ALTURA | J17: =PRECIOS!H13 -> 51000 | K17: 0.5 | M17: =J17*K17 -> 25500
A18: SUBTOTAL $ | M18: =SUM(M14:M17) -> 100712.72
A19: II. MATERIALES
A22: DESCRIPCIÓN | I22: UNIDAD | J22: CANTIDAD | K22: PRECIO UNIT. | M22: Vr. UNITARIO
A23: Pintura | I23: M | J23: 1 | K23: 485000 | M23: =J23*K23 -> 485000
A24: Faroles | J24: 2 | K24: 125000 | M24: =J24*K24 -> 250000
A25: letrero en madera | J25: 1 | L25: 550000 | M25: =L25 -> 550000
A26: SUBTOTAL $ | M26: =SUM(M23:M25) -> 1285000
A27: III. TRANSPORTES
A30: MATERIAL | H30: VOL. o PESO | I30: DISTANCIA/RENDIMIENTO | J30: M3 o Ton/Km | K30: TARIFA | M30: Vr. UNITARIO
A31: =+PRECIOS!C21 -> TRANSPORTE TIPO ACARREO | H31: 1 | I31: 0.5 | K31: =+PRECIOS!J21 -> 80000 | M31: =+K31*I31*H31 -> 40000
A33: SUBTOTAL $ | M33: =SUM(M31:M32) -> 40000
A34: IV. MANO DE OBRA
A37: TRABAJADOR | G37: CANT. | H37: JORNAL | I37: PRESTACIONES | J37: JORNAL TOTAL | K37: RENDIMIENTO | M37: Vr. UNITARIO
A38: =+PRECIOS!C30 -> OFICIAL ELECTRICISTA | G38: 1 | H38: =VLOOKUP(A38,'Salarios OBRA'!$B$7:$I$58,4,FALSE) -> 116667 | I38: =VLOOKUP(A38,'Salarios OBRA'!$B$7:$I$58,7,FALSE) -> 99976 | J38: =+I38+H38 -> 216643 | K38: 5 | M38: =J38/K38 -> 43328.6
A39: =+PRECIOS!C31 -> AYUDANTE ELECTRICIDAD | G39: 1 | H39: =VLOOKUP(A39,'Salarios OBRA'!$B$7:$I$58,4,FALSE) -> 90000 | I39: =VLOOKUP(A39,'Salarios OBRA'!$B$7:$I$58,7,FALSE) -> 78643 | J39: =+I39+H39 -> 168643 | K39: 5 | M39: =J39/K39 -> 33728.6
A40: =+PRECIOS!C27 -> AYUDANTE DE OBRA | G40: 1 | H40: =VLOOKUP(A40,'Salarios OBRA'!$B$7:$I$58,4,FALSE) -> 73333 | I40: =VLOOKUP(A40,'Salarios OBRA'!$B$7:$I$58,7,FALSE) -> 65309 | J40: =+I40+H40 -> 138642 | K40: 3 | M40: =J40/K40 -> 46214
A42: SUBTOTAL $ | M42: =SUM(M38:M41) -> 123271.2
A44: TOTAL COSTO | M44: =ROUND(M42+M33+M26+M18,0) -> 1548984

Sheet 4.1
A2: ANALISIS DE PRECIOS UNITARIOS
A3: ENTIDAD | D3: =+PRESUPUESTO!B3 -> INSTITUTO DE CULTURA Y TURISMO SAN GIL
A4: PROYECTO: | D4: =+PRESUPUESTO!B4 -> ENSAMBLE, MONTAJE E INSTALACIÓN DE ALUMBRADO NAVIDEÑO (ORNAMENTAL Y DECORATIVO) EN LAS INSTALACIONES DEL PARQUE NATURAL EL GALLINERAL DEL MUNICIPIO DE SAN GIL, SANTANDER
A5: =+[1]AIU!$B$6 -> PROCESO
A6: LOCALIZACION: | D6: =[2]INFORMACION!$A$6 -> SAN GIL, SANTANDER | H6: FECHA: | I6: 46296
A8: ITEM | B8: DESCRIPCIÓN | K8: UNIDAD | M8: CANTIDAD
A9: 4 | B9: =+VLOOKUP(A9,PRESUPUESTO!$A$6:$F$93,2,FALSE) -> Suministro e intalacion de Luz lineal calida, instalada en forma de arco, 6 (seis) metros cada uno. voltaje 110 . | K9: =+VLOOKUP(A9,PRESUPUESTO!$A$6:$F$93,3,FALSE) -> UND | M9: =+VLOOKUP(A9,PRESUPUESTO!$A$6:$F$93,4,FALSE) -> 48
A10: I. EQUIPO
A13: DESCRIPCIÓN | F13: MARCA | H13: TIPO | J13: TARIFA/HORA | K13: RENDIMIENTO | M13: Vr. UNITARIO
A14: HERRAMIENTA MENOR | J14: =M40 -> 13847.621 | K14: 0.15 | M14: =J14*K14 -> 2077.1431
A15: =+PRECIOS!C14 -> TALADRO (electrico)
A17: SUBTOTAL $ | M17: =SUM(M14:M16) -> 2077.1431
A18: II. MATERIALES
A21: DESCRIPCIÓN | I21: UNIDAD | J21: CANTIDAD | K21: PRECIO UNIT. | M21: Vr. UNITARIO
A22: Extension | I22: M | J22: 6 | K22: 2000 | M22: =J22*K22 -> 12000
M23: =J23*K23 -> 0
A24: SUBTOTAL $ | M24: =SUM(M22:M23) -> 12000
A25: III. TRANSPORTES
A28: MATERIAL | H28: VOL. o PESO | I28: DISTANCIA/RENDIMIENTO | J28: M3 o Ton/Km | K28: TARIFA | M28: Vr. UNITARIO
A29: =+PRECIOS!C21 -> TRANSPORTE TIPO ACARREO | H29: 1 | I29: 0.1 | K29: =+PRECIOS!J21 -> 80000 | M29: =+K29*I29*H29 -> 8000
A31: SUBTOTAL $ | M31: =SUM(M29:M30) -> 8000
A32: IV. MANO DE OBRA
A35: TRABAJADOR | G35: CANT. | H35: JORNAL | I35: PRESTACIONES | J35: JORNAL TOTAL | K35: RENDIMIENTO | M35: Vr. UNITARIO
A36: =+PRECIOS!C30 -> OFICIAL ELECTRICISTA | G36: 1 | H36: =VLOOKUP(A36,'Salarios OBRA'!$B$7:$I$58,4,FALSE) -> 116667 | I36: =VLOOKUP(A36,'Salarios OBRA'!$B$7:$I$58,7,FALSE) -> 99976 | J36: =+I36+H36 -> 216643 | K36: 30 | M36: =J36/K36 -> 7221.4333
A37: =+PRECIOS!C31 -> AYUDANTE ELECTRICIDAD | G37: 1 | H37: =VLOOKUP(A37,'Salarios OBRA'!$B$7:$I$58,4,FALSE) -> 90000 | I37: =VLOOKUP(A37,'Salarios OBRA'!$B$7:$I$58,7,FALSE) -> 78643 | J37: =+I37+H37 -> 168643 | K37: 30 | M37: =J37/K37 -> 5621.4333
A38: =+PRECIOS!C27 -> AYUDANTE DE OBRA | G38: 1 | I38: =VLOOKUP(A38,'Salarios OBRA'!$B$7:$I$58,7,FALSE) -> 65309 | J38: =+I38+H38 -> 65309 | K38: 65 | M38: =J38/K38 -> 1004.7538
A40: SUBTOTAL $ | M40: =SUM(M36:M39) -> 13847.621
A42: TOTAL COSTO | M42: =ROUND(M40+M31+M24+M17,0) -> 35925

Sheet 5.1
A2: ANALISIS DE PRECIOS UNITARIOS
A3: ENTIDAD | D3: =+PRESUPUESTO!B3 -> INSTITUTO DE CULTURA Y TURISMO SAN GIL
A4: PROYECTO: | D4: =+PRESUPUESTO!B4 -> ENSAMBLE, MONTAJE E INSTALACIÓN DE ALUMBRADO NAVIDEÑO (ORNAMENTAL Y DECORATIVO) EN LAS INSTALACIONES DEL PARQUE NATURAL EL GALLINERAL DEL MUNICIPIO DE SAN GIL, SANTANDER
A5: =+[1]AIU!$B$6 -> PROCESO
A6: LOCALIZACION: | D6: =[2]INFORMACION!$A$6 -> SAN GIL, SANTANDER | H6: FECHA: | I6: 46296
A8: ITEM | B8: DESCRIPCIÓN | K8: UNIDAD | M8: CANTIDAD
A9: 5.1 | B9: =+VLOOKUP(A9,PRESUPUESTO!$A$6:$F$93,2,FALSE) -> Suministro e Instalacion de faroles metalicos color negro en cada fuente. Incluye bombillo decorativo luz led calida. Voltaje 4 v. | K9: =+VLOOKUP(A9,PRESUPUESTO!$A$6:$F$93,3,FALSE) -> UND | M9: =+VLOOKUP(A9,PRESUPUESTO!$A$6:$F$93,4,FALSE) -> 5
A10: I. EQUIPO
A13: DESCRIPCIÓN | F13: MARCA | H13: TIPO | J13: TARIFA/HORA | K13: RENDIMIENTO | M13: Vr. UNITARIO
A14: HERRAMIENTA MENOR | J14: =M41 -> 20897.025 | K14: 0.15 | M14: =J14*K14 -> 3134.5537
A15: =+PRECIOS!C14 -> TALADRO (electrico)
A17: SUBTOTAL $ | M17: =SUM(M14:M16) -> 3134.5537
A18: II. MATERIALES
A21: DESCRIPCIÓN | I21: UNIDAD | J21: CANTIDAD | K21: PRECIO UNIT. | M21: Vr. UNITARIO
A22: Farol metálico color negro | I22: UND | J22: 1 | K22: 55000 | M22: =J22*K22 -> 55000
A23: Bombillo decorativo LED luz cálida, 4 V | I23: UND | J23: 1 | K23: 15000 | M23: =J23*K23 -> 15000
A24: Accesorios de fijación y conexión | I24: UND | J24: 1 | L24: 5000 | M24: =L24 -> 5000
A25: SUBTOTAL $ | M25: =SUM(M22:M24) -> 75000
A26: III. TRANSPORTES
A29: MATERIAL | H29: VOL. o PESO | I29: DISTANCIA/RENDIMIENTO | J29: M3 o Ton/Km | K29: TARIFA | M29: Vr. UNITARIO
A30: =+PRECIOS!C21 -> TRANSPORTE TIPO ACARREO | H30: 1 | I30: 0.2 | K30: =+PRECIOS!J21 -> 80000 | M30: =+K30*I30*H30 -> 16000
A32: SUBTOTAL $ | M32: =SUM(M30:M31) -> 16000
A33: IV. MANO DE OBRA
A36: TRABAJADOR | G36: CANT. | H36: JORNAL | I36: PRESTACIONES | J36: JORNAL TOTAL | K36: RENDIMIENTO | M36: Vr. UNITARIO
A37: =+PRECIOS!C30 -> OFICIAL ELECTRICISTA | G37: 1 | H37: =VLOOKUP(A37,'Salarios OBRA'!$B$7:$I$58,4,FALSE) -> 116667 | I37: =VLOOKUP(A37,'Salarios OBRA'!$B$7:$I$58,7,FALSE) -> 99976 | J37: =+I37+H37 -> 216643 | K37: 20 | M37: =J37/K37 -> 10832.15
A38: =+PRECIOS!C31 -> AYUDANTE ELECTRICIDAD | G38: 1 | H38: =VLOOKUP(A38,'Salarios OBRA'!$B$7:$I$58,4,FALSE) -> 90000 | I38: =VLOOKUP(A38,'Salarios OBRA'!$B$7:$I$58,7,FALSE) -> 78643 | J38: =+I38+H38 -> 168643 | K38: 20 | M38: =J38/K38 -> 8432.15
A39: =+PRECIOS!C27 -> AYUDANTE DE OBRA | G39: 1 | I39: =VLOOKUP(A39,'Salarios OBRA'!$B$7:$I$58,7,FALSE) -> 65309 | J39: =+I39+H39 -> 65309 | K39: 40 | M39: =J39/K39 -> 1632.725
A41: SUBTOTAL $ | M41: =SUM(M37:M40) -> 20897.025
A43: TOTAL COSTO | M43: =ROUND(M41+M32+M25+M17,0) -> 115032

Sheet 5.2
A2: ANALISIS DE PRECIOS UNITARIOS
A3: ENTIDAD | D3: =+PRESUPUESTO!B3 -> INSTITUTO DE CULTURA Y TURISMO SAN GIL
A4: PROYECTO: | D4: =+PRESUPUESTO!B4 -> ENSAMBLE, MONTAJE E INSTALACIÓN DE ALUMBRADO NAVIDEÑO (ORNAMENTAL Y DECORATIVO) EN LAS INSTALACIONES DEL PARQUE NATURAL EL GALLINERAL DEL MUNICIPIO DE SAN GIL, SANTANDER
A5: =+[1]AIU!$B$6 -> PROCESO
A6: LOCALIZACION: | D6: =[2]INFORMACION!$A$6 -> SAN GIL, SANTANDER | H6: FECHA: | I6: 46296
A8: ITEM | B8: DESCRIPCIÓN | K8: UNIDAD | M8: CANTIDAD
A9: 5.2 | B9: =+VLOOKUP(A9,PRESUPUESTO!$A$6:$F$93,2,FALSE) -> Suministro e instalacion de luz lineal calida para las plantas de las fuentes. Extension de 6 mts color cable verde. 110 voltios v. | K9: =+VLOOKUP(A9,PRESUPUESTO!$A$6:$F$93,3,FALSE) -> UND | M9: =+VLOOKUP(A9,PRESUPUESTO!$A$6:$F$93,4,FALSE) -> 5
A10: I. EQUIPO
A13: DESCRIPCIÓN | F13: MARCA | H13: TIPO | J13: TARIFA/HORA | K13: RENDIMIENTO | M13: Vr. UNITARIO
A14: HERRAMIENTA MENOR | J14: =M41 -> 13931.35 | K14: 0.15 | M14: =J14*K14 -> 2089.7025
A15: =+PRECIOS!C14 -> TALADRO (electrico)
A17: SUBTOTAL $ | M17: =SUM(M14:M16) -> 2089.7025
A18: II. MATERIALES
A21: DESCRIPCIÓN | I21: UNIDAD | J21: CANTIDAD | K21: PRECIO UNIT. | M21: Vr. UNITARIO
A22: Extensión luminosa lineal LED cálida, cable verde, 110 V | I22: UND | J22: 1 | K22: 17500 | M22: =J22*K22 -> 17500
M23: =J23*K23 -> 0
A25: SUBTOTAL $ | M25: =SUM(M22:M24) -> 17500
A26: III. TRANSPORTES
A29: MATERIAL | H29: VOL. o PESO | I29: DISTANCIA/RENDIMIENTO | J29: M3 o Ton/Km | K29: TARIFA | M29: Vr. UNITARIO
A30: =+PRECIOS!C21 -> TRANSPORTE TIPO ACARREO | H30: 1 | I30: 0.2 | K30: =+PRECIOS!J21 -> 80000 | M30: =+K30*I30*H30 -> 16000
A32: SUBTOTAL $ | M32: =SUM(M30:M31) -> 16000
A33: IV. MANO DE OBRA
A36: TRABAJADOR | G36: CANT. | H36: JORNAL | I36: PRESTACIONES | J36: JORNAL TOTAL | K36: RENDIMIENTO | M36: Vr. UNITARIO
A37: =+PRECIOS!C30 -> OFICIAL ELECTRICISTA | G37: 1 | H37: =VLOOKUP(A37,'Salarios OBRA'!$B$7:$I$58,4,FALSE) -> 116667 | I37: =VLOOKUP(A37,'Salarios OBRA'!$B$7:$I$58,7,FALSE) -> 99976 | J37: =+I37+H37 -> 216643 | K37: 30 | M37: =J37/K37 -> 7221.4333
A38: =+PRECIOS!C31 -> AYUDANTE ELECTRICIDAD | G38: 1 | H38: =VLOOKUP(A38,'Salarios OBRA'!$B$7:$I$58,4,FALSE) -> 90000 | I38: =VLOOKUP(A38,'Salarios OBRA'!$B$7:$I$58,7,FALSE) -> 78643 | J38: =+I38+H38 -> 168643 | K38: 30 | M38: =J38/K38 -> 5621.4333
A39: =+PRECIOS!C27 -> AYUDANTE DE OBRA | G39: 1 | I39: =VLOOKUP(A39,'Salarios OBRA'!$B$7:$I$58,7,FALSE) -> 65309 | J39: =+I39+H39 -> 65309 | K39: 60 | M39: =J39/K39 -> 1088.4833
A41: SUBTOTAL $ | M41: =SUM(M37:M40) -> 13931.35
A43: TOTAL COSTO | M43: =ROUND(M41+M32+M25+M17,0) -> 49521

Sheet 5.3
A2: ANALISIS DE PRECIOS UNITARIOS
A3: ENTIDAD | D3: =+PRESUPUESTO!B3 -> INSTITUTO DE CULTURA Y TURISMO SAN GIL
A4: PROYECTO: | D4: =+PRESUPUESTO!B4 -> ENSAMBLE, MONTAJE E INSTALACIÓN DE ALUMBRADO NAVIDEÑO (ORNAMENTAL Y DECORATIVO) EN LAS INSTALACIONES DEL PARQUE NATURAL EL GALLINERAL DEL MUNICIPIO DE SAN GIL, SANTANDER
A5: =+[1]AIU!$B$6 -> PROCESO
A6: LOCALIZACION: | D6: =[2]INFORMACION!$A$6 -> SAN GIL, SANTANDER | H6: FECHA: | I6: 46296
A8: ITEM | B8: DESCRIPCIÓN | K8: UNIDAD | M8: CANTIDAD
A9: 5.3 | B9: =+VLOOKUP(A9,PRESUPUESTO!$A$6:$F$93,2,FALSE) -> Pintura del techo y las lamina de las fuentes en colores navideños.(incluido en el Item de Mano de Obra) | K9: =+VLOOKUP(A9,PRESUPUESTO!$A$6:$F$93,3,FALSE) -> UND | M9: =+VLOOKUP(A9,PRESUPUESTO!$A$6:$F$93,4,FALSE) -> 5
A10: I. EQUIPO
A13: DESCRIPCIÓN | F13: MARCA | H13: TIPO | J13: TARIFA/HORA | K13: RENDIMIENTO | M13: Vr. UNITARIO
A14: HERRAMIENTA MENOR | J14: =M41 -> 109711.7 | K14: 0.25 | M14: =J14*K14 -> 27427.925
A17: SUBTOTAL $ | M17: =SUM(M14:M16) -> 27427.925
A18: II. MATERIALES
A21: DESCRIPCIÓN | I21: UNIDAD | J21: CANTIDAD | K21: PRECIO UNIT. | M21: Vr. UNITARIO
I22: UND
M23: =J23*K23 -> 0
A25: SUBTOTAL $ | M25: =SUM(M22:M24) -> 0
A26: III. TRANSPORTES
A29: MATERIAL | H29: VOL. o PESO | I29: DISTANCIA/RENDIMIENTO | J29: M3 o Ton/Km | K29: TARIFA | M29: Vr. UNITARIO
A30: =+PRECIOS!C21 -> TRANSPORTE TIPO ACARREO | H30: 1 | I30: 0.5 | K30: =+PRECIOS!J21 -> 80000 | M30: =+K30*I30*H30 -> 40000
A32: SUBTOTAL $ | M32: =SUM(M30:M31) -> 40000
A33: IV. MANO DE OBRA
A36: TRABAJADOR | G36: CANT. | H36: JORNAL | I36: PRESTACIONES | J36: JORNAL TOTAL | K36: RENDIMIENTO | M36: Vr. UNITARIO
A37: =+PRECIOS!C30 -> OFICIAL ELECTRICISTA | G37: 1 | H37: =VLOOKUP(A37,'Salarios OBRA'!$B$7:$I$58,4,FALSE) -> 116667 | I37: =VLOOKUP(A37,'Salarios OBRA'!$B$7:$I$58,7,FALSE) -> 99976 | J37: =+I37+H37 -> 216643 | K37: 5 | M37: =J37/K37 -> 43328.6
A38: =+PRECIOS!C31 -> AYUDANTE ELECTRICIDAD | G38: 1 | H38: =VLOOKUP(A38,'Salarios OBRA'!$B$7:$I$58,4,FALSE) -> 90000 | I38: =VLOOKUP(A38,'Salarios OBRA'!$B$7:$I$58,7,FALSE) -> 78643 | J38: =+I38+H38 -> 168643 | K38: 5 | M38: =J38/K38 -> 33728.6
A39: =+PRECIOS!C27 -> AYUDANTE DE OBRA | G39: 1 | I39: =VLOOKUP(A39,'Salarios OBRA'!$B$7:$I$58,7,FALSE) -> 65309 | J39: =+I39+H39 -> 65309 | K39: 2 | M39: =J39/K39 -> 32654.5
A41: SUBTOTAL $ | M41: =SUM(M37:M40) -> 109711.7
A43: TOTAL COSTO | M43: =ROUND(M41+M32+M25+M17,0) -> 177140

Sheet 5.4
A2: ANALISIS DE PRECIOS UNITARIOS
A3: ENTIDAD | D3: =+PRESUPUESTO!B3 -> INSTITUTO DE CULTURA Y TURISMO SAN GIL
A4: PROYECTO: | D4: =+PRESUPUESTO!B4 -> ENSAMBLE, MONTAJE E INSTALACIÓN DE ALUMBRADO NAVIDEÑO (ORNAMENTAL Y DECORATIVO) EN LAS INSTALACIONES DEL PARQUE NATURAL EL GALLINERAL DEL MUNICIPIO DE SAN GIL, SANTANDER
A5: =+[1]AIU!$B$6 -> PROCESO
A6: LOCALIZACION: | D6: =[2]INFORMACION!$A$6 -> SAN GIL, SANTANDER | H6: FECHA: | I6: 46296
A8: ITEM | B8: DESCRIPCIÓN | K8: UNIDAD | M8: CANTIDAD
A9: 5.4 | B9: =+VLOOKUP(A9,PRESUPUESTO!$A$6:$F$93,2,FALSE) -> Suministro e instalacion de lampara de Luces indirectas para jardin. Luz calida. Voltaje 5 v. | K9: =+VLOOKUP(A9,PRESUPUESTO!$A$6:$F$93,3,FALSE) -> UND | M9: =+VLOOKUP(A9,PRESUPUESTO!$A$6:$F$93,4,FALSE) -> 2
A10: I. EQUIPO
A13: DESCRIPCIÓN | F13: MARCA | H13: TIPO | J13: TARIFA/HORA | K13: RENDIMIENTO | M13: Vr. UNITARIO
A14: HERRAMIENTA MENOR | J14: =M41 -> 14475.592 | K14: 0.25 | M14: =J14*K14 -> 3618.8979
A17: SUBTOTAL $ | M17: =SUM(M14:M16) -> 3618.8979
A18: II. MATERIALES
A21: DESCRIPCIÓN | I21: UNIDAD | J21: CANTIDAD | K21: PRECIO UNIT. | M21: Vr. UNITARIO
A22: Lámpara LED para jardín, luz cálida, 5 V | I22: UND | J22: 1 | K22: 35000 | M22: =K22 -> 35000
A23: Cableado y accesorios de conexión | I23: UND | J23: 1 | K23: 12000 | M23: =J23*K23 -> 12000
A25: SUBTOTAL $ | M25: =SUM(M22:M24) -> 47000
A26: III. TRANSPORTES
A29: MATERIAL | H29: VOL. o PESO | I29: DISTANCIA/RENDIMIENTO | J29: M3 o Ton/Km | K29: TARIFA | M29: Vr. UNITARIO
A30: =+PRECIOS!C21 -> TRANSPORTE TIPO ACARREO | H30: 1 | I30: 0.2 | K30: =+PRECIOS!J21 -> 80000 | M30: =+K30*I30*H30 -> 16000
A32: SUBTOTAL $ | M32: =SUM(M30:M31) -> 16000
A33: IV. MANO DE OBRA
A36: TRABAJADOR | G36: CANT. | H36: JORNAL | I36: PRESTACIONES | J36: JORNAL TOTAL | K36: RENDIMIENTO | M36: Vr. UNITARIO
A37: =+PRECIOS!C30 -> OFICIAL ELECTRICISTA | G37: 1 | H37: =VLOOKUP(A37,'Salarios OBRA'!$B$7:$I$58,4,FALSE) -> 116667 | I37: =VLOOKUP(A37,'Salarios OBRA'!$B$7:$I$58,7,FALSE) -> 99976 | J37: =+I37+H37 -> 216643 | K37: 30 | M37: =J37/K37 -> 7221.4333
A38: =+PRECIOS!C31 -> AYUDANTE ELECTRICIDAD | G38: 1 | H38: =VLOOKUP(A38,'Salarios OBRA'!$B$7:$I$58,4,FALSE) -> 90000 | I38: =VLOOKUP(A38,'Salarios OBRA'!$B$7:$I$58,7,FALSE) -> 78643 | J38: =+I38+H38 -> 168643 | K38: 30 | M38: =J38/K38 -> 5621.4333
A39: =+PRECIOS!C27 -> AYUDANTE DE OBRA | G39: 1 | I39: =VLOOKUP(A39,'Salarios OBRA'!$B$7:$I$58,7,FALSE) -> 65309 | J39: =+I39+H39 -> 65309 | K39: 40 | M39: =J39/K39 -> 1632.725
A41: SUBTOTAL $ | M41: =SUM(M37:M40) -> 14475.592
A43: TOTAL COSTO | M43: =ROUND(M41+M32+M25+M17,0) -> 81094

Sheet 5.5
A2: ANALISIS DE PRECIOS UNITARIOS
A3: ENTIDAD | D3: =+PRESUPUESTO!B3 -> INSTITUTO DE CULTURA Y TURISMO SAN GIL
A4: PROYECTO: | D4: =+PRESUPUESTO!B4 -> ENSAMBLE, MONTAJE E INSTALACIÓN DE ALUMBRADO NAVIDEÑO (ORNAMENTAL Y DECORATIVO) EN LAS INSTALACIONES DEL PARQUE NATURAL EL GALLINERAL DEL MUNICIPIO DE SAN GIL, SANTANDER
A5: =+[1]AIU!$B$6 -> PROCESO
A6: LOCALIZACION: | D6: =[2]INFORMACION!$A$6 -> SAN GIL, SANTANDER | H6: FECHA: | I6: 46296
A8: ITEM | B8: DESCRIPCIÓN | K8: UNIDAD | M8: CANTIDAD
A9: 5.5 | B9: =+VLOOKUP(A9,PRESUPUESTO!$A$6:$F$93,2,FALSE) -> Suministro de planta Ponsetias enmatera negra plastica; para darle volumen y color navideño arreglo central | K9: =+VLOOKUP(A9,PRESUPUESTO!$A$6:$F$93,3,FALSE) -> UND | M9: =+VLOOKUP(A9,PRESUPUESTO!$A$6:$F$93,4,FALSE) -> 3
A10: I. EQUIPO
A13: DESCRIPCIÓN | F13: MARCA | H13: TIPO | J13: TARIFA/HORA | K13: RENDIMIENTO | M13: Vr. UNITARIO
A14: HERRAMIENTA MENOR | J14: =M41 -> 7509.9167 | K14: 0.15 | M14: =J14*K14 -> 1126.4875
A17: SUBTOTAL $ | M17: =SUM(M14:M16) -> 1126.4875
A18: II. MATERIALES
A21: DESCRIPCIÓN | I21: UNIDAD | J21: CANTIDAD | K21: PRECIO UNIT. | M21: Vr. UNITARIO
A22: Planta Poinsettia (flor de Navidad) | I22: UND | J22: 1 | K22: 7500 | M22: =K22 -> 7500
A23: Matera plástica negra | I23: UND | J23: 1 | K23: 2500 | M23: =J23*K23 -> 2500
A25: SUBTOTAL $ | M25: =SUM(M22:M24) -> 10000
A26: III. TRANSPORTES
A29: MATERIAL | H29: VOL. o PESO | I29: DISTANCIA/RENDIMIENTO | J29: M3 o Ton/Km | K29: TARIFA | M29: Vr. UNITARIO
A30: =+PRECIOS!C21 -> TRANSPORTE TIPO ACARREO | H30: 1 | I30: 0.1 | K30: =+PRECIOS!J21 -> 80000 | M30: =+K30*I30*H30 -> 8000
A32: SUBTOTAL $ | M32: =SUM(M30:M31) -> 8000
A33: IV. MANO DE OBRA
A36: TRABAJADOR | G36: CANT. | H36: JORNAL | I36: PRESTACIONES | J36: JORNAL TOTAL | K36: RENDIMIENTO | M36: Vr. UNITARIO
A37: =+PRECIOS!C30 -> OFICIAL ELECTRICISTA | G37: 1 | H37: =VLOOKUP(A37,'Salarios OBRA'!$B$7:$I$58,4,FALSE) -> 116667 | I37: =VLOOKUP(A37,'Salarios OBRA'!$B$7:$I$58,7,FALSE) -> 99976 | J37: =+I37+H37 -> 216643 | K37: 60 | M37: =J37/K37 -> 3610.7167
A38: =+PRECIOS!C31 -> AYUDANTE ELECTRICIDAD | G38: 1 | H38: =VLOOKUP(A38,'Salarios OBRA'!$B$7:$I$58,4,FALSE) -> 90000 | I38: =VLOOKUP(A38,'Salarios OBRA'!$B$7:$I$58,7,FALSE) -> 78643 | J38: =+I38+H38 -> 168643 | K38: 60 | M38: =J38/K38 -> 2810.7167
A39: =+PRECIOS!C27 -> AYUDANTE DE OBRA | G39: 1 | I39: =VLOOKUP(A39,'Salarios OBRA'!$B$7:$I$58,7,FALSE) -> 65309 | J39: =+I39+H39 -> 65309 | K39: 60 | M39: =J39/K39 -> 1088.4833
A41: SUBTOTAL $ | M41: =SUM(M37:M40) -> 7509.9167
A43: TOTAL COSTO | M43: =ROUND(M41+M32+M25+M17,0) -> 26636

Sheet 6.1
A2: ANALISIS DE PRECIOS UNITARIOS
A3: ENTIDAD | D3: =+PRESUPUESTO!B3 -> INSTITUTO DE CULTURA Y TURISMO SAN GIL
A4: PROYECTO: | D4: =+PRESUPUESTO!B4 -> ENSAMBLE, MONTAJE E INSTALACIÓN DE ALUMBRADO NAVIDEÑO (ORNAMENTAL Y DECORATIVO) EN LAS INSTALACIONES DEL PARQUE NATURAL EL GALLINERAL DEL MUNICIPIO DE SAN GIL, SANTANDER
A5: =+[1]AIU!$B$6 -> PROCESO
A6: LOCALIZACION: | D6: =[2]INFORMACION!$A$6 -> SAN GIL, SANTANDER | H6: FECHA: | I6: 46296
A8: ITEM | B8: DESCRIPCIÓN | K8: UNIDAD | M8: CANTIDAD
A9: 6.1 | B9: =+VLOOKUP(A9,PRESUPUESTO!$A$6:$F$93,2,FALSE) -> Suministro e instalacion de Reflectores de colores alrededor de la iguana.RGB 50 w. Voltaje 110 v | K9: =+VLOOKUP(A9,PRESUPUESTO!$A$6:$F$93,3,FALSE) -> UND | M9: =+VLOOKUP(A9,PRESUPUESTO!$A$6:$F$93,4,FALSE) -> 2
A10: I. EQUIPO
A13: DESCRIPCIÓN | F13: MARCA | H13: TIPO | J13: TARIFA/HORA | K13: RENDIMIENTO | M13: Vr. UNITARIO
A14: HERRAMIENTA MENOR | J14: =M40 -> 22730.35 | K14: 0.05 | M14: =J14*K14 -> 1136.5175
A15: =+PRECIOS!C14 -> TALADRO (electrico) | J15: =+PRECIOS!J15 -> 50000 | K15: 10 | M15: =+J15/K15 -> 5000
A17: SUBTOTAL $ | M17: =SUM(M14:M16) -> 6136.5175
A18: II. MATERIALES
A21: DESCRIPCIÓN | I21: UNIDAD | J21: CANTIDAD | K21: PRECIO UNIT. | M21: Vr. UNITARIO
A22: Reflector LED RGB de 50 W, 110 V | I22: UND | J22: 1 | K22: 45000 | M22: =K22 -> 45000
A23: Cableado eléctrico y accesorios de conexión | I23: UND | J23: 1 | K23: 18000 | M23: =K23 -> 18000
A24: SUBTOTAL $ | M24: =SUM(M22:M23) -> 63000
A25: III. TRANSPORTES
A28: MATERIAL | H28: VOL. o PESO | I28: DISTANCIA/RENDIMIENTO | J28: M3 o Ton/Km | K28: TARIFA | M28: Vr. UNITARIO
A29: =+PRECIOS!C21 -> TRANSPORTE TIPO ACARREO | H29: 1 | I29: 0.15 | K29: =+PRECIOS!J21 -> 80000 | M29: =+K29*I29*H29 -> 12000
A31: SUBTOTAL $ | M31: =SUM(M29:M30) -> 12000
A32: IV. MANO DE OBRA
A35: TRABAJADOR | G35: CANT. | H35: JORNAL | I35: PRESTACIONES | J35: JORNAL TOTAL | K35: RENDIMIENTO | M35: Vr. UNITARIO
A36: =+PRECIOS!C30 -> OFICIAL ELECTRICISTA | G36: 1 | H36: =VLOOKUP(A36,'Salarios OBRA'!$B$7:$I$58,4,FALSE) -> 116667 | I36: =VLOOKUP(A36,'Salarios OBRA'!$B$7:$I$58,7,FALSE) -> 99976 | J36: =+I36+H36 -> 216643 | K36: 20 | M36: =J36/K36 -> 10832.15
A37: =+PRECIOS!C31 -> AYUDANTE ELECTRICIDAD | G37: 1 | H37: =VLOOKUP(A37,'Salarios OBRA'!$B$7:$I$58,4,FALSE) -> 90000 | I37: =VLOOKUP(A37,'Salarios OBRA'!$B$7:$I$58,7,FALSE) -> 78643 | J37: =+I37+H37 -> 168643 | K37: 20 | M37: =J37/K37 -> 8432.15
A38: =+PRECIOS!C27 -> AYUDANTE DE OBRA | G38: 1 | H38: =VLOOKUP(A38,'Salarios OBRA'!$B$7:$I$58,4,FALSE) -> 73333 | I38: =VLOOKUP(A38,'Salarios OBRA'!$B$7:$I$58,7,FALSE) -> 65309 | J38: =+I38+H38 -> 138642 | K38: 40 | M38: =J38/K38 -> 3466.05
A40: SUBTOTAL $ | M40: =SUM(M36:M39) -> 22730.35
A42: TOTAL COSTO | M42: =ROUND(M40+M31+M24+M17,0) -> 103867

Sheet 6.2
A2: ANALISIS DE PRECIOS UNITARIOS
A3: ENTIDAD | D3: =+PRESUPUESTO!B3 -> INSTITUTO DE CULTURA Y TURISMO SAN GIL
A4: PROYECTO: | D4: =+PRESUPUESTO!B4 -> ENSAMBLE, MONTAJE E INSTALACIÓN DE ALUMBRADO NAVIDEÑO (ORNAMENTAL Y DECORATIVO) EN LAS INSTALACIONES DEL PARQUE NATURAL EL GALLINERAL DEL MUNICIPIO DE SAN GIL, SANTANDER
A5: =+[1]AIU!$B$6 -> PROCESO
A6: LOCALIZACION: | D6: =[2]INFORMACION!$A$6 -> SAN GIL, SANTANDER | H6: FECHA: | I6: 46296
A8: ITEM | B8: DESCRIPCIÓN | K8: UNIDAD | M8: CANTIDAD
A9: 6.2 | B9: =+VLOOKUP(A9,PRESUPUESTO!$A$6:$F$93,2,FALSE) -> Orillo de la Isla de la iguana iluminado con el Suministro e instalacion de cinta led calida. Area total 100 mts. | K9: =+VLOOKUP(A9,PRESUPUESTO!$A$6:$F$93,3,FALSE) -> UND | M9: =+VLOOKUP(A9,PRESUPUESTO!$A$6:$F$93,4,FALSE) -> 1
A10: I. EQUIPO
A13: DESCRIPCIÓN | F13: MARCA | H13: TIPO | J13: TARIFA/HORA | K13: RENDIMIENTO | M13: Vr. UNITARIO
A14: HERRAMIENTA MENOR | J14: =M40 -> 66257 | K14: 0.05 | M14: =J14*K14 -> 3312.85
A17: SUBTOTAL $ | M17: =SUM(M14:M16) -> 3312.85
A18: II. MATERIALES
A21: DESCRIPCIÓN | I21: UNIDAD | J21: CANTIDAD | K21: PRECIO UNIT. | M21: Vr. UNITARIO
A22: Cinta LED de luz cálida para exterior | I22: UND | J22: 100 | K22: 9250 | M22: =J22*K22 -> 925000
A24: SUBTOTAL $ | M24: =SUM(M22:M23) -> 925000
A25: III. TRANSPORTES
A28: MATERIAL | H28: VOL. o PESO | I28: DISTANCIA/RENDIMIENTO | J28: M3 o Ton/Km | K28: TARIFA | M28: Vr. UNITARIO
A29: =+PRECIOS!C21 -> TRANSPORTE TIPO ACARREO | H29: 1 | I29: 0.54 | K29: =+PRECIOS!J21 -> 80000 | M29: =+K29*I29*H29 -> 43200
A31: SUBTOTAL $ | M31: =SUM(M29:M30) -> 43200
A32: IV. MANO DE OBRA
A35: TRABAJADOR | G35: CANT. | H35: JORNAL | I35: PRESTACIONES | J35: JORNAL TOTAL | K35: RENDIMIENTO | M35: Vr. UNITARIO
A36: =+PRECIOS!C30 -> OFICIAL ELECTRICISTA | G36: 1 | H36: =VLOOKUP(A36,'Salarios OBRA'!$B$7:$I$58,4,FALSE) -> 116667 | I36: =VLOOKUP(A36,'Salarios OBRA'!$B$7:$I$58,7,FALSE) -> 99976 | J36: =+I36+H36 -> 216643 | K36: 10 | M36: =J36/K36 -> 21664.3
A37: =+PRECIOS!C31 -> AYUDANTE ELECTRICIDAD | G37: 1 | H37: =VLOOKUP(A37,'Salarios OBRA'!$B$7:$I$58,4,FALSE) -> 90000 | I37: =VLOOKUP(A37,'Salarios OBRA'!$B$7:$I$58,7,FALSE) -> 78643 | J37: =+I37+H37 -> 168643 | K37: 10 | M37: =J37/K37 -> 16864.3
A38: =+PRECIOS!C27 -> AYUDANTE DE OBRA | G38: 1 | H38: =VLOOKUP(A38,'Salarios OBRA'!$B$7:$I$58,4,FALSE) -> 73333 | I38: =VLOOKUP(A38,'Salarios OBRA'!$B$7:$I$58,7,FALSE) -> 65309 | J38: =+I38+H38 -> 138642 | K38: 5 | M38: =J38/K38 -> 27728.4
A40: SUBTOTAL $ | M40: =SUM(M36:M39) -> 66257
A42: TOTAL COSTO | M42: =ROUND(M40+M31+M24+M17,0) -> 1037770

Sheet 7.1
A2: ANALISIS DE PRECIOS UNITARIOS
A3: ENTIDAD | D3: =+PRESUPUESTO!B3 -> INSTITUTO DE CULTURA Y TURISMO SAN GIL
A4: PROYECTO: | D4: =+PRESUPUESTO!B4 -> ENSAMBLE, MONTAJE E INSTALACIÓN DE ALUMBRADO NAVIDEÑO (ORNAMENTAL Y DECORATIVO) EN LAS INSTALACIONES DEL PARQUE NATURAL EL GALLINERAL DEL MUNICIPIO DE SAN GIL, SANTANDER
A5: =+[1]AIU!$B$6 -> PROCESO
A6: LOCALIZACION: | D6: =[2]INFORMACION!$A$6 -> SAN GIL, SANTANDER | H6: FECHA: | I6: 46296
A8: ITEM | B8: DESCRIPCIÓN | K8: UNIDAD | M8: CANTIDAD
A9: 7.1 | B9: =+VLOOKUP(A9,PRESUPUESTO!$A$6:$F$93,2,FALSE) -> Suministro e instalacion de Reflectores RGB de 50 w. 110 v. | K9: =+VLOOKUP(A9,PRESUPUESTO!$A$6:$F$93,3,FALSE) -> UND | M9: =+VLOOKUP(A9,PRESUPUESTO!$A$6:$F$93,4,FALSE) -> 3
A10: I. EQUIPO
A13: DESCRIPCIÓN | F13: MARCA | H13: TIPO | J13: TARIFA/HORA | K13: RENDIMIENTO | M13: Vr. UNITARIO
A14: HERRAMIENTA MENOR | J14: =M40 -> 24654.24 | K14: 0.05 | M14: =J14*K14 -> 1232.712
A17: SUBTOTAL $ | M17: =SUM(M14:M16) -> 1232.712
A18: II. MATERIALES
A21: DESCRIPCIÓN | I21: UNIDAD | J21: CANTIDAD | K21: PRECIO UNIT. | M21: Vr. UNITARIO
A22: Reflector LED RGB de 50 W, 110 V | I22: UND | J22: 1 | K22: 45000 | M22: =J22*K22 -> 45000
A24: SUBTOTAL $ | M24: =SUM(M22:M23) -> 45000
A25: III. TRANSPORTES
A28: MATERIAL | H28: VOL. o PESO | I28: DISTANCIA/RENDIMIENTO | J28: M3 o Ton/Km | K28: TARIFA | M28: Vr. UNITARIO
A29: =+PRECIOS!C21 -> TRANSPORTE TIPO ACARREO | H29: 1 | I29: 0.4 | K29: =+PRECIOS!J21 -> 80000 | M29: =+K29*I29*H29 -> 32000
A31: SUBTOTAL $ | M31: =SUM(M29:M30) -> 32000
A32: IV. MANO DE OBRA
A35: TRABAJADOR | G35: CANT. | H35: JORNAL | I35: PRESTACIONES | J35: JORNAL TOTAL | K35: RENDIMIENTO | M35: Vr. UNITARIO
A36: =+PRECIOS!C30 -> OFICIAL ELECTRICISTA | G36: 1 | H36: =VLOOKUP(A36,'Salarios OBRA'!$B$7:$I$58,4,FALSE) -> 116667 | I36: =VLOOKUP(A36,'Salarios OBRA'!$B$7:$I$58,7,FALSE) -> 99976 | J36: =+I36+H36 -> 216643 | K36: 25 | M36: =J36/K36 -> 8665.72
A37: =+PRECIOS!C31 -> AYUDANTE ELECTRICIDAD | G37: 1 | H37: =VLOOKUP(A37,'Salarios OBRA'!$B$7:$I$58,4,FALSE) -> 90000 | I37: =VLOOKUP(A37,'Salarios OBRA'!$B$7:$I$58,7,FALSE) -> 78643 | J37: =+I37+H37 -> 168643 | K37: 25 | M37: =J37/K37 -> 6745.72
A38: =+PRECIOS!C27 -> AYUDANTE DE OBRA | G38: 1 | H38: =VLOOKUP(A38,'Salarios OBRA'!$B$7:$I$58,4,FALSE) -> 73333 | I38: =VLOOKUP(A38,'Salarios OBRA'!$B$7:$I$58,7,FALSE) -> 65309 | J38: =+I38+H38 -> 138642 | K38: 15 | M38: =J38/K38 -> 9242.8
A40: SUBTOTAL $ | M40: =SUM(M36:M39) -> 24654.24
A42: TOTAL COSTO | M42: =ROUND(M40+M31+M24+M17,0) -> 102887

Sheet 7.2
A2: ANALISIS DE PRECIOS UNITARIOS
A3: ENTIDAD | D3: =+PRESUPUESTO!B3 -> INSTITUTO DE CULTURA Y TURISMO SAN GIL
A4: PROYECTO: | D4: =+PRESUPUESTO!B4 -> ENSAMBLE, MONTAJE E INSTALACIÓN DE ALUMBRADO NAVIDEÑO (ORNAMENTAL Y DECORATIVO) EN LAS INSTALACIONES DEL PARQUE NATURAL EL GALLINERAL DEL MUNICIPIO DE SAN GIL, SANTANDER
A5: =+[1]AIU!$B$6 -> PROCESO
A6: LOCALIZACION: | D6: =[2]INFORMACION!$A$6 -> SAN GIL, SANTANDER | H6: FECHA: | I6: 46296
A8: ITEM | B8: DESCRIPCIÓN | K8: UNIDAD | M8: CANTIDAD
A9: 7.2 | B9: =+VLOOKUP(A9,PRESUPUESTO!$A$6:$F$93,2,FALSE) -> Sumnistro de Planta ponsetias en matera plastica negra, ubicadas Alrededor de la banca . | K9: =+VLOOKUP(A9,PRESUPUESTO!$A$6:$F$93,3,FALSE) -> UND | M9: =+VLOOKUP(A9,PRESUPUESTO!$A$6:$F$93,4,FALSE) -> 10
A10: I. EQUIPO
A13: DESCRIPCIÓN | F13: MARCA | H13: TIPO | J13: TARIFA/HORA | K13: RENDIMIENTO | M13: Vr. UNITARIO
A14: HERRAMIENTA MENOR | J14: =M40 -> 45460.7 | K14: 0.05 | M14: =J14*K14 -> 2273.035
A15: =+PRECIOS!C14 -> TALADRO (electrico) | J15: =+PRECIOS!J15 -> 50000 | K15: 12 | M15: =+J15/K15 -> 4166.6667
A16: =+PRECIOS!C16 -> ESCALERA TELESCOPICA AISLADA | J16: =+PRECIOS!J16 -> 45000 | K16: 12 | M16: =+J16/K16 -> 3750
A17: SUBTOTAL $ | M17: =SUM(M14:M16) -> 10189.702
A18: II. MATERIALES
A21: DESCRIPCIÓN | I21: UNIDAD | J21: CANTIDAD | K21: PRECIO UNIT. | M21: Vr. UNITARIO
A24: SUBTOTAL $ | M24: =SUM(M22:M23) -> 0
A25: III. TRANSPORTES
A28: MATERIAL | H28: VOL. o PESO | I28: DISTANCIA/RENDIMIENTO | J28: M3 o Ton/Km | K28: TARIFA | M28: Vr. UNITARIO
A29: =+PRECIOS!C21 -> TRANSPORTE TIPO ACARREO | H29: 1 | I29: 0.05 | K29: =+PRECIOS!J21 -> 80000 | M29: =+K29*I29*H29 -> 4000
A31: SUBTOTAL $ | M31: =SUM(M29:M30) -> 4000
A32: IV. MANO DE OBRA
A35: TRABAJADOR | G35: CANT. | H35: JORNAL | I35: PRESTACIONES | J35: JORNAL TOTAL | K35: RENDIMIENTO | M35: Vr. UNITARIO
A36: =+PRECIOS!C30 -> OFICIAL ELECTRICISTA | G36: 1 | H36: =VLOOKUP(A36,'Salarios OBRA'!$B$7:$I$58,4,FALSE) -> 116667 | I36: =VLOOKUP(A36,'Salarios OBRA'!$B$7:$I$58,7,FALSE) -> 99976 | J36: =+I36+H36 -> 216643 | K36: 10 | M36: =J36/K36 -> 21664.3
A37: =+PRECIOS!C31 -> AYUDANTE ELECTRICIDAD | G37: 1 | H37: =VLOOKUP(A37,'Salarios OBRA'!$B$7:$I$58,4,FALSE) -> 90000 | I37: =VLOOKUP(A37,'Salarios OBRA'!$B$7:$I$58,7,FALSE) -> 78643 | J37: =+I37+H37 -> 168643 | K37: 10 | M37: =J37/K37 -> 16864.3
A38: =+PRECIOS!C27 -> AYUDANTE DE OBRA | G38: 1 | H38: =VLOOKUP(A38,'Salarios OBRA'!$B$7:$I$58,4,FALSE) -> 73333 | I38: =VLOOKUP(A38,'Salarios OBRA'!$B$7:$I$58,7,FALSE) -> 65309 | J38: =+I38+H38 -> 138642 | K38: 20 | M38: =J38/K38 -> 6932.1
A40: SUBTOTAL $ | M40: =SUM(M36:M39) -> 45460.7
A42: TOTAL COSTO | M42: =ROUND(M40+M31+M24+M17,0) -> 59650

Sheet 7.3
A2: ANALISIS DE PRECIOS UNITARIOS
A3: ENTIDAD | D3: =+PRESUPUESTO!B3 -> INSTITUTO DE CULTURA Y TURISMO SAN GIL
A4: PROYECTO: | D4: =+PRESUPUESTO!B4 -> ENSAMBLE, MONTAJE E INSTALACIÓN DE ALUMBRADO NAVIDEÑO (ORNAMENTAL Y DECORATIVO) EN LAS INSTALACIONES DEL PARQUE NATURAL EL GALLINERAL DEL MUNICIPIO DE SAN GIL, SANTANDER
A5: =+[1]AIU!$B$6 -> PROCESO
A6: LOCALIZACION: | D6: =[2]INFORMACION!$A$6 -> SAN GIL, SANTANDER | H6: FECHA: | I6: 46296
A8: ITEM | B8: DESCRIPCIÓN | K8: UNIDAD | M8: CANTIDAD
A9: 7.3 | B9: =+VLOOKUP(A9,PRESUPUESTO!$A$6:$F$93,2,FALSE) -> Instalacion de reflectores | K9: =+VLOOKUP(A9,PRESUPUESTO!$A$6:$F$93,3,FALSE) -> UND | M9: =+VLOOKUP(A9,PRESUPUESTO!$A$6:$F$93,4,FALSE) -> 2
A10: I. EQUIPO
A13: DESCRIPCIÓN | F13: MARCA | H13: TIPO | J13: TARIFA/HORA | K13: RENDIMIENTO | M13: Vr. UNITARIO
A14: HERRAMIENTA MENOR | J14: =M40 -> 43150 | K14: 0.4 | M14: =J14*K14 -> 17260
A17: SUBTOTAL $ | M17: =SUM(M14) -> 17260
A18: II. MATERIALES
A21: DESCRIPCIÓN | I21: UNIDAD | J21: CANTIDAD | K21: PRECIO UNIT. | M21: Vr. UNITARIO
A24: SUBTOTAL $ | M24: =SUM(M22:M23) -> 0
A25: III. TRANSPORTES
A28: MATERIAL | H28: VOL. o PESO | I28: DISTANCIA/RENDIMIENTO | J28: M3 o Ton/Km | K28: TARIFA | M28: Vr. UNITARIO
A29: =+PRECIOS!C21 -> TRANSPORTE TIPO ACARREO | H29: 1 | I29: 0.2 | K29: =+PRECIOS!J21 -> 80000 | M29: =+K29*I29*H29 -> 16000
A31: SUBTOTAL $ | M31: =SUM(M29:M30) -> 16000
A32: IV. MANO DE OBRA
A35: TRABAJADOR | G35: CANT. | H35: JORNAL | I35: PRESTACIONES | J35: JORNAL TOTAL | K35: RENDIMIENTO | M35: Vr. UNITARIO
A36: =+PRECIOS!C30 -> OFICIAL ELECTRICISTA | G36: 1 | H36: =VLOOKUP(A36,'Salarios OBRA'!$B$7:$I$58,4,FALSE) -> 116667 | I36: =VLOOKUP(A36,'Salarios OBRA'!$B$7:$I$58,7,FALSE) -> 99976 | J36: =+I36+H36 -> 216643 | K36: 10 | M36: =J36/K36 -> 21664.3
A37: =+PRECIOS!C31 -> AYUDANTE ELECTRICIDAD | G37: 1 | H37: =VLOOKUP(A37,'Salarios OBRA'!$B$7:$I$58,4,FALSE) -> 90000 | I37: =VLOOKUP(A37,'Salarios OBRA'!$B$7:$I$58,7,FALSE) -> 78643 | J37: =+I37+H37 -> 168643 | K37: 10 | M37: =J37/K37 -> 16864.3
A38: =+PRECIOS!C27 -> AYUDANTE DE OBRA | G38: 1 | H38: =VLOOKUP(A38,'Salarios OBRA'!$B$7:$I$58,4,FALSE) -> 73333 | I38: =VLOOKUP(A38,'Salarios OBRA'!$B$7:$I$58,7,FALSE) -> 65309 | J38: =+I38+H38 -> 138642 | K38: 30 | M38: =J38/K38 -> 4621.4
A40: SUBTOTAL $ | M40: =SUM(M36:M39) -> 43150
A42: TOTAL COSTO | M42: =ROUND(M40+M31+M24+M17,0) -> 76410

Sheet 8.1
A2: ANALISIS DE PRECIOS UNITARIOS
A3: ENTIDAD | D3: =+PRESUPUESTO!B3 -> INSTITUTO DE CULTURA Y TURISMO SAN GIL
A4: PROYECTO: | D4: =+PRESUPUESTO!B4 -> ENSAMBLE, MONTAJE E INSTALACIÓN DE ALUMBRADO NAVIDEÑO (ORNAMENTAL Y DECORATIVO) EN LAS INSTALACIONES DEL PARQUE NATURAL EL GALLINERAL DEL MUNICIPIO DE SAN GIL, SANTANDER
A5: =+[1]AIU!$B$6 -> PROCESO
A6: LOCALIZACION: | D6: =[2]INFORMACION!$A$6 -> SAN GIL, SANTANDER | H6: FECHA: | I6: 46296
A8: ITEM | B8: DESCRIPCIÓN | K8: UNIDAD | M8: CANTIDAD
A9: 8.1 | B9: =+VLOOKUP(A9,PRESUPUESTO!$A$6:$F$93,2,FALSE) -> Suministro e instalacion de faroles metalicos colgantes color negro, descolgados por la mitad del sendero. Area total 200 mts | K9: =+VLOOKUP(A9,PRESUPUESTO!$A$6:$F$93,3,FALSE) -> UND | M9: =+VLOOKUP(A9,PRESUPUESTO!$A$6:$F$93,4,FALSE) -> 20
A10: I. EQUIPO
A13: DESCRIPCIÓN | F13: MARCA | H13: TIPO | J13: TARIFA/HORA | K13: RENDIMIENTO | M13: Vr. UNITARIO
A14: HERRAMIENTA MENOR | J14: =M43 -> 45168.967 | K14: 0.3 | M14: =J14*K14 -> 13550.69
A17: SUBTOTAL $ | M17: =SUM(M14:M16) -> 13550.69
A18: II. MATERIALES
A21: DESCRIPCIÓN | I21: UNIDAD | J21: CANTIDAD | K21: PRECIO UNIT. | M21: Vr. UNITARIO
A22: Farol metálico colgante color negro | I22: UND | J22: 1 | K22: 125000 | M22: =K22 -> 125000
A23: Bombillo LED decorativo luz cálida | I23: UND | J23: 1 | K23: 12000 | M23: =J23*K23 -> 12000
A24: Cable eléctrico para suspensión y conexión | I24: UND | J24: 1 | K24: 5800 | M24: =K24 -> 5800
A27: SUBTOTAL $ | M27: =SUM(M22:M26) -> 142800
A28: III. TRANSPORTES
A31: MATERIAL | H31: VOL. o PESO | I31: DISTANCIA/RENDIMIENTO | J31: M3 o Ton/Km | K31: TARIFA | M31: Vr. UNITARIO
A32: =+PRECIOS!C21 -> TRANSPORTE TIPO ACARREO | H32: 1 | I32: 0.4 | K32: =+PRECIOS!J21 -> 80000 | M32: =+K32*I32*H32 -> 32000
A34: SUBTOTAL $ | M34: =SUM(M32:M33) -> 32000
A35: IV. MANO DE OBRA
A38: TRABAJADOR | G38: CANT. | H38: JORNAL | I38: PRESTACIONES | J38: JORNAL TOTAL | K38: RENDIMIENTO | M38: Vr. UNITARIO
A39: =+PRECIOS!C30 -> OFICIAL ELECTRICISTA | G39: 1 | H39: =VLOOKUP(A39,'Salarios OBRA'!$B$7:$I$58,4,FALSE) -> 116667 | I39: =VLOOKUP(A39,'Salarios OBRA'!$B$7:$I$58,7,FALSE) -> 99976 | J39: =+I39+H39 -> 216643 | K39: 12 | M39: =J39/K39 -> 18053.583
A40: =+PRECIOS!C31 -> AYUDANTE ELECTRICIDAD | G40: 1 | H40: =VLOOKUP(A40,'Salarios OBRA'!$B$7:$I$58,4,FALSE) -> 90000 | I40: =VLOOKUP(A40,'Salarios OBRA'!$B$7:$I$58,7,FALSE) -> 78643 | J40: =+I40+H40 -> 168643 | K40: 12 | M40: =J40/K40 -> 14053.583
A41: =+PRECIOS!C27 -> AYUDANTE DE OBRA | G41: 1 | I41: =VLOOKUP(A41,'Salarios OBRA'!$B$7:$I$58,7,FALSE) -> 65309 | J41: =+I41+H41 -> 65309 | K41: 5 | M41: =J41/K41 -> 13061.8
A43: SUBTOTAL $ | M43: =SUM(M39:M42) -> 45168.967
A45: TOTAL COSTO | M45: =ROUND(M43+M34+M27+M17,0) -> 233520

Sheet 9.1
A2: ANALISIS DE PRECIOS UNITARIOS
A3: ENTIDAD | D3: =+PRESUPUESTO!B3 -> INSTITUTO DE CULTURA Y TURISMO SAN GIL
A4: PROYECTO: | D4: =+PRESUPUESTO!B4 -> ENSAMBLE, MONTAJE E INSTALACIÓN DE ALUMBRADO NAVIDEÑO (ORNAMENTAL Y DECORATIVO) EN LAS INSTALACIONES DEL PARQUE NATURAL EL GALLINERAL DEL MUNICIPIO DE SAN GIL, SANTANDER
A5: =+[1]AIU!$B$6 -> PROCESO
A6: LOCALIZACION: | D6: =[2]INFORMACION!$A$6 -> SAN GIL, SANTANDER | H6: FECHA: | I6: 46296
A8: ITEM | B8: DESCRIPCIÓN | K8: UNIDAD | M8: CANTIDAD
A9: 9.1 | B9: =+VLOOKUP(A9,PRESUPUESTO!$A$6:$F$93,2,FALSE) -> Iluminacion de dos arboles al ingresar a la playa, con Luz lluvia led calida. Incluye el suministro e instalacion de 4 extensiones de 10 mts; tipo lluvia caida de 60 cms. | K9: =+VLOOKUP(A9,PRESUPUESTO!$A$6:$F$93,3,FALSE) -> UND | M9: =+VLOOKUP(A9,PRESUPUESTO!$A$6:$F$93,4,FALSE) -> 1
A10: I. EQUIPO
A13: DESCRIPCIÓN | F13: MARCA | H13: TIPO | J13: TARIFA/HORA | K13: RENDIMIENTO | M13: Vr. UNITARIO
A14: HERRAMIENTA MENOR | J14: =M42 -> 331285 | K14: 0.6 | M14: =J14*K14 -> 198771
A15: =+PRECIOS!C14 -> TALADRO (electrico) | J15: =+PRECIOS!J15 -> 50000 | K15: 0.4 | M15: =+J15/K15 -> 125000
A16: ANDAMIO + TABLÓN | J16: 8000 | K16: 0.9 | M16: =J16*K16 -> 7200
A17: SUBTOTAL $ | M17: =SUM(M14:M16) -> 330971
A18: II. MATERIALES
A21: DESCRIPCIÓN | I21: UNIDAD | J21: CANTIDAD | K21: PRECIO UNIT. | M21: Vr. UNITARIO
A22: Extensión LED tipo lluvia, luz cálida, 10 m, caída 60 cm | I22: UND | J22: 1 | K22: 185000 | M22: =K22 -> 185000
A23: Cableado y conectores eléctricos | I23: UND | J23: 1 | K23: 65000 | M23: =K23 -> 65000
A24: Accesorios de fijación para árboles | I24: UND | J24: 1 | K24: 18000 | M24: =K24 -> 18000
A25: Elementos de protección y conexión eléctrica | I25: UND | J25: 1 | K25: 15000 | M25: =K25 -> 15000
A26: SUBTOTAL $ | M26: =SUM(M22:M25) -> 283000
A27: III. TRANSPORTES
A30: MATERIAL | H30: VOL. o PESO | I30: DISTANCIA/RENDIMIENTO | J30: M3 o Ton/Km | K30: TARIFA | M30: Vr. UNITARIO
A31: =+PRECIOS!C21 -> TRANSPORTE TIPO ACARREO | H31: 1 | I31: 0.95 | K31: =+PRECIOS!J21 -> 80000 | M31: =+K31*I31*H31 -> 76000
A33: SUBTOTAL $ | M33: =SUM(M31:M32) -> 76000
A34: IV. MANO DE OBRA
A37: TRABAJADOR | G37: CANT. | H37: JORNAL | I37: PRESTACIONES | J37: JORNAL TOTAL | K37: RENDIMIENTO | M37: Vr. UNITARIO
A38: =+PRECIOS!C30 -> OFICIAL ELECTRICISTA | G38: 1 | H38: =VLOOKUP(A38,'Salarios OBRA'!$B$7:$I$58,4,FALSE) -> 116667 | I38: =VLOOKUP(A38,'Salarios OBRA'!$B$7:$I$58,7,FALSE) -> 99976 | J38: =+I38+H38 -> 216643 | K38: 2 | M38: =J38/K38 -> 108321.5
A39: =+PRECIOS!C31 -> AYUDANTE ELECTRICIDAD | G39: 1 | H39: =VLOOKUP(A39,'Salarios OBRA'!$B$7:$I$58,4,FALSE) -> 90000 | I39: =VLOOKUP(A39,'Salarios OBRA'!$B$7:$I$58,7,FALSE) -> 78643 | J39: =+I39+H39 -> 168643 | K39: 2 | M39: =J39/K39 -> 84321.5
A40: =+PRECIOS!C27 -> AYUDANTE DE OBRA | G40: 1 | H40: =VLOOKUP(A40,'Salarios OBRA'!$B$7:$I$58,4,FALSE) -> 73333 | I40: =VLOOKUP(A40,'Salarios OBRA'!$B$7:$I$58,7,FALSE) -> 65309 | J40: =+I40+H40 -> 138642 | K40: 1 | M40: =J40/K40 -> 138642
A42: SUBTOTAL $ | M42: =SUM(M38:M41) -> 331285
A44: TOTAL COSTO | M44: =ROUND(M42+M33+M26+M17,0) -> 1021256

Sheet 9.2
A2: ANALISIS DE PRECIOS UNITARIOS
A3: ENTIDAD | D3: =+PRESUPUESTO!B3 -> INSTITUTO DE CULTURA Y TURISMO SAN GIL
A4: PROYECTO: | D4: =+PRESUPUESTO!B4 -> ENSAMBLE, MONTAJE E INSTALACIÓN DE ALUMBRADO NAVIDEÑO (ORNAMENTAL Y DECORATIVO) EN LAS INSTALACIONES DEL PARQUE NATURAL EL GALLINERAL DEL MUNICIPIO DE SAN GIL, SANTANDER
A5: =+[1]AIU!$B$6 -> PROCESO
A6: LOCALIZACION: | D6: =[2]INFORMACION!$A$6 -> SAN GIL, SANTANDER | H6: FECHA: | I6: 46296
A8: ITEM | B8: DESCRIPCIÓN | K8: UNIDAD | M8: CANTIDAD
A9: 9.2 | B9: =+VLOOKUP(A9,PRESUPUESTO!$A$6:$F$93,2,FALSE) -> Iluminacion con extension de luz led lineal calida. Incluye Suministro e instalacion de extension lineal de 100 mts | K9: =+VLOOKUP(A9,PRESUPUESTO!$A$6:$F$93,3,FALSE) -> UND | M9: =+VLOOKUP(A9,PRESUPUESTO!$A$6:$F$93,4,FALSE) -> 1
A10: I. EQUIPO
A13: DESCRIPCIÓN | F13: MARCA | H13: TIPO | J13: TARIFA/HORA | K13: RENDIMIENTO | M13: Vr. UNITARIO
A14: HERRAMIENTA MENOR | J14: =M42 -> 47771.4 | K14: 0.6 | M14: =J14*K14 -> 28662.84
A15: =+PRECIOS!C14 -> TALADRO (electrico) | J15: =+PRECIOS!J15 -> 50000 | K15: 0.8 | M15: =+J15/K15 -> 62500
A17: SUBTOTAL $ | M17: =SUM(M14:M16) -> 91162.84
A18: II. MATERIALES
A21: DESCRIPCIÓN | I21: UNIDAD | J21: CANTIDAD | K21: PRECIO UNIT. | M21: Vr. UNITARIO
A22: Extensión LED lineal, luz cálida | I22: UND | J22: 1 | K22: 185000 | M22: =K22 -> 185000
A23: Cableado y conectores eléctricos | I23: UND | J23: 1 | K23: 65000 | M23: =K23 -> 65000
A24: Accesorios de fijación para árboles | I24: UND | J24: 1 | K24: 12000 | M24: =K24 -> 12000
A25: Elementos de protección y conexión eléctrica | I25: UND | J25: 1 | K25: 12000 | M25: =K25 -> 12000
A26: SUBTOTAL $ | M26: =SUM(M22:M25) -> 274000
A27: III. TRANSPORTES
A30: MATERIAL | H30: VOL. o PESO | I30: DISTANCIA/RENDIMIENTO | J30: M3 o Ton/Km | K30: TARIFA | M30: Vr. UNITARIO
A31: =+PRECIOS!C21 -> TRANSPORTE TIPO ACARREO | H31: 1 | I31: 0.95 | K31: =+PRECIOS!J21 -> 80000 | M31: =+K31*I31*H31 -> 76000
A33: SUBTOTAL $ | M33: =SUM(M31:M32) -> 76000
A34: IV. MANO DE OBRA
A37: TRABAJADOR | G37: CANT. | H37: JORNAL | I37: PRESTACIONES | J37: JORNAL TOTAL | K37: RENDIMIENTO | M37: Vr. UNITARIO
A38: =+PRECIOS!C30 -> OFICIAL ELECTRICISTA | G38: 1 | H38: =VLOOKUP(A38,'Salarios OBRA'!$B$7:$I$58,4,FALSE) -> 116667 | I38: =VLOOKUP(A38,'Salarios OBRA'!$B$7:$I$58,7,FALSE) -> 99976 | J38: =+I38+H38 -> 216643 | K38: 10 | M38: =J38/K38 -> 21664.3
A39: =+PRECIOS!C31 -> AYUDANTE ELECTRICIDAD | G39: 1 | H39: =VLOOKUP(A39,'Salarios OBRA'!$B$7:$I$58,4,FALSE) -> 90000 | I39: =VLOOKUP(A39,'Salarios OBRA'!$B$7:$I$58,7,FALSE) -> 78643 | J39: =+I39+H39 -> 168643 | K39: 10 | M39: =J39/K39 -> 16864.3
A40: =+PRECIOS!C27 -> AYUDANTE DE OBRA | G40: 1 | H40: =VLOOKUP(A40,'Salarios OBRA'!$B$7:$I$58,4,FALSE) -> 73333 | I40: =VLOOKUP(A40,'Salarios OBRA'!$B$7:$I$58,7,FALSE) -> 65309 | J40: =+I40+H40 -> 138642 | K40: 15 | M40: =J40/K40 -> 9242.8
A42: SUBTOTAL $ | M42: =SUM(M38:M41) -> 47771.4
A44: TOTAL COSTO | M44: =ROUND(M42+M33+M26+M17,0) -> 488934

Sheet 9.3
A2: ANALISIS DE PRECIOS UNITARIOS
A3: ENTIDAD | D3: =+PRESUPUESTO!B3 -> INSTITUTO DE CULTURA Y TURISMO SAN GIL
A4: PROYECTO: | D4: =+PRESUPUESTO!B4 -> ENSAMBLE, MONTAJE E INSTALACIÓN DE ALUMBRADO NAVIDEÑO (ORNAMENTAL Y DECORATIVO) EN LAS INSTALACIONES DEL PARQUE NATURAL EL GALLINERAL DEL MUNICIPIO DE SAN GIL, SANTANDER
A5: =+[1]AIU!$B$6 -> PROCESO
A6: LOCALIZACION: | D6: =[2]INFORMACION!$A$6 -> SAN GIL, SANTANDER | H6: FECHA: | I6: 46296
A8: ITEM | B8: DESCRIPCIÓN | K8: UNIDAD | M8: CANTIDAD
A9: 9.3 | B9: =+VLOOKUP(A9,PRESUPUESTO!$A$6:$F$93,2,FALSE) -> Suministro e instalacion de reflector RGB de 50 vatios | K9: =+VLOOKUP(A9,PRESUPUESTO!$A$6:$F$93,3,FALSE) -> UND | M9: =+VLOOKUP(A9,PRESUPUESTO!$A$6:$F$93,4,FALSE) -> 2
A10: I. EQUIPO
A13: DESCRIPCIÓN | F13: MARCA | H13: TIPO | J13: TARIFA/HORA | K13: RENDIMIENTO | M13: Vr. UNITARIO
A14: HERRAMIENTA MENOR | J14: =M42 -> 8154.4583 | K14: 0.1 | M14: =J14*K14 -> 815.44583
A15: =+PRECIOS!C14 -> TALADRO (electrico) | J15: 32000 | K15: 0.8 | M15: =J15*K15 -> 25600
A17: SUBTOTAL $ | M17: =SUM(M14:M16) -> 26415.446
A18: II. MATERIALES
A21: DESCRIPCIÓN | I21: UNIDAD | J21: CANTIDAD | K21: PRECIO UNIT. | M21: Vr. UNITARIO
A22: Reflector LED RGB de 50 W | I22: UND | J22: 1 | K22: 48000 | M22: =K22 -> 48000
A23: Cableado y conectores eléctricos | I23: UND | J23: 1 | K23: 5000 | M23: =K23 -> 5000
A24: Accesorios de fijación para árboles | I24: UND | J24: 1 | K24: 8000 | M24: =K24 -> 8000
A26: SUBTOTAL $ | M26: =SUM(M22:M25) -> 61000
A27: III. TRANSPORTES
A30: MATERIAL | H30: VOL. o PESO | I30: DISTANCIA/RENDIMIENTO | J30: M3 o Ton/Km | K30: TARIFA | M30: Vr. UNITARIO
A31: =+PRECIOS!C21 -> TRANSPORTE TIPO ACARREO | H31: 1 | I31: 0.1 | K31: =+PRECIOS!J21 -> 80000 | M31: =+K31*I31*H31 -> 8000
A33: SUBTOTAL $ | M33: =SUM(M31:M32) -> 8000
A34: IV. MANO DE OBRA
A37: TRABAJADOR | G37: CANT. | H37: JORNAL | I37: PRESTACIONES | J37: JORNAL TOTAL | K37: RENDIMIENTO | M37: Vr. UNITARIO
A38: =+PRECIOS!C30 -> OFICIAL ELECTRICISTA | G38: 1 | H38: =VLOOKUP(A38,'Salarios OBRA'!$B$7:$I$58,4,FALSE) -> 116667 | I38: =VLOOKUP(A38,'Salarios OBRA'!$B$7:$I$58,7,FALSE) -> 99976 | J38: =+I38+H38 -> 216643 | K38: 60 | M38: =J38/K38 -> 3610.7167
A39: =+PRECIOS!C31 -> AYUDANTE ELECTRICIDAD | G39: 1 | H39: =VLOOKUP(A39,'Salarios OBRA'!$B$7:$I$58,4,FALSE) -> 90000 | I39: =VLOOKUP(A39,'Salarios OBRA'!$B$7:$I$58,7,FALSE) -> 78643 | J39: =+I39+H39 -> 168643 | K39: 60 | M39: =J39/K39 -> 2810.7167
A40: =+PRECIOS!C27 -> AYUDANTE DE OBRA | G40: 1 | H40: =VLOOKUP(A40,'Salarios OBRA'!$B$7:$I$58,4,FALSE) -> 73333 | I40: =VLOOKUP(A40,'Salarios OBRA'!$B$7:$I$58,7,FALSE) -> 65309 | J40: =+I40+H40 -> 138642 | K40: 80 | M40: =J40/K40 -> 1733.025
A42: SUBTOTAL $ | M42: =SUM(M38:M41) -> 8154.4583
A44: TOTAL COSTO | M44: =ROUND(M42+M33+M26+M17,0) -> 103570

Sheet 9.4
A2: ANALISIS DE PRECIOS UNITARIOS
A3: ENTIDAD | D3: =+PRESUPUESTO!B3 -> INSTITUTO DE CULTURA Y TURISMO SAN GIL
A4: PROYECTO: | D4: =+PRESUPUESTO!B4 -> ENSAMBLE, MONTAJE E INSTALACIÓN DE ALUMBRADO NAVIDEÑO (ORNAMENTAL Y DECORATIVO) EN LAS INSTALACIONES DEL PARQUE NATURAL EL GALLINERAL DEL MUNICIPIO DE SAN GIL, SANTANDER
A5: =+[1]AIU!$B$6 -> PROCESO
A6: LOCALIZACION: | D6: =[2]INFORMACION!$A$6 -> SAN GIL, SANTANDER | H6: FECHA: | I6: 46296
A8: ITEM | B8: DESCRIPCIÓN | K8: UNIDAD | M8: CANTIDAD
A9: 9.4 | B9: =+VLOOKUP(A9,PRESUPUESTO!$A$6:$F$93,2,FALSE) -> Adecuacion e instalacion electrica de iguanas en el area de la playa. | K9: =+VLOOKUP(A9,PRESUPUESTO!$A$6:$F$93,3,FALSE) -> UND | M9: =+VLOOKUP(A9,PRESUPUESTO!$A$6:$F$93,4,FALSE) -> 2
A10: I. EQUIPO
A13: DESCRIPCIÓN | F13: MARCA | H13: TIPO | J13: TARIFA/HORA | K13: RENDIMIENTO | M13: Vr. UNITARIO
A14: HERRAMIENTA MENOR | J14: =M42 -> 66257 | K14: 0.5 | M14: =J14*K14 -> 33128.5
A15: =+PRECIOS!C14 -> TALADRO (electrico) | J15: 32000 | K15: 0.8 | M15: =J15*K15 -> 25600
A17: SUBTOTAL $ | M17: =SUM(M14:M16) -> 58728.5
A18: II. MATERIALES
A21: DESCRIPCIÓN | I21: UNIDAD | J21: CANTIDAD | K21: PRECIO UNIT. | M21: Vr. UNITARIO
A26: SUBTOTAL $ | M26: =SUM(M22:M25) -> 0
A27: III. TRANSPORTES
A30: MATERIAL | H30: VOL. o PESO | I30: DISTANCIA/RENDIMIENTO | J30: M3 o Ton/Km | K30: TARIFA | M30: Vr. UNITARIO
A31: =+PRECIOS!C21 -> TRANSPORTE TIPO ACARREO | H31: 1 | I31: 0.1 | K31: =+PRECIOS!J21 -> 80000 | M31: =+K31*I31*H31 -> 8000
A33: SUBTOTAL $ | M33: =SUM(M31:M32) -> 8000
A34: IV. MANO DE OBRA
A37: TRABAJADOR | G37: CANT. | H37: JORNAL | I37: PRESTACIONES | J37: JORNAL TOTAL | K37: RENDIMIENTO | M37: Vr. UNITARIO
A38: =+PRECIOS!C30 -> OFICIAL ELECTRICISTA | G38: 1 | H38: =VLOOKUP(A38,'Salarios OBRA'!$B$7:$I$58,4,FALSE) -> 116667 | I38: =VLOOKUP(A38,'Salarios OBRA'!$B$7:$I$58,7,FALSE) -> 99976 | J38: =+I38+H38 -> 216643 | K38: 10 | M38: =J38/K38 -> 21664.3
A39: =+PRECIOS!C31 -> AYUDANTE ELECTRICIDAD | G39: 1 | H39: =VLOOKUP(A39,'Salarios OBRA'!$B$7:$I$58,4,FALSE) -> 90000 | I39: =VLOOKUP(A39,'Salarios OBRA'!$B$7:$I$58,7,FALSE) -> 78643 | J39: =+I39+H39 -> 168643 | K39: 10 | M39: =J39/K39 -> 16864.3
A40: =+PRECIOS!C27 -> AYUDANTE DE OBRA | G40: 1 | H40: =VLOOKUP(A40,'Salarios OBRA'!$B$7:$I$58,4,FALSE) -> 73333 | I40: =VLOOKUP(A40,'Salarios OBRA'!$B$7:$I$58,7,FALSE) -> 65309 | J40: =+I40+H40 -> 138642 | K40: 5 | M40: =J40/K40 -> 27728.4
A42: SUBTOTAL $ | M42: =SUM(M38:M41) -> 66257
A44: TOTAL COSTO | M44: =ROUND(M42+M33+M26+M17,0) -> 132986

Sheet 9.6
A2: ANALISIS DE PRECIOS UNITARIOS
A3: ENTIDAD | D3: =+PRESUPUESTO!B3 -> INSTITUTO DE CULTURA Y TURISMO SAN GIL
A4: PROYECTO: | D4: =+PRESUPUESTO!B4 -> ENSAMBLE, MONTAJE E INSTALACIÓN DE ALUMBRADO NAVIDEÑO (ORNAMENTAL Y DECORATIVO) EN LAS INSTALACIONES DEL PARQUE NATURAL EL GALLINERAL DEL MUNICIPIO DE SAN GIL, SANTANDER
A5: =+[1]AIU!$B$6 -> PROCESO
A6: LOCALIZACION: | D6: =[2]INFORMACION!$A$6 -> SAN GIL, SANTANDER | H6: FECHA: | I6: 46296
A8: ITEM | B8: DESCRIPCIÓN | K8: UNIDAD | M8: CANTIDAD
A9: 9.6 | B9: =+VLOOKUP(A9,PRESUPUESTO!$A$6:$F$93,2,FALSE) -> Adecuacion, vestida con tela bombril e instalacion electrica sobre el tronco tumbado. | K9: =+VLOOKUP(A9,PRESUPUESTO!$A$6:$F$93,3,FALSE) -> UND | M9: =+VLOOKUP(A9,PRESUPUESTO!$A$6:$F$93,4,FALSE) -> 1
A10: I. EQUIPO
A13: DESCRIPCIÓN | F13: MARCA | H13: TIPO | J13: TARIFA/HORA | K13: RENDIMIENTO | M13: Vr. UNITARIO
A14: HERRAMIENTA MENOR | J14: =M42 -> 139156.77 | K14: 0.6 | M14: =J14*K14 -> 83494.06
A17: SUBTOTAL $ | M17: =SUM(M14:M16) -> 83494.06
A18: II. MATERIALES
A21: DESCRIPCIÓN | I21: UNIDAD | J21: CANTIDAD | K21: PRECIO UNIT. | M21: Vr. UNITARIO
A26: SUBTOTAL $ | M26: =SUM(M22:M25) -> 0
A27: III. TRANSPORTES
A30: MATERIAL | H30: VOL. o PESO | I30: DISTANCIA/RENDIMIENTO | J30: M3 o Ton/Km | K30: TARIFA | M30: Vr. UNITARIO
A31: =+PRECIOS!C21 -> TRANSPORTE TIPO ACARREO | H31: 1 | I31: 0.1 | K31: =+PRECIOS!J21 -> 80000 | M31: =+K31*I31*H31 -> 8000
A33: SUBTOTAL $ | M33: =SUM(M31:M32) -> 8000
A34: IV. MANO DE OBRA
A37: TRABAJADOR | G37: CANT. | H37: JORNAL | I37: PRESTACIONES | J37: JORNAL TOTAL | K37: RENDIMIENTO | M37: Vr. UNITARIO
A38: =+PRECIOS!C30 -> OFICIAL ELECTRICISTA | G38: 1 | H38: =VLOOKUP(A38,'Salarios OBRA'!$B$7:$I$58,4,FALSE) -> 116667 | I38: =VLOOKUP(A38,'Salarios OBRA'!$B$7:$I$58,7,FALSE) -> 99976 | J38: =+I38+H38 -> 216643 | K38: 6 | M38: =J38/K38 -> 36107.167
A39: =+PRECIOS!C31 -> AYUDANTE ELECTRICIDAD | G39: 1 | H39: =VLOOKUP(A39,'Salarios OBRA'!$B$7:$I$58,4,FALSE) -> 90000 | I39: =VLOOKUP(A39,'Salarios OBRA'!$B$7:$I$58,7,FALSE) -> 78643 | J39: =+I39+H39 -> 168643 | K39: 5 | M39: =J39/K39 -> 33728.6
A40: =+PRECIOS!C27 -> AYUDANTE DE OBRA | G40: 1 | H40: =VLOOKUP(A40,'Salarios OBRA'!$B$7:$I$58,4,FALSE) -> 73333 | I40: =VLOOKUP(A40,'Salarios OBRA'!$B$7:$I$58,7,FALSE) -> 65309 | J40: =+I40+H40 -> 138642 | K40: 2 | M40: =J40/K40 -> 69321
A42: SUBTOTAL $ | M42: =SUM(M38:M41) -> 139156.77
A44: TOTAL COSTO | M44: =ROUND(M42+M33+M26+M17,0) -> 230651

Sheet 10.1
A2: ANALISIS DE PRECIOS UNITARIOS
A3: ENTIDAD | D3: =+PRESUPUESTO!B3 -> INSTITUTO DE CULTURA Y TURISMO SAN GIL
A4: PROYECTO: | D4: =+PRESUPUESTO!B4 -> ENSAMBLE, MONTAJE E INSTALACIÓN DE ALUMBRADO NAVIDEÑO (ORNAMENTAL Y DECORATIVO) EN LAS INSTALACIONES DEL PARQUE NATURAL EL GALLINERAL DEL MUNICIPIO DE SAN GIL, SANTANDER
A5: =+[1]AIU!$B$6 -> PROCESO
A6: LOCALIZACION: | D6: =[2]INFORMACION!$A$6 -> SAN GIL, SANTANDER | H6: FECHA: | I6: 46296
A8: ITEM | B8: DESCRIPCIÓN | K8: UNIDAD | M8: CANTIDAD
A9: 10.1 | B9: =+VLOOKUP(A9,PRESUPUESTO!$A$6:$F$93,2,FALSE) -> Punto de conexión a red electrica a 110 voltios, para montajes de decoraciones institucionales. En cable numero 6 aluminio aislado. | K9: =+VLOOKUP(A9,PRESUPUESTO!$A$6:$F$93,3,FALSE) -> UND | M9: =+VLOOKUP(A9,PRESUPUESTO!$A$6:$F$93,4,FALSE) -> 2
A10: I. EQUIPO
A13: DESCRIPCIÓN | F13: MARCA | H13: TIPO | J13: TARIFA/HORA | K13: RENDIMIENTO | M13: Vr. UNITARIO
A14: HERRAMIENTA MENOR | J14: =M40 -> 14474.221 | K14: 0.05 | M14: =J14*K14 -> 723.71107
A15: =+PRECIOS!C14 -> TALADRO (electrico) | J15: =+PRECIOS!J15 -> 50000 | K15: 8 | M15: =+J15/K15 -> 6250
A17: SUBTOTAL $ | M17: =SUM(M14:M16) -> 6973.7111
A18: II. MATERIALES
A21: DESCRIPCIÓN | I21: UNIDAD | J21: CANTIDAD | K21: PRECIO UNIT. | M21: Vr. UNITARIO
A22: Cable aislado calibre No. 6 | I22: m | J22: 12 | K22: 4500 | M22: =J22*K22 -> 54000
A24: SUBTOTAL $ | M24: =SUM(M22:M23) -> 54000
A25: III. TRANSPORTES
A28: MATERIAL | H28: VOL. o PESO | I28: DISTANCIA/RENDIMIENTO | J28: M3 o Ton/Km | K28: TARIFA | M28: Vr. UNITARIO
A29: =+PRECIOS!C21 -> TRANSPORTE TIPO ACARREO | H29: 1 | I29: 0.1 | K29: =+PRECIOS!J21 -> 80000 | M29: =+K29*I29*H29 -> 8000
A31: SUBTOTAL $ | M31: =SUM(M29:M30) -> 8000
A32: IV. MANO DE OBRA
A35: TRABAJADOR | G35: CANT. | H35: JORNAL | I35: PRESTACIONES | J35: JORNAL TOTAL | K35: RENDIMIENTO | M35: Vr. UNITARIO
A36: =+PRECIOS!C30 -> OFICIAL ELECTRICISTA | G36: 1 | H36: =VLOOKUP(A36,'Salarios OBRA'!$B$7:$I$58,4,FALSE) -> 116667 | I36: =VLOOKUP(A36,'Salarios OBRA'!$B$7:$I$58,7,FALSE) -> 99976 | J36: =+I36+H36 -> 216643 | K36: 35 | M36: =J36/K36 -> 6189.8
A37: =+PRECIOS!C31 -> AYUDANTE ELECTRICIDAD | G37: 1 | H37: =VLOOKUP(A37,'Salarios OBRA'!$B$7:$I$58,4,FALSE) -> 90000 | I37: =VLOOKUP(A37,'Salarios OBRA'!$B$7:$I$58,7,FALSE) -> 78643 | J37: =+I37+H37 -> 168643 | K37: 35 | M37: =J37/K37 -> 4818.3714
A38: =+PRECIOS!C27 -> AYUDANTE DE OBRA | G38: 1 | H38: =VLOOKUP(A38,'Salarios OBRA'!$B$7:$I$58,4,FALSE) -> 73333 | I38: =VLOOKUP(A38,'Salarios OBRA'!$B$7:$I$58,7,FALSE) -> 65309 | J38: =+I38+H38 -> 138642 | K38: 40 | M38: =J38/K38 -> 3466.05
A40: SUBTOTAL $ | M40: =SUM(M36:M39) -> 14474.221
A42: TOTAL COSTO | M42: =ROUND(M40+M31+M24+M17,0) -> 83448

Sheet 11.1
A2: ANALISIS DE PRECIOS UNITARIOS
A3: ENTIDAD | D3: =+PRESUPUESTO!B3 -> INSTITUTO DE CULTURA Y TURISMO SAN GIL
A4: PROYECTO: | D4: =+PRESUPUESTO!B4 -> ENSAMBLE, MONTAJE E INSTALACIÓN DE ALUMBRADO NAVIDEÑO (ORNAMENTAL Y DECORATIVO) EN LAS INSTALACIONES DEL PARQUE NATURAL EL GALLINERAL DEL MUNICIPIO DE SAN GIL, SANTANDER
A5: =+[1]AIU!$B$6 -> PROCESO
A6: LOCALIZACION: | D6: =[2]INFORMACION!$A$6 -> SAN GIL, SANTANDER | H6: FECHA: | I6: 46296
A8: ITEM | B8: DESCRIPCIÓN | K8: UNIDAD | M8: CANTIDAD
A9: 11.1 | B9: =+VLOOKUP(A9,PRESUPUESTO!$A$6:$F$93,2,FALSE) -> Armar estructura aerea para descolgar, hacer las conexiones electricas e instalar cuarenta (40) medusas existentes del parque. | K9: =+VLOOKUP(A9,PRESUPUESTO!$A$6:$F$93,3,FALSE) -> UND | M9: =+VLOOKUP(A9,PRESUPUESTO!$A$6:$F$93,4,FALSE) -> 40
A10: I. EQUIPO
A13: DESCRIPCIÓN | F13: MARCA | H13: TIPO | J13: TARIFA/HORA | K13: RENDIMIENTO | M13: Vr. UNITARIO
A14: HERRAMIENTA MENOR | J14: =M44 -> 33128.5 | K14: 0.6 | M14: =J14*K14 -> 19877.1
A15: =+PRECIOS!C14 -> TALADRO (electrico) | J15: =+PRECIOS!J15 -> 50000 | K15: 60 | M15: =+J15/K15 -> 833.33333
A16: =+PRECIOS!C16 -> ESCALERA TELESCOPICA AISLADA | J16: =+PRECIOS!J16 -> 45000 | K16: 20 | M16: =+J16/K16 -> 2250
A17: SUBTOTAL $ | M17: =SUM(M14:M16) -> 22960.433
A18: II. MATERIALES
A21: DESCRIPCIÓN | I21: UNIDAD | J21: CANTIDAD | K21: PRECIO UNIT. | M21: Vr. UNITARIO
A22: Cable eléctrico para conexión de luminarias | I22: =+PRECIOS!G35 -> ml | J22: 12 | K22: =+PRECIOS!J35 -> 4500 | M22: =+K22*J22 -> 54000
A23: =+PRECIOS!C38 -> CINTA AISLANTE | I23: =+PRECIOS!G38 -> ML | J23: 1 | K23: =+PRECIOS!J38 -> 400 | M23: =+K23*J23 -> 400
A24: Tensores, grilletes y accesorios de anclaje | I24: Glb | J24: 1 | K24: =+PRECIOS!J37 -> 10200 | M24: =+K24*J24 -> 10200
A25: Conectores y terminales eléctricos | I25: Glb | J25: 1 | K25: =+PRECIOS!J40 -> 10200 | M25: =+K25*J25 -> 10200
A28: SUBTOTAL $ | M28: =SUM(M22:M27) -> 74800
A29: III. TRANSPORTES
A32: MATERIAL | H32: VOL. o PESO | I32: DISTANCIA/RENDIMIENTO | J32: M3 o Ton/Km | K32: TARIFA | M32: Vr. UNITARIO
A33: =+PRECIOS!C21 -> TRANSPORTE TIPO ACARREO | H33: 1 | I33: 0.1 | K33: =+PRECIOS!J21 -> 80000 | M33: =+K33*I33*H33 -> 8000
A35: SUBTOTAL $ | M35: =SUM(M33:M34) -> 8000
A36: IV. MANO DE OBRA
A39: TRABAJADOR | G39: CANT. | H39: JORNAL | I39: PRESTACIONES | J39: JORNAL TOTAL | K39: RENDIMIENTO | M39: Vr. UNITARIO
A40: =+PRECIOS!C30 -> OFICIAL ELECTRICISTA | G40: 1 | H40: =VLOOKUP(A40,'Salarios OBRA'!$B$7:$I$58,4,FALSE) -> 116667 | I40: =VLOOKUP(A40,'Salarios OBRA'!$B$7:$I$58,7,FALSE) -> 99976 | J40: =+I40+H40 -> 216643 | K40: 20 | M40: =J40/K40 -> 10832.15
A41: =+PRECIOS!C31 -> AYUDANTE ELECTRICIDAD | G41: 1 | H41: =VLOOKUP(A41,'Salarios OBRA'!$B$7:$I$58,4,FALSE) -> 90000 | I41: =VLOOKUP(A41,'Salarios OBRA'!$B$7:$I$58,7,FALSE) -> 78643 | J41: =+I41+H41 -> 168643 | K41: 20 | M41: =J41/K41 -> 8432.15
A42: =+PRECIOS!C27 -> AYUDANTE DE OBRA | G42: 1 | H42: =VLOOKUP(A42,'Salarios OBRA'!$B$7:$I$58,4,FALSE) -> 73333 | I42: =VLOOKUP(A42,'Salarios OBRA'!$B$7:$I$58,7,FALSE) -> 65309 | J42: =+I42+H42 -> 138642 | K42: 10 | M42: =J42/K42 -> 13864.2
A44: SUBTOTAL $ | M44: =SUM(M40:M43) -> 33128.5
A46: TOTAL COSTO | M46: =ROUND(M44+M35+M28+M17,0) -> 138889

Sheet 12.1
A2: ANALISIS DE PRECIOS UNITARIOS
A3: ENTIDAD | D3: =+PRESUPUESTO!B3 -> INSTITUTO DE CULTURA Y TURISMO SAN GIL
A4: PROYECTO: | D4: =+PRESUPUESTO!B4 -> ENSAMBLE, MONTAJE E INSTALACIÓN DE ALUMBRADO NAVIDEÑO (ORNAMENTAL Y DECORATIVO) EN LAS INSTALACIONES DEL PARQUE NATURAL EL GALLINERAL DEL MUNICIPIO DE SAN GIL, SANTANDER
A5: =+[1]AIU!$B$6 -> PROCESO
A6: LOCALIZACION: | D6: =[2]INFORMACION!$A$6 -> SAN GIL, SANTANDER | H6: FECHA: | I6: 46296
A8: ITEM | B8: DESCRIPCIÓN | K8: UNIDAD | M8: CANTIDAD
A9: 12.1 | B9: =+VLOOKUP(A9,PRESUPUESTO!$A$6:$F$93,2,FALSE) -> Sendero iluminado con el suministro e instalacion de faroles colgantes por la mitad. | K9: =+VLOOKUP(A9,PRESUPUESTO!$A$6:$F$93,3,FALSE) -> UND | M9: =+VLOOKUP(A9,PRESUPUESTO!$A$6:$F$93,4,FALSE) -> 15
A10: I. EQUIPO
A13: DESCRIPCIÓN | F13: MARCA | H13: TIPO | J13: TARIFA/HORA | K13: RENDIMIENTO | M13: Vr. UNITARIO
A14: HERRAMIENTA MENOR | J14: =M41 -> 66257 | K14: 0.6 | M14: =J14*K14 -> 39754.2
A15: =+PRECIOS!C14 -> TALADRO (electrico) | J15: =+PRECIOS!J15 -> 50000 | K15: 50 | M15: =+J15/K15 -> 1000
A16: =+PRECIOS!C16 -> ESCALERA TELESCOPICA AISLADA | J16: =+PRECIOS!J16 -> 45000 | K16: 40 | M16: =+J16/K16 -> 1125
A17: SUBTOTAL $ | M17: =SUM(M14:M16) -> 41879.2
A18: II. MATERIALES
A21: DESCRIPCIÓN | I21: UNIDAD | J21: CANTIDAD | K21: PRECIO UNIT. | M21: Vr. UNITARIO
A22: Farol metálico colgante color negro | I22: und | J22: 1 | K22: 65000 | M22: =+K22*J22 -> 65000
A23: =+PRECIOS!C38 -> CINTA AISLANTE | I23: =+PRECIOS!G38 -> ML | J23: 0.1 | K23: 500 | M23: =+K23*J23 -> 50
A24: =+PRECIOS!C40 -> GRAPA PARA CABLE BOLSA DE 50 UNDS | I24: =+PRECIOS!G40 -> BOLSA | J24: 0.08 | K24: =+PRECIOS!J40 -> 10200 | M24: =+K24*J24 -> 816
A25: SUBTOTAL $ | M25: =SUM(M22:M24) -> 65866
A26: III. TRANSPORTES
A29: MATERIAL | H29: VOL. o PESO | I29: DISTANCIA/RENDIMIENTO | J29: M3 o Ton/Km | K29: TARIFA | M29: Vr. UNITARIO
A30: =+PRECIOS!C21 -> TRANSPORTE TIPO ACARREO | H30: 1 | I30: 0.8 | K30: =+PRECIOS!J21 -> 80000 | M30: =+K30*I30*H30 -> 64000
A32: SUBTOTAL $ | M32: =SUM(M30:M31) -> 64000
A33: IV. MANO DE OBRA
A36: TRABAJADOR | G36: CANT. | H36: JORNAL | I36: PRESTACIONES | J36: JORNAL TOTAL | K36: RENDIMIENTO | M36: Vr. UNITARIO
A37: =+PRECIOS!C30 -> OFICIAL ELECTRICISTA | G37: 1 | H37: =VLOOKUP(A37,'Salarios OBRA'!$B$7:$I$58,4,FALSE) -> 116667 | I37: =VLOOKUP(A37,'Salarios OBRA'!$B$7:$I$58,7,FALSE) -> 99976 | J37: =+I37+H37 -> 216643 | K37: 10 | M37: =J37/K37 -> 21664.3
A38: =+PRECIOS!C31 -> AYUDANTE ELECTRICIDAD | G38: 1 | H38: =VLOOKUP(A38,'Salarios OBRA'!$B$7:$I$58,4,FALSE) -> 90000 | I38: =VLOOKUP(A38,'Salarios OBRA'!$B$7:$I$58,7,FALSE) -> 78643 | J38: =+I38+H38 -> 168643 | K38: 10 | M38: =J38/K38 -> 16864.3
A39: =+PRECIOS!C27 -> AYUDANTE DE OBRA | G39: 1 | H39: =VLOOKUP(A39,'Salarios OBRA'!$B$7:$I$58,4,FALSE) -> 73333 | I39: =VLOOKUP(A39,'Salarios OBRA'!$B$7:$I$58,7,FALSE) -> 65309 | J39: =+I39+H39 -> 138642 | K39: 5 | M39: =J39/K39 -> 27728.4
A41: SUBTOTAL $ | M41: =SUM(M37:M40) -> 66257
A43: TOTAL COSTO | M43: =ROUND(M41+M32+M25+M17,0) -> 238002

Sheet 12.2
A2: ANALISIS DE PRECIOS UNITARIOS
A3: ENTIDAD | D3: =+PRESUPUESTO!B3 -> INSTITUTO DE CULTURA Y TURISMO SAN GIL
A4: PROYECTO: | D4: =+PRESUPUESTO!B4 -> ENSAMBLE, MONTAJE E INSTALACIÓN DE ALUMBRADO NAVIDEÑO (ORNAMENTAL Y DECORATIVO) EN LAS INSTALACIONES DEL PARQUE NATURAL EL GALLINERAL DEL MUNICIPIO DE SAN GIL, SANTANDER
A5: =+[1]AIU!$B$6 -> PROCESO
A6: LOCALIZACION: | D6: =[2]INFORMACION!$A$6 -> SAN GIL, SANTANDER | H6: FECHA: | I6: 46296
A8: ITEM | B8: DESCRIPCIÓN | K8: UNIDAD | M8: CANTIDAD
A9: 12.2 | B9: =+VLOOKUP(A9,PRESUPUESTO!$A$6:$F$93,2,FALSE) -> Ubicación e instalacion de figuras de hongos del Municipio. | K9: =+VLOOKUP(A9,PRESUPUESTO!$A$6:$F$93,3,FALSE) -> UND | M9: =+VLOOKUP(A9,PRESUPUESTO!$A$6:$F$93,4,FALSE) -> 10
A10: I. EQUIPO
A13: DESCRIPCIÓN | F13: MARCA | H13: TIPO | J13: TARIFA/HORA | K13: RENDIMIENTO | M13: Vr. UNITARIO
A14: HERRAMIENTA MENOR | J14: =M41 -> 84742.6 | K14: 0.65 | M14: =J14*K14 -> 55082.69
A17: SUBTOTAL $ | M17: =SUM(M14:M16) -> 55082.69
A18: II. MATERIALES
A21: DESCRIPCIÓN | I21: UNIDAD | J21: CANTIDAD | K21: PRECIO UNIT. | M21: Vr. UNITARIO
A25: SUBTOTAL $ | M25: =SUM(M22:M24) -> 0
A26: III. TRANSPORTES
A29: MATERIAL | H29: VOL. o PESO | I29: DISTANCIA/RENDIMIENTO | J29: M3 o Ton/Km | K29: TARIFA | M29: Vr. UNITARIO
A30: =+PRECIOS!C21 -> TRANSPORTE TIPO ACARREO | H30: 1 | I30: 0.01 | K30: =+PRECIOS!J21 -> 80000 | M30: =+K30*I30*H30 -> 800
A32: SUBTOTAL $ | M32: =SUM(M30:M31) -> 800
A33: IV. MANO DE OBRA
A36: TRABAJADOR | G36: CANT. | H36: JORNAL | I36: PRESTACIONES | J36: JORNAL TOTAL | K36: RENDIMIENTO | M36: Vr. UNITARIO
A37: =+PRECIOS!C30 -> OFICIAL ELECTRICISTA | G37: 1 | H37: =VLOOKUP(A37,'Salarios OBRA'!$B$7:$I$58,4,FALSE) -> 116667 | I37: =VLOOKUP(A37,'Salarios OBRA'!$B$7:$I$58,7,FALSE) -> 99976 | J37: =+I37+H37 -> 216643 | K37: 10 | M37: =J37/K37 -> 21664.3
A38: =+PRECIOS!C31 -> AYUDANTE ELECTRICIDAD | G38: 1 | H38: =VLOOKUP(A38,'Salarios OBRA'!$B$7:$I$58,4,FALSE) -> 90000 | I38: =VLOOKUP(A38,'Salarios OBRA'!$B$7:$I$58,7,FALSE) -> 78643 | J38: =+I38+H38 -> 168643 | K38: 10 | M38: =J38/K38 -> 16864.3
A39: =+PRECIOS!C27 -> AYUDANTE DE OBRA | G39: 1 | H39: =VLOOKUP(A39,'Salarios OBRA'!$B$7:$I$58,4,FALSE) -> 73333 | I39: =VLOOKUP(A39,'Salarios OBRA'!$B$7:$I$58,7,FALSE) -> 65309 | J39: =+I39+H39 -> 138642 | K39: 3 | M39: =J39/K39 -> 46214
A41: SUBTOTAL $ | M41: =SUM(M37:M40) -> 84742.6
A43: TOTAL COSTO | M43: =ROUND(M41+M32+M25+M17,0) -> 140625

Sheet 13.1
A2: ANALISIS DE PRECIOS UNITARIOS
A3: ENTIDAD | D3: =+PRESUPUESTO!B3 -> INSTITUTO DE CULTURA Y TURISMO SAN GIL
A4: PROYECTO: | D4: =+PRESUPUESTO!B4 -> ENSAMBLE, MONTAJE E INSTALACIÓN DE ALUMBRADO NAVIDEÑO (ORNAMENTAL Y DECORATIVO) EN LAS INSTALACIONES DEL PARQUE NATURAL EL GALLINERAL DEL MUNICIPIO DE SAN GIL, SANTANDER
A5: =+[1]AIU!$B$6 -> PROCESO
A6: LOCALIZACION: | D6: =[2]INFORMACION!$A$6 -> SAN GIL, SANTANDER | H6: FECHA: | I6: 46296
A8: ITEM | B8: DESCRIPCIÓN | K8: UNIDAD | M8: CANTIDAD
A9: 13.1 | B9: =+VLOOKUP(A9,PRESUPUESTO!$A$6:$F$93,2,FALSE) -> Instalar y conexión electrica de flores del Municipio en el contorno de la rotonda. | K9: =+VLOOKUP(A9,PRESUPUESTO!$A$6:$F$93,3,FALSE) -> UND | M9: =+VLOOKUP(A9,PRESUPUESTO!$A$6:$F$93,4,FALSE) -> 10
A10: I. EQUIPO
A13: DESCRIPCIÓN | F13: MARCA | H13: TIPO | J13: TARIFA/HORA | K13: RENDIMIENTO | M13: Vr. UNITARIO
A14: HERRAMIENTA MENOR | J14: =M41 -> 66257 | K14: 0.65 | M14: =J14*K14 -> 43067.05
A17: SUBTOTAL $ | M17: =SUM(M14:M16) -> 43067.05
A18: II. MATERIALES
A21: DESCRIPCIÓN | I21: UNIDAD | J21: CANTIDAD | K21: PRECIO UNIT. | M21: Vr. UNITARIO
A25: SUBTOTAL $ | M25: =SUM(M22:M24) -> 0
A26: III. TRANSPORTES
A29: MATERIAL | H29: VOL. o PESO | I29: DISTANCIA/RENDIMIENTO | J29: M3 o Ton/Km | K29: TARIFA | M29: Vr. UNITARIO
A30: =+PRECIOS!C21 -> TRANSPORTE TIPO ACARREO | H30: 1 | I30: 0.01 | K30: =+PRECIOS!J21 -> 80000 | M30: =+K30*I30*H30 -> 800
A32: SUBTOTAL $ | M32: =SUM(M30:M31) -> 800
A33: IV. MANO DE OBRA
A36: TRABAJADOR | G36: CANT. | H36: JORNAL | I36: PRESTACIONES | J36: JORNAL TOTAL | K36: RENDIMIENTO | M36: Vr. UNITARIO
A37: =+PRECIOS!C30 -> OFICIAL ELECTRICISTA | G37: 1 | H37: =VLOOKUP(A37,'Salarios OBRA'!$B$7:$I$58,4,FALSE) -> 116667 | I37: =VLOOKUP(A37,'Salarios OBRA'!$B$7:$I$58,7,FALSE) -> 99976 | J37: =+I37+H37 -> 216643 | K37: 10 | M37: =J37/K37 -> 21664.3
A38: =+PRECIOS!C31 -> AYUDANTE ELECTRICIDAD | G38: 1 | H38: =VLOOKUP(A38,'Salarios OBRA'!$B$7:$I$58,4,FALSE) -> 90000 | I38: =VLOOKUP(A38,'Salarios OBRA'!$B$7:$I$58,7,FALSE) -> 78643 | J38: =+I38+H38 -> 168643 | K38: 10 | M38: =J38/K38 -> 16864.3
A39: =+PRECIOS!C27 -> AYUDANTE DE OBRA | G39: 1 | H39: =VLOOKUP(A39,'Salarios OBRA'!$B$7:$I$58,4,FALSE) -> 73333 | I39: =VLOOKUP(A39,'Salarios OBRA'!$B$7:$I$58,7,FALSE) -> 65309 | J39: =+I39+H39 -> 138642 | K39: 5 | M39: =J39/K39 -> 27728.4
A41: SUBTOTAL $ | M41: =SUM(M37:M40) -> 66257
A43: TOTAL COSTO | M43: =ROUND(M41+M32+M25+M17,0) -> 110124

Sheet 13.2
A2: ANALISIS DE PRECIOS UNITARIOS
A3: ENTIDAD | D3: =+PRESUPUESTO!B3 -> INSTITUTO DE CULTURA Y TURISMO SAN GIL
A4: PROYECTO: | D4: =+PRESUPUESTO!B4 -> ENSAMBLE, MONTAJE E INSTALACIÓN DE ALUMBRADO NAVIDEÑO (ORNAMENTAL Y DECORATIVO) EN LAS INSTALACIONES DEL PARQUE NATURAL EL GALLINERAL DEL MUNICIPIO DE SAN GIL, SANTANDER
A5: =+[1]AIU!$B$6 -> PROCESO
A6: LOCALIZACION: | D6: =[2]INFORMACION!$A$6 -> SAN GIL, SANTANDER | H6: FECHA: | I6: 46296
A8: ITEM | B8: DESCRIPCIÓN | K8: UNIDAD | M8: CANTIDAD
A9: 13.2 | B9: =+VLOOKUP(A9,PRESUPUESTO!$A$6:$F$93,2,FALSE) -> Sumnistrar e instalar cinta neo flex luz de color en las alas y la cola del colibri y en el centro de la flor. | K9: =+VLOOKUP(A9,PRESUPUESTO!$A$6:$F$93,3,FALSE) -> UND | M9: =+VLOOKUP(A9,PRESUPUESTO!$A$6:$F$93,4,FALSE) -> 1
A10: I. EQUIPO
A13: DESCRIPCIÓN | F13: MARCA | H13: TIPO | J13: TARIFA/HORA | K13: RENDIMIENTO | M13: Vr. UNITARIO
A14: HERRAMIENTA MENOR | J14: =M41 -> 66257 | K14: 0.65 | M14: =J14*K14 -> 43067.05
A17: SUBTOTAL $ | M17: =SUM(M14:M16) -> 43067.05
A18: II. MATERIALES
A21: DESCRIPCIÓN | I21: UNIDAD | J21: CANTIDAD | K21: PRECIO UNIT. | M21: Vr. UNITARIO
A22: Cinta neón flex LED de color para exterior | I22: und | J22: 1 | K22: 70000 | M22: =J22*K22 -> 70000
A23: Cable eléctrico para conexión | I23: und | J23: 1 | K23: 8000 | M23: =J23*K23 -> 8000
A25: SUBTOTAL $ | M25: =SUM(M22:M24) -> 78000
A26: III. TRANSPORTES
A29: MATERIAL | H29: VOL. o PESO | I29: DISTANCIA/RENDIMIENTO | J29: M3 o Ton/Km | K29: TARIFA | M29: Vr. UNITARIO
A30: =+PRECIOS!C21 -> TRANSPORTE TIPO ACARREO | H30: 1 | I30: 0.2 | K30: =+PRECIOS!J21 -> 80000 | M30: =+K30*I30*H30 -> 16000
A32: SUBTOTAL $ | M32: =SUM(M30:M31) -> 16000
A33: IV. MANO DE OBRA
A36: TRABAJADOR | G36: CANT. | H36: JORNAL | I36: PRESTACIONES | J36: JORNAL TOTAL | K36: RENDIMIENTO | M36: Vr. UNITARIO
A37: =+PRECIOS!C30 -> OFICIAL ELECTRICISTA | G37: 1 | H37: =VLOOKUP(A37,'Salarios OBRA'!$B$7:$I$58,4,FALSE) -> 116667 | I37: =VLOOKUP(A37,'Salarios OBRA'!$B$7:$I$58,7,FALSE) -> 99976 | J37: =+I37+H37 -> 216643 | K37: 10 | M37: =J37/K37 -> 21664.3
A38: =+PRECIOS!C31 -> AYUDANTE ELECTRICIDAD | G38: 1 | H38: =VLOOKUP(A38,'Salarios OBRA'!$B$7:$I$58,4,FALSE) -> 90000 | I38: =VLOOKUP(A38,'Salarios OBRA'!$B$7:$I$58,7,FALSE) -> 78643 | J38: =+I38+H38 -> 168643 | K38: 10 | M38: =J38/K38 -> 16864.3
A39: =+PRECIOS!C27 -> AYUDANTE DE OBRA | G39: 1 | H39: =VLOOKUP(A39,'Salarios OBRA'!$B$7:$I$58,4,FALSE) -> 73333 | I39: =VLOOKUP(A39,'Salarios OBRA'!$B$7:$I$58,7,FALSE) -> 65309 | J39: =+I39+H39 -> 138642 | K39: 5 | M39: =J39/K39 -> 27728.4
A41: SUBTOTAL $ | M41: =SUM(M37:M40) -> 66257
A43: TOTAL COSTO | M43: =ROUND(M41+M32+M25+M17,0) -> 203324

Sheet 14.1
A2: ANALISIS DE PRECIOS UNITARIOS
A3: ENTIDAD | D3: =+PRESUPUESTO!B3 -> INSTITUTO DE CULTURA Y TURISMO SAN GIL
A4: PROYECTO: | D4: =+PRESUPUESTO!B4 -> ENSAMBLE, MONTAJE E INSTALACIÓN DE ALUMBRADO NAVIDEÑO (ORNAMENTAL Y DECORATIVO) EN LAS INSTALACIONES DEL PARQUE NATURAL EL GALLINERAL DEL MUNICIPIO DE SAN GIL, SANTANDER
A5: =+[1]AIU!$B$6 -> PROCESO
A6: LOCALIZACION: | D6: =[2]INFORMACION!$A$6 -> SAN GIL, SANTANDER | H6: FECHA: | I6: 46296
A8: ITEM | B8: DESCRIPCIÓN | K8: UNIDAD | M8: CANTIDAD
A9: 14.1 | B9: =+VLOOKUP(A9,PRESUPUESTO!$A$6:$F$93,2,FALSE) -> Suministro e instalacion de extension lluvia de 10 mts de Luz led calida en el contorno total del techo.. | K9: =+VLOOKUP(A9,PRESUPUESTO!$A$6:$F$93,3,FALSE) -> UND | M9: =+VLOOKUP(A9,PRESUPUESTO!$A$6:$F$93,4,FALSE) -> 3
A10: I. EQUIPO
A13: DESCRIPCIÓN | F13: MARCA | H13: TIPO | J13: TARIFA/HORA | K13: RENDIMIENTO | M13: Vr. UNITARIO
A14: HERRAMIENTA MENOR | J14: =M41 -> 42371.3 | K14: 0.5 | M14: =J14*K14 -> 21185.65
A17: SUBTOTAL $ | M17: =SUM(M14:M16) -> 21185.65
A18: II. MATERIALES
A21: DESCRIPCIÓN | I21: UNIDAD | J21: CANTIDAD | K21: PRECIO UNIT. | M21: Vr. UNITARIO
A22: Extension Lluvia de 10mts | I22: und | J22: 1 | K22: 70000 | M22: =J22*K22 -> 70000
A23: Cable eléctrico para conexión | I23: und | J23: 1 | K23: 8000 | M23: =J23*K23 -> 8000
A25: SUBTOTAL $ | M25: =SUM(M22:M24) -> 78000
A26: III. TRANSPORTES
A29: MATERIAL | H29: VOL. o PESO | I29: DISTANCIA/RENDIMIENTO | J29: M3 o Ton/Km | K29: TARIFA | M29: Vr. UNITARIO
A30: =+PRECIOS!C21 -> TRANSPORTE TIPO ACARREO | H30: 1 | I30: 0.2 | K30: =+PRECIOS!J21 -> 80000 | M30: =+K30*I30*H30 -> 16000
A32: SUBTOTAL $ | M32: =SUM(M30:M31) -> 16000
A33: IV. MANO DE OBRA
A36: TRABAJADOR | G36: CANT. | H36: JORNAL | I36: PRESTACIONES | J36: JORNAL TOTAL | K36: RENDIMIENTO | M36: Vr. UNITARIO
A37: =+PRECIOS!C30 -> OFICIAL ELECTRICISTA | G37: 1 | H37: =VLOOKUP(A37,'Salarios OBRA'!$B$7:$I$58,4,FALSE) -> 116667 | I37: =VLOOKUP(A37,'Salarios OBRA'!$B$7:$I$58,7,FALSE) -> 99976 | J37: =+I37+H37 -> 216643 | K37: 20 | M37: =J37/K37 -> 10832.15
A38: =+PRECIOS!C31 -> AYUDANTE ELECTRICIDAD | G38: 1 | H38: =VLOOKUP(A38,'Salarios OBRA'!$B$7:$I$58,4,FALSE) -> 90000 | I38: =VLOOKUP(A38,'Salarios OBRA'!$B$7:$I$58,7,FALSE) -> 78643 | J38: =+I38+H38 -> 168643 | K38: 20 | M38: =J38/K38 -> 8432.15
A39: =+PRECIOS!C27 -> AYUDANTE DE OBRA | G39: 1 | H39: =VLOOKUP(A39,'Salarios OBRA'!$B$7:$I$58,4,FALSE) -> 73333 | I39: =VLOOKUP(A39,'Salarios OBRA'!$B$7:$I$58,7,FALSE) -> 65309 | J39: =+I39+H39 -> 138642 | K39: 6 | M39: =J39/K39 -> 23107
A41: SUBTOTAL $ | M41: =SUM(M37:M40) -> 42371.3
A43: TOTAL COSTO | M43: =ROUND(M41+M32+M25+M17,0) -> 157557

Sheet 15.1
A2: ANALISIS DE PRECIOS UNITARIOS
A3: ENTIDAD | D3: =+PRESUPUESTO!B3 -> INSTITUTO DE CULTURA Y TURISMO SAN GIL
A4: PROYECTO: | D4: =+PRESUPUESTO!B4 -> ENSAMBLE, MONTAJE E INSTALACIÓN DE ALUMBRADO NAVIDEÑO (ORNAMENTAL Y DECORATIVO) EN LAS INSTALACIONES DEL PARQUE NATURAL EL GALLINERAL DEL MUNICIPIO DE SAN GIL, SANTANDER
A5: =+[1]AIU!$B$6 -> PROCESO
A6: LOCALIZACION: | D6: =[2]INFORMACION!$A$6 -> SAN GIL, SANTANDER | H6: FECHA: | I6: 46296
A8: ITEM | B8: DESCRIPCIÓN | K8: UNIDAD | M8: CANTIDAD
A9: 15.1 | B9: =+VLOOKUP(A9,PRESUPUESTO!$A$6:$F$93,2,FALSE) -> Instalacion y conexiones electricas de reflector en arbol del lateral de la piscina de niños. | K9: =+VLOOKUP(A9,PRESUPUESTO!$A$6:$F$93,3,FALSE) -> UND | M9: =+VLOOKUP(A9,PRESUPUESTO!$A$6:$F$93,4,FALSE) -> 1
A10: I. EQUIPO
A13: DESCRIPCIÓN | F13: MARCA | H13: TIPO | J13: TARIFA/HORA | K13: RENDIMIENTO | M13: Vr. UNITARIO
A14: HERRAMIENTA MENOR | J14: =M41 -> 84742.6 | K14: 0.5 | M14: =J14*K14 -> 42371.3
A17: SUBTOTAL $ | M17: =SUM(M14:M16) -> 42371.3
A18: II. MATERIALES
A21: DESCRIPCIÓN | I21: UNIDAD | J21: CANTIDAD | K21: PRECIO UNIT. | M21: Vr. UNITARIO
A25: SUBTOTAL $ | M25: =SUM(M22:M24) -> 0
A26: III. TRANSPORTES
A29: MATERIAL | H29: VOL. o PESO | I29: DISTANCIA/RENDIMIENTO | J29: M3 o Ton/Km | K29: TARIFA | M29: Vr. UNITARIO
A30: =+PRECIOS!C21 -> TRANSPORTE TIPO ACARREO | H30: 1 | I30: 0.2 | K30: =+PRECIOS!J21 -> 80000 | M30: =+K30*I30*H30 -> 16000
A32: SUBTOTAL $ | M32: =SUM(M30:M31) -> 16000
A33: IV. MANO DE OBRA
A36: TRABAJADOR | G36: CANT. | H36: JORNAL | I36: PRESTACIONES | J36: JORNAL TOTAL | K36: RENDIMIENTO | M36: Vr. UNITARIO
A37: =+PRECIOS!C30 -> OFICIAL ELECTRICISTA | G37: 1 | H37: =VLOOKUP(A37,'Salarios OBRA'!$B$7:$I$58,4,FALSE) -> 116667 | I37: =VLOOKUP(A37,'Salarios OBRA'!$B$7:$I$58,7,FALSE) -> 99976 | J37: =+I37+H37 -> 216643 | K37: 10 | M37: =J37/K37 -> 21664.3
A38: =+PRECIOS!C31 -> AYUDANTE ELECTRICIDAD | G38: 1 | H38: =VLOOKUP(A38,'Salarios OBRA'!$B$7:$I$58,4,FALSE) -> 90000 | I38: =VLOOKUP(A38,'Salarios OBRA'!$B$7:$I$58,7,FALSE) -> 78643 | J38: =+I38+H38 -> 168643 | K38: 10 | M38: =J38/K38 -> 16864.3
A39: =+PRECIOS!C27 -> AYUDANTE DE OBRA | G39: 1 | H39: =VLOOKUP(A39,'Salarios OBRA'!$B$7:$I$58,4,FALSE) -> 73333 | I39: =VLOOKUP(A39,'Salarios OBRA'!$B$7:$I$58,7,FALSE) -> 65309 | J39: =+I39+H39 -> 138642 | K39: 3 | M39: =J39/K39 -> 46214
A41: SUBTOTAL $ | M41: =SUM(M37:M40) -> 84742.6
A43: TOTAL COSTO | M43: =ROUND(M41+M32+M25+M17,0) -> 143114

Sheet 15.2
A2: ANALISIS DE PRECIOS UNITARIOS
A3: ENTIDAD | D3: =+PRESUPUESTO!B3 -> INSTITUTO DE CULTURA Y TURISMO SAN GIL
A4: PROYECTO: | D4: =+PRESUPUESTO!B4 -> ENSAMBLE, MONTAJE E INSTALACIÓN DE ALUMBRADO NAVIDEÑO (ORNAMENTAL Y DECORATIVO) EN LAS INSTALACIONES DEL PARQUE NATURAL EL GALLINERAL DEL MUNICIPIO DE SAN GIL, SANTANDER
A5: =+[1]AIU!$B$6 -> PROCESO
A6: LOCALIZACION: | D6: =[2]INFORMACION!$A$6 -> SAN GIL, SANTANDER | H6: FECHA: | I6: 46296
A8: ITEM | B8: DESCRIPCIÓN | K8: UNIDAD | M8: CANTIDAD
A9: 15.2 | B9: =+VLOOKUP(A9,PRESUPUESTO!$A$6:$F$93,2,FALSE) -> Instalacion y conexión electricas para cascabeles del municipio, en el area trasera de la tienda de souvenirs. | K9: =+VLOOKUP(A9,PRESUPUESTO!$A$6:$F$93,3,FALSE) -> UND | M9: =+VLOOKUP(A9,PRESUPUESTO!$A$6:$F$93,4,FALSE) -> 3
A10: I. EQUIPO
A13: DESCRIPCIÓN | F13: MARCA | H13: TIPO | J13: TARIFA/HORA | K13: RENDIMIENTO | M13: Vr. UNITARIO
A14: HERRAMIENTA MENOR | J14: =M41 -> 107849.6 | K14: 0.55 | M14: =J14*K14 -> 59317.28
A17: SUBTOTAL $ | M17: =SUM(M14:M16) -> 59317.28
A18: II. MATERIALES
A21: DESCRIPCIÓN | I21: UNIDAD | J21: CANTIDAD | K21: PRECIO UNIT. | M21: Vr. UNITARIO
A25: SUBTOTAL $ | M25: =SUM(M22:M24) -> 0
A26: III. TRANSPORTES
A29: MATERIAL | H29: VOL. o PESO | I29: DISTANCIA/RENDIMIENTO | J29: M3 o Ton/Km | K29: TARIFA | M29: Vr. UNITARIO
A30: =+PRECIOS!C21 -> TRANSPORTE TIPO ACARREO | H30: 1 | I30: 0.2 | K30: =+PRECIOS!J21 -> 80000 | M30: =+K30*I30*H30 -> 16000
A32: SUBTOTAL $ | M32: =SUM(M30:M31) -> 16000
A33: IV. MANO DE OBRA
A36: TRABAJADOR | G36: CANT. | H36: JORNAL | I36: PRESTACIONES | J36: JORNAL TOTAL | K36: RENDIMIENTO | M36: Vr. UNITARIO
A37: =+PRECIOS!C30 -> OFICIAL ELECTRICISTA | G37: 1 | H37: =VLOOKUP(A37,'Salarios OBRA'!$B$7:$I$58,4,FALSE) -> 116667 | I37: =VLOOKUP(A37,'Salarios OBRA'!$B$7:$I$58,7,FALSE) -> 99976 | J37: =+I37+H37 -> 216643 | K37: 10 | M37: =J37/K37 -> 21664.3
A38: =+PRECIOS!C31 -> AYUDANTE ELECTRICIDAD | G38: 1 | H38: =VLOOKUP(A38,'Salarios OBRA'!$B$7:$I$58,4,FALSE) -> 90000 | I38: =VLOOKUP(A38,'Salarios OBRA'!$B$7:$I$58,7,FALSE) -> 78643 | J38: =+I38+H38 -> 168643 | K38: 10 | M38: =J38/K38 -> 16864.3
A39: =+PRECIOS!C27 -> AYUDANTE DE OBRA | G39: 1 | H39: =VLOOKUP(A39,'Salarios OBRA'!$B$7:$I$58,4,FALSE) -> 73333 | I39: =VLOOKUP(A39,'Salarios OBRA'!$B$7:$I$58,7,FALSE) -> 65309 | J39: =+I39+H39 -> 138642 | K39: 2 | M39: =J39/K39 -> 69321
A41: SUBTOTAL $ | M41: =SUM(M37:M40) -> 107849.6
A43: TOTAL COSTO | M43: =ROUND(M41+M32+M25+M17,0) -> 183167

Sheet 17.2
A2: ANALISIS DE PRECIOS UNITARIOS
A3: ENTIDAD | D3: =+PRESUPUESTO!B3 -> INSTITUTO DE CULTURA Y TURISMO SAN GIL
A4: PROYECTO: | D4: =+PRESUPUESTO!B4 -> ENSAMBLE, MONTAJE E INSTALACIÓN DE ALUMBRADO NAVIDEÑO (ORNAMENTAL Y DECORATIVO) EN LAS INSTALACIONES DEL PARQUE NATURAL EL GALLINERAL DEL MUNICIPIO DE SAN GIL, SANTANDER
A5: =+[1]AIU!$B$6 -> PROCESO
A6: LOCALIZACION: | D6: =[2]INFORMACION!$A$6 -> SAN GIL, SANTANDER | H6: FECHA: | I6: 46296
A8: ITEM | B8: DESCRIPCIÓN | K8: UNIDAD | M8: CANTIDAD
A9: 17.2 | B9: =+VLOOKUP(A9,PRESUPUESTO!$A$6:$F$93,2,FALSE) -> Suministro e inatalacion electrica de Reflectores RGB dirigidos a los tres cauces que pasan por debajo del puente | K9: =+VLOOKUP(A9,PRESUPUESTO!$A$6:$F$93,3,FALSE) -> UND | M9: =+VLOOKUP(A9,PRESUPUESTO!$A$6:$F$93,4,FALSE) -> 3
A10: I. EQUIPO
A13: DESCRIPCIÓN | F13: MARCA | H13: TIPO | J13: TARIFA/HORA | K13: RENDIMIENTO | M13: Vr. UNITARIO
A14: HERRAMIENTA MENOR | J14: =M41 -> 66257 | K14: 0.6 | M14: =J14*K14 -> 39754.2
A15: =+PRECIOS!C14 -> TALADRO (electrico) | J15: =+PRECIOS!J15 -> 50000 | K15: 50 | M15: =+J15/K15 -> 1000
A16: =+PRECIOS!C16 -> ESCALERA TELESCOPICA AISLADA | J16: =+PRECIOS!J16 -> 45000 | K16: 40 | M16: =+J16/K16 -> 1125
A17: SUBTOTAL $ | M17: =SUM(M14:M16) -> 41879.2
A18: II. MATERIALES
A21: DESCRIPCIÓN | I21: UNIDAD | J21: CANTIDAD | K21: PRECIO UNIT. | M21: Vr. UNITARIO
A22: Reflector LED RGB de 50 W, para exterior | I22: und | J22: 1 | K22: 65000 | M22: =+K22*J22 -> 65000
A25: SUBTOTAL $ | M25: =SUM(M22:M24) -> 65000
A26: III. TRANSPORTES
A29: MATERIAL | H29: VOL. o PESO | I29: DISTANCIA/RENDIMIENTO | J29: M3 o Ton/Km | K29: TARIFA | M29: Vr. UNITARIO
A30: =+PRECIOS!C21 -> TRANSPORTE TIPO ACARREO | H30: 1 | I30: 0.8 | K30: =+PRECIOS!J21 -> 80000 | M30: =+K30*I30*H30 -> 64000
A32: SUBTOTAL $ | M32: =SUM(M30:M31) -> 64000
A33: IV. MANO DE OBRA
A36: TRABAJADOR | G36: CANT. | H36: JORNAL | I36: PRESTACIONES | J36: JORNAL TOTAL | K36: RENDIMIENTO | M36: Vr. UNITARIO
A37: =+PRECIOS!C30 -> OFICIAL ELECTRICISTA | G37: 1 | H37: =VLOOKUP(A37,'Salarios OBRA'!$B$7:$I$58,4,FALSE) -> 116667 | I37: =VLOOKUP(A37,'Salarios OBRA'!$B$7:$I$58,7,FALSE) -> 99976 | J37: =+I37+H37 -> 216643 | K37: 10 | M37: =J37/K37 -> 21664.3
A38: =+PRECIOS!C31 -> AYUDANTE ELECTRICIDAD | G38: 1 | H38: =VLOOKUP(A38,'Salarios OBRA'!$B$7:$I$58,4,FALSE) -> 90000 | I38: =VLOOKUP(A38,'Salarios OBRA'!$B$7:$I$58,7,FALSE) -> 78643 | J38: =+I38+H38 -> 168643 | K38: 10 | M38: =J38/K38 -> 16864.3
A39: =+PRECIOS!C27 -> AYUDANTE DE OBRA | G39: 1 | H39: =VLOOKUP(A39,'Salarios OBRA'!$B$7:$I$58,4,FALSE) -> 73333 | I39: =VLOOKUP(A39,'Salarios OBRA'!$B$7:$I$58,7,FALSE) -> 65309 | J39: =+I39+H39 -> 138642 | K39: 5 | M39: =J39/K39 -> 27728.4
A41: SUBTOTAL $ | M41: =SUM(M37:M40) -> 66257
A43: TOTAL COSTO | M43: =ROUND(M41+M32+M25+M17,0) -> 237136

Sheet 17.3
A2: ANALISIS DE PRECIOS UNITARIOS
A3: ENTIDAD | D3: =+PRESUPUESTO!B3 -> INSTITUTO DE CULTURA Y TURISMO SAN GIL
A4: PROYECTO: | D4: =+PRESUPUESTO!B4 -> ENSAMBLE, MONTAJE E INSTALACIÓN DE ALUMBRADO NAVIDEÑO (ORNAMENTAL Y DECORATIVO) EN LAS INSTALACIONES DEL PARQUE NATURAL EL GALLINERAL DEL MUNICIPIO DE SAN GIL, SANTANDER
A5: =+[1]AIU!$B$6 -> PROCESO
A6: LOCALIZACION: | D6: =[2]INFORMACION!$A$6 -> SAN GIL, SANTANDER | H6: FECHA: | I6: 46296
A8: ITEM | B8: DESCRIPCIÓN | K8: UNIDAD | M8: CANTIDAD
A9: 17.3 | B9: =+VLOOKUP(A9,PRESUPUESTO!$A$6:$F$93,2,FALSE) -> Suministro e instalacion de cinta LED de 2 mts luz calida y arreglos con moño rojo de 23 cms x 26 cms de largo y follaje verde y pin navideño. Incluye dos arreglos navidelos por cada par de columnas | K9: =+VLOOKUP(A9,PRESUPUESTO!$A$6:$F$93,3,FALSE) -> UND | M9: =+VLOOKUP(A9,PRESUPUESTO!$A$6:$F$93,4,FALSE) -> 4
A10: I. EQUIPO
A13: DESCRIPCIÓN | F13: MARCA | H13: TIPO | J13: TARIFA/HORA | K13: RENDIMIENTO | M13: Vr. UNITARIO
A14: HERRAMIENTA MENOR | J14: =M41 -> 146378.2 | K14: 0.8 | M14: =J14*K14 -> 117102.56
A15: =+PRECIOS!C14 -> TALADRO (electrico) | J15: =+PRECIOS!J15 -> 50000 | K15: 50 | M15: =+J15/K15 -> 1000
A16: =+PRECIOS!C16 -> ESCALERA TELESCOPICA AISLADA | J16: =+PRECIOS!J16 -> 45000 | K16: 20 | M16: =+J16/K16 -> 2250
A17: SUBTOTAL $ | M17: =SUM(M14:M16) -> 120352.56
A18: II. MATERIALES
A21: DESCRIPCIÓN | I21: UNIDAD | J21: CANTIDAD | K21: PRECIO UNIT. | M21: Vr. UNITARIO
A22: Cinta LED luz cálida, extensión de 2 metros | I22: und | J22: 1 | K22: 25000 | M22: =+K22*J22 -> 25000
A23: Moño rojo decorativo de 23 × 26 cm | I23: und | J23: 1 | K23: 15000 | M23: =+K23*J23 -> 15000
A24: Alambre, amarres y accesorios de fijación | I24: und | J24: 1 | K24: 5000 | M24: =+K24*J24 -> 5000
A25: SUBTOTAL $ | M25: =SUM(M22:M24) -> 45000
A26: III. TRANSPORTES
A29: MATERIAL | H29: VOL. o PESO | I29: DISTANCIA/RENDIMIENTO | J29: M3 o Ton/Km | K29: TARIFA | M29: Vr. UNITARIO
A30: =+PRECIOS!C21 -> TRANSPORTE TIPO ACARREO | H30: 1 | I30: 0.9 | K30: =+PRECIOS!J21 -> 80000 | M30: =+K30*I30*H30 -> 72000
A32: SUBTOTAL $ | M32: =SUM(M30:M31) -> 72000
A33: IV. MANO DE OBRA
A36: TRABAJADOR | G36: CANT. | H36: JORNAL | I36: PRESTACIONES | J36: JORNAL TOTAL | K36: RENDIMIENTO | M36: Vr. UNITARIO
A37: =+PRECIOS!C30 -> OFICIAL ELECTRICISTA | G37: 1 | H37: =VLOOKUP(A37,'Salarios OBRA'!$B$7:$I$58,4,FALSE) -> 116667 | I37: =VLOOKUP(A37,'Salarios OBRA'!$B$7:$I$58,7,FALSE) -> 99976 | J37: =+I37+H37 -> 216643 | K37: 5 | M37: =J37/K37 -> 43328.6
A38: =+PRECIOS!C31 -> AYUDANTE ELECTRICIDAD | G38: 1 | H38: =VLOOKUP(A38,'Salarios OBRA'!$B$7:$I$58,4,FALSE) -> 90000 | I38: =VLOOKUP(A38,'Salarios OBRA'!$B$7:$I$58,7,FALSE) -> 78643 | J38: =+I38+H38 -> 168643 | K38: 5 | M38: =J38/K38 -> 33728.6
A39: =+PRECIOS!C27 -> AYUDANTE DE OBRA | G39: 1 | H39: =VLOOKUP(A39,'Salarios OBRA'!$B$7:$I$58,4,FALSE) -> 73333 | I39: =VLOOKUP(A39,'Salarios OBRA'!$B$7:$I$58,7,FALSE) -> 65309 | J39: =+I39+H39 -> 138642 | K39: 2 | M39: =J39/K39 -> 69321
A41: SUBTOTAL $ | M41: =SUM(M37:M40) -> 146378.2
A43: TOTAL COSTO | M43: =ROUND(M41+M32+M25+M17,0) -> 383731

Sheet 18.1
A2: ANALISIS DE PRECIOS UNITARIOS
A3: ENTIDAD | D3: =+PRESUPUESTO!B3 -> INSTITUTO DE CULTURA Y TURISMO SAN GIL
A4: PROYECTO: | D4: =+PRESUPUESTO!B4 -> ENSAMBLE, MONTAJE E INSTALACIÓN DE ALUMBRADO NAVIDEÑO (ORNAMENTAL Y DECORATIVO) EN LAS INSTALACIONES DEL PARQUE NATURAL EL GALLINERAL DEL MUNICIPIO DE SAN GIL, SANTANDER
A5: =+[1]AIU!$B$6 -> PROCESO
A6: LOCALIZACION: | D6: =[2]INFORMACION!$A$6 -> SAN GIL, SANTANDER | H6: FECHA: | I6: 46296
A8: ITEM | B8: DESCRIPCIÓN | K8: UNIDAD | M8: CANTIDAD
A9: 18.1 | B9: =+VLOOKUP(A9,PRESUPUESTO!$A$6:$F$93,2,FALSE) -> Suministro e instalacion electrica de mini spot led exterior luz calida 5 vatios. | K9: =+VLOOKUP(A9,PRESUPUESTO!$A$6:$F$93,3,FALSE) -> UND | M9: =+VLOOKUP(A9,PRESUPUESTO!$A$6:$F$93,4,FALSE) -> 8
A10: I. EQUIPO
A13: DESCRIPCIÓN | F13: MARCA | H13: TIPO | J13: TARIFA/HORA | K13: RENDIMIENTO | M13: Vr. UNITARIO
A14: HERRAMIENTA MENOR | J14: =M41 -> 28507.1 | K14: 0.8 | M14: =J14*K14 -> 22805.68
A17: SUBTOTAL $ | M17: =SUM(M14:M16) -> 22805.68
A18: II. MATERIALES
A21: DESCRIPCIÓN | I21: UNIDAD | J21: CANTIDAD | K21: PRECIO UNIT. | M21: Vr. UNITARIO
A22: Mini spot LED para exterior, luz cálida, 5 W | I22: und | J22: 1 | K22: 30000 | M22: =+K22*J22 -> 30000
A25: SUBTOTAL $ | M25: =SUM(M22:M24) -> 30000
A26: III. TRANSPORTES
A29: MATERIAL | H29: VOL. o PESO | I29: DISTANCIA/RENDIMIENTO | J29: M3 o Ton/Km | K29: TARIFA | M29: Vr. UNITARIO
A30: =+PRECIOS!C21 -> TRANSPORTE TIPO ACARREO | H30: 1 | I30: 0.25 | K30: =+PRECIOS!J21 -> 80000 | M30: =+K30*I30*H30 -> 20000
A32: SUBTOTAL $ | M32: =SUM(M30:M31) -> 20000
A33: IV. MANO DE OBRA
A36: TRABAJADOR | G36: CANT. | H36: JORNAL | I36: PRESTACIONES | J36: JORNAL TOTAL | K36: RENDIMIENTO | M36: Vr. UNITARIO
A37: =+PRECIOS!C30 -> OFICIAL ELECTRICISTA | G37: 1 | H37: =VLOOKUP(A37,'Salarios OBRA'!$B$7:$I$58,4,FALSE) -> 116667 | I37: =VLOOKUP(A37,'Salarios OBRA'!$B$7:$I$58,7,FALSE) -> 99976 | J37: =+I37+H37 -> 216643 | K37: 20 | M37: =J37/K37 -> 10832.15
A38: =+PRECIOS!C31 -> AYUDANTE ELECTRICIDAD | G38: 1 | H38: =VLOOKUP(A38,'Salarios OBRA'!$B$7:$I$58,4,FALSE) -> 90000 | I38: =VLOOKUP(A38,'Salarios OBRA'!$B$7:$I$58,7,FALSE) -> 78643 | J38: =+I38+H38 -> 168643 | K38: 20 | M38: =J38/K38 -> 8432.15
A39: =+PRECIOS!C27 -> AYUDANTE DE OBRA | G39: 1 | H39: =VLOOKUP(A39,'Salarios OBRA'!$B$7:$I$58,4,FALSE) -> 73333 | I39: =VLOOKUP(A39,'Salarios OBRA'!$B$7:$I$58,7,FALSE) -> 65309 | J39: =+I39+H39 -> 138642 | K39: 15 | M39: =J39/K39 -> 9242.8
A41: SUBTOTAL $ | M41: =SUM(M37:M40) -> 28507.1
A43: TOTAL COSTO | M43: =ROUND(M41+M32+M25+M17,0) -> 101313

Sheet 18.2
A2: ANALISIS DE PRECIOS UNITARIOS
A3: ENTIDAD | D3: =+PRESUPUESTO!B3 -> INSTITUTO DE CULTURA Y TURISMO SAN GIL
A4: PROYECTO: | D4: =+PRESUPUESTO!B4 -> ENSAMBLE, MONTAJE E INSTALACIÓN DE ALUMBRADO NAVIDEÑO (ORNAMENTAL Y DECORATIVO) EN LAS INSTALACIONES DEL PARQUE NATURAL EL GALLINERAL DEL MUNICIPIO DE SAN GIL, SANTANDER
A5: =+[1]AIU!$B$6 -> PROCESO
A6: LOCALIZACION: | D6: =[2]INFORMACION!$A$6 -> SAN GIL, SANTANDER | H6: FECHA: | I6: 46296
A8: ITEM | B8: DESCRIPCIÓN | K8: UNIDAD | M8: CANTIDAD
A9: 18.2 | B9: =+VLOOKUP(A9,PRESUPUESTO!$A$6:$F$93,2,FALSE) -> suministro de bombillo y conexión de faroles colgantes. | K9: =+VLOOKUP(A9,PRESUPUESTO!$A$6:$F$93,3,FALSE) -> UND | M9: =+VLOOKUP(A9,PRESUPUESTO!$A$6:$F$93,4,FALSE) -> 12
A10: I. EQUIPO
A13: DESCRIPCIÓN | F13: MARCA | H13: TIPO | J13: TARIFA/HORA | K13: RENDIMIENTO | M13: Vr. UNITARIO
A14: HERRAMIENTA MENOR | J14: =M41 -> 9887.4833 | K14: 0.8 | M14: =J14*K14 -> 7909.9867
A17: SUBTOTAL $ | M17: =SUM(M14:M16) -> 7909.9867
A18: II. MATERIALES
A21: DESCRIPCIÓN | I21: UNIDAD | J21: CANTIDAD | K21: PRECIO UNIT. | M21: Vr. UNITARIO
A22: Bombillo LED luz cálida | I22: und | J22: 1 | K22: 12000 | M22: =+K22*J22 -> 12000
A25: SUBTOTAL $ | M25: =SUM(M22:M24) -> 12000
A26: III. TRANSPORTES
A29: MATERIAL | H29: VOL. o PESO | I29: DISTANCIA/RENDIMIENTO | J29: M3 o Ton/Km | K29: TARIFA | M29: Vr. UNITARIO
A30: =+PRECIOS!C21 -> TRANSPORTE TIPO ACARREO | H30: 1 | I30: 0.25 | K30: =+PRECIOS!J21 -> 80000 | M30: =+K30*I30*H30 -> 20000
A32: SUBTOTAL $ | M32: =SUM(M30:M31) -> 20000
A33: IV. MANO DE OBRA
A36: TRABAJADOR | G36: CANT. | H36: JORNAL | I36: PRESTACIONES | J36: JORNAL TOTAL | K36: RENDIMIENTO | M36: Vr. UNITARIO
A37: =+PRECIOS!C30 -> OFICIAL ELECTRICISTA | G37: 1 | H37: =VLOOKUP(A37,'Salarios OBRA'!$B$7:$I$58,4,FALSE) -> 116667 | I37: =VLOOKUP(A37,'Salarios OBRA'!$B$7:$I$58,7,FALSE) -> 99976 | J37: =+I37+H37 -> 216643 | K37: 60 | M37: =J37/K37 -> 3610.7167
A38: =+PRECIOS!C31 -> AYUDANTE ELECTRICIDAD | G38: 1 | H38: =VLOOKUP(A38,'Salarios OBRA'!$B$7:$I$58,4,FALSE) -> 90000 | I38: =VLOOKUP(A38,'Salarios OBRA'!$B$7:$I$58,7,FALSE) -> 78643 | J38: =+I38+H38 -> 168643 | K38: 60 | M38: =J38/K38 -> 2810.7167
A39: =+PRECIOS!C27 -> AYUDANTE DE OBRA | G39: 1 | H39: =VLOOKUP(A39,'Salarios OBRA'!$B$7:$I$58,4,FALSE) -> 73333 | I39: =VLOOKUP(A39,'Salarios OBRA'!$B$7:$I$58,7,FALSE) -> 65309 | J39: =+I39+H39 -> 138642 | K39: 40 | M39: =J39/K39 -> 3466.05
A41: SUBTOTAL $ | M41: =SUM(M37:M40) -> 9887.4833
A43: TOTAL COSTO | M43: =ROUND(M41+M32+M25+M17,0) -> 49797

Sheet 18.3
A2: ANALISIS DE PRECIOS UNITARIOS
A3: ENTIDAD | D3: =+PRESUPUESTO!B3 -> INSTITUTO DE CULTURA Y TURISMO SAN GIL
A4: PROYECTO: | D4: =+PRESUPUESTO!B4 -> ENSAMBLE, MONTAJE E INSTALACIÓN DE ALUMBRADO NAVIDEÑO (ORNAMENTAL Y DECORATIVO) EN LAS INSTALACIONES DEL PARQUE NATURAL EL GALLINERAL DEL MUNICIPIO DE SAN GIL, SANTANDER
A5: =+[1]AIU!$B$6 -> PROCESO
A6: LOCALIZACION: | D6: =[2]INFORMACION!$A$6 -> SAN GIL, SANTANDER | H6: FECHA: | I6: 46296
A8: ITEM | B8: DESCRIPCIÓN | K8: UNIDAD | M8: CANTIDAD
A9: 18.3 | B9: =+VLOOKUP(A9,PRESUPUESTO!$A$6:$F$93,2,FALSE) -> Suministro e instalacion de reflectores de luces RGB de 10 vatios para el jardin posterior a cada fachada | K9: =+VLOOKUP(A9,PRESUPUESTO!$A$6:$F$93,3,FALSE) -> UND | M9: =+VLOOKUP(A9,PRESUPUESTO!$A$6:$F$93,4,FALSE) -> 6
A10: I. EQUIPO
A13: DESCRIPCIÓN | F13: MARCA | H13: TIPO | J13: TARIFA/HORA | K13: RENDIMIENTO | M13: Vr. UNITARIO
A14: HERRAMIENTA MENOR | J14: =M41 -> 9194.2733 | K14: 0.6 | M14: =J14*K14 -> 5516.564
A15: =+PRECIOS!C14 -> TALADRO (electrico) | J15: =+PRECIOS!J15 -> 50000 | K15: 50 | M15: =+J15/K15 -> 1000
A17: SUBTOTAL $ | M17: =SUM(M14:M16) -> 6516.564
A18: II. MATERIALES
A21: DESCRIPCIÓN | I21: UNIDAD | J21: CANTIDAD | K21: PRECIO UNIT. | M21: Vr. UNITARIO
A22: Reflector LED RGB de 10 W, para exterior | I22: und | J22: 1 | K22: 45000 | M22: =+K22*J22 -> 45000
A25: SUBTOTAL $ | M25: =SUM(M22:M24) -> 45000
A26: III. TRANSPORTES
A29: MATERIAL | H29: VOL. o PESO | I29: DISTANCIA/RENDIMIENTO | J29: M3 o Ton/Km | K29: TARIFA | M29: Vr. UNITARIO
A30: =+PRECIOS!C21 -> TRANSPORTE TIPO ACARREO | H30: 1 | I30: 0.05 | K30: =+PRECIOS!J21 -> 80000 | M30: =+K30*I30*H30 -> 4000
A32: SUBTOTAL $ | M32: =SUM(M30:M31) -> 4000
A33: IV. MANO DE OBRA
A36: TRABAJADOR | G36: CANT. | H36: JORNAL | I36: PRESTACIONES | J36: JORNAL TOTAL | K36: RENDIMIENTO | M36: Vr. UNITARIO
A37: =+PRECIOS!C30 -> OFICIAL ELECTRICISTA | G37: 1 | H37: =VLOOKUP(A37,'Salarios OBRA'!$B$7:$I$58,4,FALSE) -> 116667 | I37: =VLOOKUP(A37,'Salarios OBRA'!$B$7:$I$58,7,FALSE) -> 99976 | J37: =+I37+H37 -> 216643 | K37: 60 | M37: =J37/K37 -> 3610.7167
A38: =+PRECIOS!C31 -> AYUDANTE ELECTRICIDAD | G38: 1 | H38: =VLOOKUP(A38,'Salarios OBRA'!$B$7:$I$58,4,FALSE) -> 90000 | I38: =VLOOKUP(A38,'Salarios OBRA'!$B$7:$I$58,7,FALSE) -> 78643 | J38: =+I38+H38 -> 168643 | K38: 60 | M38: =J38/K38 -> 2810.7167
A39: =+PRECIOS!C27 -> AYUDANTE DE OBRA | G39: 1 | H39: =VLOOKUP(A39,'Salarios OBRA'!$B$7:$I$58,4,FALSE) -> 73333 | I39: =VLOOKUP(A39,'Salarios OBRA'!$B$7:$I$58,7,FALSE) -> 65309 | J39: =+I39+H39 -> 138642 | K39: 50 | M39: =J39/K39 -> 2772.84
A41: SUBTOTAL $ | M41: =SUM(M37:M40) -> 9194.2733
A43: TOTAL COSTO | M43: =ROUND(M41+M32+M25+M17,0) -> 64711

Sheet 18.4
A2: ANALISIS DE PRECIOS UNITARIOS
A3: ENTIDAD | D3: =+PRESUPUESTO!B3 -> INSTITUTO DE CULTURA Y TURISMO SAN GIL
A4: PROYECTO: | D4: =+PRESUPUESTO!B4 -> ENSAMBLE, MONTAJE E INSTALACIÓN DE ALUMBRADO NAVIDEÑO (ORNAMENTAL Y DECORATIVO) EN LAS INSTALACIONES DEL PARQUE NATURAL EL GALLINERAL DEL MUNICIPIO DE SAN GIL, SANTANDER
A5: =+[1]AIU!$B$6 -> PROCESO
A6: LOCALIZACION: | D6: =[2]INFORMACION!$A$6 -> SAN GIL, SANTANDER | H6: FECHA: | I6: 46296
A8: ITEM | B8: DESCRIPCIÓN | K8: UNIDAD | M8: CANTIDAD
A9: 18.4 | B9: =+VLOOKUP(A9,PRESUPUESTO!$A$6:$F$93,2,FALSE) -> Suministro de plantas ponsetias | K9: =+VLOOKUP(A9,PRESUPUESTO!$A$6:$F$93,3,FALSE) -> UND | M9: =+VLOOKUP(A9,PRESUPUESTO!$A$6:$F$93,4,FALSE) -> 4
A10: I. EQUIPO
A13: DESCRIPCIÓN | F13: MARCA | H13: TIPO | J13: TARIFA/HORA | K13: RENDIMIENTO | M13: Vr. UNITARIO
A14: HERRAMIENTA MENOR | J14: =M41 -> 7126.775 | K14: 0.3 | M14: =J14*K14 -> 2138.0325
A17: SUBTOTAL $ | M17: =SUM(M14:M16) -> 2138.0325
A18: II. MATERIALES
A21: DESCRIPCIÓN | I21: UNIDAD | J21: CANTIDAD | K21: PRECIO UNIT. | M21: Vr. UNITARIO
A22: Planta ponsetia (flor de Navidad) | I22: und | J22: 1 | K22: 12000 | M22: =+K22*J22 -> 12000
A25: SUBTOTAL $ | M25: =SUM(M22:M24) -> 12000
A26: III. TRANSPORTES
A29: MATERIAL | H29: VOL. o PESO | I29: DISTANCIA/RENDIMIENTO | J29: M3 o Ton/Km | K29: TARIFA | M29: Vr. UNITARIO
A30: =+PRECIOS!C21 -> TRANSPORTE TIPO ACARREO | H30: 1 | I30: 0.05 | K30: =+PRECIOS!J21 -> 80000 | M30: =+K30*I30*H30 -> 4000
A32: SUBTOTAL $ | M32: =SUM(M30:M31) -> 4000
A33: IV. MANO DE OBRA
A36: TRABAJADOR | G36: CANT. | H36: JORNAL | I36: PRESTACIONES | J36: JORNAL TOTAL | K36: RENDIMIENTO | M36: Vr. UNITARIO
A37: =+PRECIOS!C30 -> OFICIAL ELECTRICISTA | G37: 1 | H37: =VLOOKUP(A37,'Salarios OBRA'!$B$7:$I$58,4,FALSE) -> 116667 | I37: =VLOOKUP(A37,'Salarios OBRA'!$B$7:$I$58,7,FALSE) -> 99976 | J37: =+I37+H37 -> 216643 | K37: 80 | M37: =J37/K37 -> 2708.0375
A38: =+PRECIOS!C31 -> AYUDANTE ELECTRICIDAD | G38: 1 | H38: =VLOOKUP(A38,'Salarios OBRA'!$B$7:$I$58,4,FALSE) -> 90000 | I38: =VLOOKUP(A38,'Salarios OBRA'!$B$7:$I$58,7,FALSE) -> 78643 | J38: =+I38+H38 -> 168643 | K38: 80 | M38: =J38/K38 -> 2108.0375
A39: =+PRECIOS!C27 -> AYUDANTE DE OBRA | G39: 1 | H39: =VLOOKUP(A39,'Salarios OBRA'!$B$7:$I$58,4,FALSE) -> 73333 | I39: =VLOOKUP(A39,'Salarios OBRA'!$B$7:$I$58,7,FALSE) -> 65309 | J39: =+I39+H39 -> 138642 | K39: 60 | M39: =J39/K39 -> 2310.7
A41: SUBTOTAL $ | M41: =SUM(M37:M40) -> 7126.775
A43: TOTAL COSTO | M43: =ROUND(M41+M32+M25+M17,0) -> 25265

Sheet 18.5
A2: ANALISIS DE PRECIOS UNITARIOS
A3: ENTIDAD | D3: =+PRESUPUESTO!B3 -> INSTITUTO DE CULTURA Y TURISMO SAN GIL
A4: PROYECTO: | D4: =+PRESUPUESTO!B4 -> ENSAMBLE, MONTAJE E INSTALACIÓN DE ALUMBRADO NAVIDEÑO (ORNAMENTAL Y DECORATIVO) EN LAS INSTALACIONES DEL PARQUE NATURAL EL GALLINERAL DEL MUNICIPIO DE SAN GIL, SANTANDER
A5: =+[1]AIU!$B$6 -> PROCESO
A6: LOCALIZACION: | D6: =[2]INFORMACION!$A$6 -> SAN GIL, SANTANDER | H6: FECHA: | I6: 46296
A8: ITEM | B8: DESCRIPCIÓN | K8: UNIDAD | M8: CANTIDAD
A9: 18.5 | B9: =+VLOOKUP(A9,PRESUPUESTO!$A$6:$F$93,2,FALSE) -> Suministro e instalacion de lampara de indirecta para jardin luz calida de 5 w | K9: =+VLOOKUP(A9,PRESUPUESTO!$A$6:$F$93,3,FALSE) -> UND | M9: =+VLOOKUP(A9,PRESUPUESTO!$A$6:$F$93,4,FALSE) -> 3
A10: I. EQUIPO
A13: DESCRIPCIÓN | F13: MARCA | H13: TIPO | J13: TARIFA/HORA | K13: RENDIMIENTO | M13: Vr. UNITARIO
A14: HERRAMIENTA MENOR | J14: =M41 -> 46992.7 | K14: 0.6 | M14: =J14*K14 -> 28195.62
A17: SUBTOTAL $ | M17: =SUM(M14:M16) -> 28195.62
A18: II. MATERIALES
A21: DESCRIPCIÓN | I21: UNIDAD | J21: CANTIDAD | K21: PRECIO UNIT. | M21: Vr. UNITARIO
A22: Lámpara LED para jardín, luz cálida, 5 W | I22: und | J22: 1 | K22: 25000 | M22: =+K22*J22 -> 25000
A25: SUBTOTAL $ | M25: =SUM(M22:M24) -> 25000
A26: III. TRANSPORTES
A29: MATERIAL | H29: VOL. o PESO | I29: DISTANCIA/RENDIMIENTO | J29: M3 o Ton/Km | K29: TARIFA | M29: Vr. UNITARIO
A30: =+PRECIOS!C21 -> TRANSPORTE TIPO ACARREO | H30: 1 | I30: 0.05 | K30: =+PRECIOS!J21 -> 80000 | M30: =+K30*I30*H30 -> 4000
A32: SUBTOTAL $ | M32: =SUM(M30:M31) -> 4000
A33: IV. MANO DE OBRA
A36: TRABAJADOR | G36: CANT. | H36: JORNAL | I36: PRESTACIONES | J36: JORNAL TOTAL | K36: RENDIMIENTO | M36: Vr. UNITARIO
A37: =+PRECIOS!C30 -> OFICIAL ELECTRICISTA | G37: 1 | H37: =VLOOKUP(A37,'Salarios OBRA'!$B$7:$I$58,4,FALSE) -> 116667 | I37: =VLOOKUP(A37,'Salarios OBRA'!$B$7:$I$58,7,FALSE) -> 99976 | J37: =+I37+H37 -> 216643 | K37: 20 | M37: =J37/K37 -> 10832.15
A38: =+PRECIOS!C31 -> AYUDANTE ELECTRICIDAD | G38: 1 | H38: =VLOOKUP(A38,'Salarios OBRA'!$B$7:$I$58,4,FALSE) -> 90000 | I38: =VLOOKUP(A38,'Salarios OBRA'!$B$7:$I$58,7,FALSE) -> 78643 | J38: =+I38+H38 -> 168643 | K38: 20 | M38: =J38/K38 -> 8432.15
A39: =+PRECIOS!C27 -> AYUDANTE DE OBRA | G39: 1 | H39: =VLOOKUP(A39,'Salarios OBRA'!$B$7:$I$58,4,FALSE) -> 73333 | I39: =VLOOKUP(A39,'Salarios OBRA'!$B$7:$I$58,7,FALSE) -> 65309 | J39: =+I39+H39 -> 138642 | K39: 5 | M39: =J39/K39 -> 27728.4
A41: SUBTOTAL $ | M41: =SUM(M37:M40) -> 46992.7
A43: TOTAL COSTO | M43: =ROUND(M41+M32+M25+M17,0) -> 104188

Sheet 19.2
A2: ANALISIS DE PRECIOS UNITARIOS
A3: ENTIDAD | D3: =+PRESUPUESTO!B3 -> INSTITUTO DE CULTURA Y TURISMO SAN GIL
A4: PROYECTO: | D4: =+PRESUPUESTO!B4 -> ENSAMBLE, MONTAJE E INSTALACIÓN DE ALUMBRADO NAVIDEÑO (ORNAMENTAL Y DECORATIVO) EN LAS INSTALACIONES DEL PARQUE NATURAL EL GALLINERAL DEL MUNICIPIO DE SAN GIL, SANTANDER
A5: =+[1]AIU!$B$6 -> PROCESO
A6: LOCALIZACION: | D6: =[2]INFORMACION!$A$6 -> SAN GIL, SANTANDER | H6: FECHA: | I6: 46296
A8: ITEM | B8: DESCRIPCIÓN | K8: UNIDAD | M8: CANTIDAD
A9: 19.2 | B9: =+VLOOKUP(A9,PRESUPUESTO!$A$6:$F$93,2,FALSE) -> Suministro e instalacion de reflector de 10 vatios de luz calida | K9: =+VLOOKUP(A9,PRESUPUESTO!$A$6:$F$93,3,FALSE) -> UND | M9: =+VLOOKUP(A9,PRESUPUESTO!$A$6:$F$93,4,FALSE) -> 2
A10: I. EQUIPO
A13: DESCRIPCIÓN | F13: MARCA | H13: TIPO | J13: TARIFA/HORA | K13: RENDIMIENTO | M13: Vr. UNITARIO
A14: HERRAMIENTA MENOR | J14: =M41 -> 8154.4583 | K14: 0.6 | M14: =J14*K14 -> 4892.675
A17: SUBTOTAL $ | M17: =SUM(M14:M16) -> 4892.675
A18: II. MATERIALES
A21: DESCRIPCIÓN | I21: UNIDAD | J21: CANTIDAD | K21: PRECIO UNIT. | M21: Vr. UNITARIO
A22: Reflector LED de 10 W, luz cálida, para exterior | I22: und | J22: 1 | K22: 35000 | M22: =+K22*J22 -> 35000
A25: SUBTOTAL $ | M25: =SUM(M22:M24) -> 35000
A26: III. TRANSPORTES
A29: MATERIAL | H29: VOL. o PESO | I29: DISTANCIA/RENDIMIENTO | J29: M3 o Ton/Km | K29: TARIFA | M29: Vr. UNITARIO
A30: =+PRECIOS!C21 -> TRANSPORTE TIPO ACARREO | H30: 1 | I30: 0.05 | K30: =+PRECIOS!J21 -> 80000 | M30: =+K30*I30*H30 -> 4000
A32: SUBTOTAL $ | M32: =SUM(M30:M31) -> 4000
A33: IV. MANO DE OBRA
A36: TRABAJADOR | G36: CANT. | H36: JORNAL | I36: PRESTACIONES | J36: JORNAL TOTAL | K36: RENDIMIENTO | M36: Vr. UNITARIO
A37: =+PRECIOS!C30 -> OFICIAL ELECTRICISTA | G37: 1 | H37: =VLOOKUP(A37,'Salarios OBRA'!$B$7:$I$58,4,FALSE) -> 116667 | I37: =VLOOKUP(A37,'Salarios OBRA'!$B$7:$I$58,7,FALSE) -> 99976 | J37: =+I37+H37 -> 216643 | K37: 60 | M37: =J37/K37 -> 3610.7167
A38: =+PRECIOS!C31 -> AYUDANTE ELECTRICIDAD | G38: 1 | H38: =VLOOKUP(A38,'Salarios OBRA'!$B$7:$I$58,4,FALSE) -> 90000 | I38: =VLOOKUP(A38,'Salarios OBRA'!$B$7:$I$58,7,FALSE) -> 78643 | J38: =+I38+H38 -> 168643 | K38: 60 | M38: =J38/K38 -> 2810.7167
A39: =+PRECIOS!C27 -> AYUDANTE DE OBRA | G39: 1 | H39: =VLOOKUP(A39,'Salarios OBRA'!$B$7:$I$58,4,FALSE) -> 73333 | I39: =VLOOKUP(A39,'Salarios OBRA'!$B$7:$I$58,7,FALSE) -> 65309 | J39: =+I39+H39 -> 138642 | K39: 80 | M39: =J39/K39 -> 1733.025
A41: SUBTOTAL $ | M41: =SUM(M37:M40) -> 8154.4583
A43: TOTAL COSTO | M43: =ROUND(M41+M32+M25+M17,0) -> 52047

Sheet 19.3
A2: ANALISIS DE PRECIOS UNITARIOS
A3: ENTIDAD | D3: =+PRESUPUESTO!B3 -> INSTITUTO DE CULTURA Y TURISMO SAN GIL
A4: PROYECTO: | D4: =+PRESUPUESTO!B4 -> ENSAMBLE, MONTAJE E INSTALACIÓN DE ALUMBRADO NAVIDEÑO (ORNAMENTAL Y DECORATIVO) EN LAS INSTALACIONES DEL PARQUE NATURAL EL GALLINERAL DEL MUNICIPIO DE SAN GIL, SANTANDER
A5: =+[1]AIU!$B$6 -> PROCESO
A6: LOCALIZACION: | D6: =[2]INFORMACION!$A$6 -> SAN GIL, SANTANDER | H6: FECHA: | I6: 46296
A8: ITEM | B8: DESCRIPCIÓN | K8: UNIDAD | M8: CANTIDAD
A9: 19.3 | B9: =+VLOOKUP(A9,PRESUPUESTO!$A$6:$F$93,2,FALSE) -> Suministro e instalacion de cinta led calida en la viga superior Medida 2 mts | K9: =+VLOOKUP(A9,PRESUPUESTO!$A$6:$F$93,3,FALSE) -> UND | M9: =+VLOOKUP(A9,PRESUPUESTO!$A$6:$F$93,4,FALSE) -> 5
A10: I. EQUIPO
A13: DESCRIPCIÓN | F13: MARCA | H13: TIPO | J13: TARIFA/HORA | K13: RENDIMIENTO | M13: Vr. UNITARIO
A14: HERRAMIENTA MENOR | J14: =M41 -> 13353.533 | K14: 0.6 | M14: =J14*K14 -> 8012.12
A17: SUBTOTAL $ | M17: =SUM(M14:M16) -> 8012.12
A18: II. MATERIALES
A21: DESCRIPCIÓN | I21: UNIDAD | J21: CANTIDAD | K21: PRECIO UNIT. | M21: Vr. UNITARIO
A22: Cinta LED luz cálida para exterior | I22: und | J22: 1 | K22: 15000 | M22: =+K22*J22 -> 15000
A25: SUBTOTAL $ | M25: =SUM(M22:M24) -> 15000
A26: III. TRANSPORTES
A29: MATERIAL | H29: VOL. o PESO | I29: DISTANCIA/RENDIMIENTO | J29: M3 o Ton/Km | K29: TARIFA | M29: Vr. UNITARIO
A30: =+PRECIOS!C21 -> TRANSPORTE TIPO ACARREO | H30: 1 | I30: 0.05 | K30: =+PRECIOS!J21 -> 80000 | M30: =+K30*I30*H30 -> 4000
A32: SUBTOTAL $ | M32: =SUM(M30:M31) -> 4000
A33: IV. MANO DE OBRA
A36: TRABAJADOR | G36: CANT. | H36: JORNAL | I36: PRESTACIONES | J36: JORNAL TOTAL | K36: RENDIMIENTO | M36: Vr. UNITARIO
A37: =+PRECIOS!C30 -> OFICIAL ELECTRICISTA | G37: 1 | H37: =VLOOKUP(A37,'Salarios OBRA'!$B$7:$I$58,4,FALSE) -> 116667 | I37: =VLOOKUP(A37,'Salarios OBRA'!$B$7:$I$58,7,FALSE) -> 99976 | J37: =+I37+H37 -> 216643 | K37: 60 | M37: =J37/K37 -> 3610.7167
A38: =+PRECIOS!C31 -> AYUDANTE ELECTRICIDAD | G38: 1 | H38: =VLOOKUP(A38,'Salarios OBRA'!$B$7:$I$58,4,FALSE) -> 90000 | I38: =VLOOKUP(A38,'Salarios OBRA'!$B$7:$I$58,7,FALSE) -> 78643 | J38: =+I38+H38 -> 168643 | K38: 60 | M38: =J38/K38 -> 2810.7167
A39: =+PRECIOS!C27 -> AYUDANTE DE OBRA | G39: 1 | H39: =VLOOKUP(A39,'Salarios OBRA'!$B$7:$I$58,4,FALSE) -> 73333 | I39: =VLOOKUP(A39,'Salarios OBRA'!$B$7:$I$58,7,FALSE) -> 65309 | J39: =+I39+H39 -> 138642 | K39: 20 | M39: =J39/K39 -> 6932.1
A41: SUBTOTAL $ | M41: =SUM(M37:M40) -> 13353.533
A43: TOTAL COSTO | M43: =ROUND(M41+M32+M25+M17,0) -> 40366

Sheet 20.2
A2: ANALISIS DE PRECIOS UNITARIOS
A3: ENTIDAD | D3: =+PRESUPUESTO!B3 -> INSTITUTO DE CULTURA Y TURISMO SAN GIL
A4: PROYECTO: | D4: =+PRESUPUESTO!B4 -> ENSAMBLE, MONTAJE E INSTALACIÓN DE ALUMBRADO NAVIDEÑO (ORNAMENTAL Y DECORATIVO) EN LAS INSTALACIONES DEL PARQUE NATURAL EL GALLINERAL DEL MUNICIPIO DE SAN GIL, SANTANDER
A5: =+[1]AIU!$B$6 -> PROCESO
A6: LOCALIZACION: | D6: =[2]INFORMACION!$A$6 -> SAN GIL, SANTANDER | H6: FECHA: | I6: 46296
A8: ITEM | B8: DESCRIPCIÓN | K8: UNIDAD | M8: CANTIDAD
A9: 20.2 | B9: =+VLOOKUP(A9,PRESUPUESTO!$A$6:$F$93,2,FALSE) -> cable DRO | K9: =+VLOOKUP(A9,PRESUPUESTO!$A$6:$F$93,3,FALSE) -> UND | M9: =+VLOOKUP(A9,PRESUPUESTO!$A$6:$F$93,4,FALSE) -> 8
A10: I. EQUIPO
A13: DESCRIPCIÓN | F13: MARCA | H13: TIPO | J13: TARIFA/HORA | K13: RENDIMIENTO | M13: Vr. UNITARIO
A14: HERRAMIENTA MENOR | M14: =J14*K14 -> 0
A17: SUBTOTAL $ | M17: =SUM(M14:M16) -> 0
A18: II. MATERIALES
A21: DESCRIPCIÓN | I21: UNIDAD | J21: CANTIDAD | K21: PRECIO UNIT. | M21: Vr. UNITARIO
A22: Cable DRO para alumbrado navideño | I22: Rollo | J22: 8 | K22: 30000 | M22: =+K22*J22 -> 240000
A25: SUBTOTAL $ | M25: =SUM(M22:M24) -> 240000
A26: III. TRANSPORTES
A29: MATERIAL | H29: VOL. o PESO | I29: DISTANCIA/RENDIMIENTO | J29: M3 o Ton/Km | K29: TARIFA | M29: Vr. UNITARIO
A30: =+PRECIOS!C21 -> TRANSPORTE TIPO ACARREO | H30: 1 | I30: 0.05 | K30: =+PRECIOS!J21 -> 80000 | M30: =+K30*I30*H30 -> 4000
A32: SUBTOTAL $ | M32: =SUM(M30:M31) -> 4000
A33: IV. MANO DE OBRA
A36: TRABAJADOR | G36: CANT. | H36: JORNAL | I36: PRESTACIONES | J36: JORNAL TOTAL | K36: RENDIMIENTO | M36: Vr. UNITARIO
A37: =+PRECIOS!C30 -> OFICIAL ELECTRICISTA
A38: =+PRECIOS!C31 -> AYUDANTE ELECTRICIDAD
A39: =+PRECIOS!C27 -> AYUDANTE DE OBRA
A41: SUBTOTAL $
A43: TOTAL COSTO | M43: =ROUND(M41+M32+M25+M17,0) -> 244000

Sheet PRECIOS
B2: LISTADO DE INSUMOS
B3: ENTIDAD | D3: =+PRESUPUESTO!B3 -> INSTITUTO DE CULTURA Y TURISMO SAN GIL
B4: PROYECTO: | D4: =+PRESUPUESTO!B4 -> ENSAMBLE, MONTAJE E INSTALACIÓN DE ALUMBRADO NAVIDEÑO (ORNAMENTAL Y DECORATIVO) EN LAS INSTALACIONES DEL PARQUE NATURAL EL GALLINERAL DEL MUNICIPIO DE SAN GIL, SANTANDER
B5: PROCESO
B6: LOCALIZACION: | D6: SAN GIL, SANTANDER | H6: FECHA: | I6: NOVIEMBRE DE 2025
B8: MAQUINARIA /EQUIPOS
B9: No | C9: DESCRIPCION | G9: UND | H9: VR. UNIT | I9: CANT | J9: VR TOTAL
B10: 1 | C10: HERRAMIENTA MENOR 5% MANO DE OBRA | G10: %
B11: 3 | C11: ANDAMIO + TABLÓN | G11: DIA | H11: 2500 | I11: 1 | J11: =H11*I11 -> 2500
B12: 4 | C12: PISTOLA CON COMPRESOR | G12: HORA | H12: 8000 | I12: 1 | J12: =H12*I12 -> 8000
B13: 5 | C13: EQUIPO DE TRABAJO EN ALTURA | G13: DIA | H13: 51000 | I13: 1 | J13: =H13*I13 -> 51000
B14: 6 | C14: TALADRO (electrico) | G14: DIA | H14: 50000 | I14: 1 | J14: =H14*I14 -> 50000
B15: 7 | C15: PULIDORA (ELECTRICA) | G15: DIA | H15: 50000 | I15: 1 | J15: =H15*I15 -> 50000
B16: 8 | C16: ESCALERA TELESCOPICA AISLADA | G16: DIA | H16: 45000 | I16: 1 | J16: =H16*I16 -> 45000
B19: TRANSPORTE
B20: No | C20: DESCRIPCION | G20: UND | H20: VR. UNIT | I20: CANT | J20: VR TOTAL
B21: 1 | C21: TRANSPORTE TIPO ACARREO | G21: VIAJE | H21: 80000 | I21: 1 | J21: =H21*I21 -> 80000
B22: 2 | C22: TRANSPORTE DE MATERIALES | G22: kG/Km | H22: 8 | I22: 1 | J22: =H22*I22 -> 8
B24: MANO DE OBRA
B25: No | C25: DESCRIPCION | G25: UND | H25: VR. UNIT | I25: CANT | J25: VR TOTAL
B26: 1 | C26: ='[1]Salarios OBRA'!B31 -> OFICIAL DE OBRA | G26: JORNAL+PS | H26: =+'Salarios OBRA'!I29 -> 180643 | I26: 1 | J26: =H26*I26 -> 180643
B27: 2 | C27: ='[1]Salarios OBRA'!B32 -> AYUDANTE DE OBRA | G27: JORNAL+PS | H27: =+'Salarios OBRA'!I30 -> 138642 | I27: 1 | J27: =H27*I27 -> 138642
B28: 3 | C28: ='[1]Salarios OBRA'!B35 -> Oficial PINTURA | G28: JORNAL+PS | H28: =+'Salarios OBRA'!I33 -> 198643 | I28: 1 | J28: =H28*I28 -> 198643
B29: 4 | C29: ='[1]Salarios OBRA'!B36 -> Ayudante PINTURA | G29: JORNAL+PS | H29: =+'Salarios OBRA'!I34 -> 150643 | I29: 1 | J29: =H29*I29 -> 150643
B30: 5 | C30: =+'Salarios OBRA'!B37 -> OFICIAL ELECTRICISTA | G30: JORNAL+PS | H30: =+'Salarios OBRA'!I37 -> 216643 | I30: 1 | J30: =H30*I30 -> 216643
B31: 6 | C31: =+'Salarios OBRA'!B38 -> AYUDANTE ELECTRICIDAD | G31: JORNAL+PS | H31: =+'Salarios OBRA'!I38 -> 168643 | I31: 1 | J31: =H31*I31 -> 168643
B33: MATERIALES
B34: No | C34: DESCRIPCION | G34: UND | H34: VR. UNIT | I34: CANT | J34: VR TOTAL
B35: 1 | C35: Luz led Navideña de colores | G35: ml | H35: 4500 | I35: 1 | J35: =H35*I35 -> 4500
B36: INSTALACIONES ELECTRICAS
B37: 1 | C37: ALAMBRE ENCAUCHETADO DE COBRE No 12 | G37: ML | H37: 10200 | I37: 1 | J37: =H37*I37 -> 10200
B38: 2 | C38: CINTA AISLANTE | G38: ML | H38: 400 | I38: 1 | J38: =H38*I38 -> 400
B39: 3 | C39: CABLE DUPLEX 2X16 ROLLO DE 100 MTS | G39: ROLLO | H39: 270000 | I39: 1 | J39: =H39*I39 -> 270000
B40: 4 | C40: GRAPA PARA CABLE BOLSA DE 50 UNDS | G40: BOLSA | H40: 10200 | I40: 1 | J40: =H40*I40 -> 10200
B41: 5 | C41: CAJA EN PVC | G41: UND | H41: 2900 | I41: 1 | J41: =H41*I41 -> 2900
B42: 6 | C42: ACCESORIOS ELECTRICOS PANEL LED 36W | G42: UND | H42: 29900 | I42: 1 | J42: =H42*I42 -> 29900

Sheet Hoja16
